Workbook
Name _______SE2: #REF!
Name ______REC3: #REF!
Name ______REC35: #REF!
Name ______REC4: #REF!
Name ______REP1: #REF!
Name ______REP15: #REF!
Name ______REP2: #REF!
Name ______SE2: #REF!
Name _____REC3: #REF!
Name _____REC35: #REF!
Name _____REC4: #REF!
Name _____REP1: #REF!
Name _____REP15: #REF!
Name _____REP2: #REF!
Name _____SE2: #REF!
Name ____REC3: #REF!
Name ____REC35: #REF!
Name ____REC4: #REF!
Name ____REP1: #REF!
Name ____REP15: #REF!
Name ____REP2: #REF!
Name ____SE2: #REF!
Name ___REC3: #REF!
Name ___REC35: #REF!
Name ___REC4: #REF!
Name ___REP1: #REF!
Name ___REP15: #REF!
Name ___REP2: #REF!
Name ___SE2: #REF!
Name __REC3: #REF!
Name __REC35: #REF!
Name __REC4: #REF!
Name __REP1: #REF!
Name __REP15: #REF!
Name __REP2: #REF!
Name __SE2: #REF!
Name _REC3: #REF!
Name _REC35: #REF!
Name _REC4: #REF!
Name _REP1: #REF!
Name _REP15: #REF!
Name _REP2: #REF!
Name _SE2: #REF!
Name a: #REF!
Name AC: #REF!
Name ADASDASD: #REF!
Name APOIO: #REF!
Name arquivo: #REF!
Name asfa: #REF!
Name ASFASDF: #REF!
Name aux: #REF!
Name BE: #REF!
Name BI: #REF!
Name BL: #REF!
Name CER: #REF!
Name CI: #REF!
Name CL: #REF!
Name çl: #REF!
Name CR: #REF!
Name dasd: #REF!

Sheet PLANILHA_ORC
I2: Revitalização do Córrego Corumbiara, Pq. Miami, Município de Santo André/SP - APRM-B | M2: data: | P2: 45658
M3: BDI | P3: =BDI!B13 -> 0.2411
A4: ORDEM_FEHIDRO | B4: REFERÊNCIA | C4: CÓDIGO | G4: ITEM | H4: TIPO | I4: DESCRIÇÃO | J4: UNIDADE | K4: CUSTO UNIT | L4: PREÇO UNIT | M4: QUANTIDADE | N4: PREÇO FEHIDRO | O4: PREÇO CONTRAPARTIDA | P4: PREÇO TOTAL
G5: 0.0 | I5: TOTAL | N5: =SUBTOTAL(9,N6:N99) -> 2297836.6 | O5: =SUBTOTAL(9,O6:O99) -> 289380.55 | P5: =SUBTOTAL(9,P6:P99) -> 2587217.1
D6: 1 | G6: 1.0 | I6: PROJETO EXECUTIVO | N6: =SUBTOTAL(9,N7:N31) -> 73855.31 | O6: =SUBTOTAL(9,O7:O31) -> 0 | P6: =SUBTOTAL(9,P7:P31) -> 73855.31
A7: 1 | D7: 1 | E7: 1 | G7: 1.1 | H7: PLANO DE TRABALHO | I7: PLANO DE TRABALHO | N7: =SUBTOTAL(9,N8:N9) -> 7670.28 | O7: =SUBTOTAL(9,O8:O9) -> 0 | P7: =SUBTOTAL(9,P8:P9) -> 7670.28
A8: 1.1 | B8: SIURB | C8: 1115 | D8: 1 | E8: 1 | F8: 1 | G8: 1.1.1 | H8: PLANO DE TRABALHO | I8: =VLOOKUP(C8,'Mobra Mensalista Sem Des Jul24'!$A:$D,2,0) -> ENGENHEIRO CIVIL/ ARQUITETO COORDENADOR SETORIAL - 20 ANOS EXPERIÊNCIA (SGSP) | J8: H | K8: =VLOOKUP(C8,'Mobra Mensalista Sem Des Jul24'!$A:$D,4,0) -> 472.73 | L8: =ROUND(K8*(1+$P$3),2) -> 586.71 | M8: =VLOOKUP(G8,MEMO!$B:$N,13,0) -> 4 | N8: =P8 -> 2346.84 | P8: =ROUND(M8*L8,2) -> 2346.84
A9: 1.2 | B9: SIURB | C9: 1125 | D9: 1 | E9: 1 | F9: 2 | G9: 1.1.2 | H9: PLANO DE TRABALHO | I9: =VLOOKUP(C9,'Mobra Mensalista Sem Des Jul24'!$A:$D,2,0) -> ENGENHEIRO/ ARQUITETO PLENO - DE 5 A 15 ANOS DE EXPERIÊNCIA (SGSP) | J9: H | K9: =VLOOKUP(C9,'Mobra Mensalista Sem Des Jul24'!$A:$D,4,0) -> 178.72 | L9: =ROUND(K9*(1+$P$3),2) -> 221.81 | M9: =VLOOKUP(G9,MEMO!$B:$N,13,0) -> 24 | N9: =P9 -> 5323.44 | P9: =ROUND(M9*L9,2) -> 5323.44
A10: 2 | D10: 1 | E10: 2 | G10: 1.2 | H10: LEVANTAMENTO TOPOGRÁFICO E DE INTERFERÊNCIAS | I10: LEVANTAMENTO TOPOGRÁFICO E DE INTERFERÊNCIAS | N10: =SUBTOTAL(9,N11:N15) -> 15666.23 | O10: =SUBTOTAL(9,O11:O15) -> 0 | P10: =SUBTOTAL(9,P11:P15) -> 15666.23
A11: 2.1 | B11: SIURB | C11: 1115 | D11: 1 | E11: 2 | F11: 1 | G11: 1.2.1 | H11: LEVANTAMENTO TOPOGRÁFICO E DE INTERFERÊNCIAS | I11: =VLOOKUP(C11,'Mobra Mensalista Sem Des Jul24'!$A:$D,2,0) -> ENGENHEIRO CIVIL/ ARQUITETO COORDENADOR SETORIAL - 20 ANOS EXPERIÊNCIA (SGSP) | J11: H | K11: =VLOOKUP(C11,'Mobra Mensalista Sem Des Jul24'!$A:$D,4,0) -> 472.73 | L11: =ROUND(K11*(1+$P$3),2) -> 586.71 | M11: =VLOOKUP(G11,MEMO!$B:$N,13,0) -> 4 | N11: =P11 -> 2346.84 | P11: =ROUND(M11*L11,2) -> 2346.84
A12: 2.2 | B12: SIURB | C12: 1125 | D12: 1 | E12: 2 | F12: 2 | G12: 1.2.2 | H12: LEVANTAMENTO TOPOGRÁFICO E DE INTERFERÊNCIAS | I12: =VLOOKUP(C12,'Mobra Mensalista Sem Des Jul24'!$A:$D,2,0) -> ENGENHEIRO/ ARQUITETO PLENO - DE 5 A 15 ANOS DE EXPERIÊNCIA (SGSP) | J12: H | K12: =VLOOKUP(C12,'Mobra Mensalista Sem Des Jul24'!$A:$D,4,0) -> 178.72 | L12: =ROUND(K12*(1+$P$3),2) -> 221.81 | M12: =VLOOKUP(G12,MEMO!$B:$N,13,0) -> 16 | N12: =P12 -> 3548.96 | P12: =ROUND(M12*L12,2) -> 3548.96
A13: 2.3 | B13: SIURB | C13: 1181 | D13: 1 | E13: 2 | F13: 3 | G13: 1.2.3 | H13: LEVANTAMENTO TOPOGRÁFICO E DE INTERFERÊNCIAS | I13: =VLOOKUP(C13,'Mobra Mensalista Sem Des Jul24'!$A:$D,2,0) -> TOPÓGRAFO (SGSP) | J13: H | K13: =VLOOKUP(C13,'Mobra Mensalista Sem Des Jul24'!$A:$D,4,0) -> 66.13 | L13: =ROUND(K13*(1+$P$3),2) -> 82.07 | M13: =VLOOKUP(G13,MEMO!$B:$N,13,0) -> 24 | N13: =P13 -> 1969.68 | P13: =ROUND(M13*L13,2) -> 1969.68
A14: 2.4 | B14: SIURB_INFRA | C14: 1010000 | D14: 1 | E14: 2 | F14: 4 | G14: 1.2.4 | H14: LEVANTAMENTO TOPOGRÁFICO E DE INTERFERÊNCIAS | I14: =IF(B14="SINAPI",VLOOKUP(C14,SINAPI!$G$5:$K$10218,2,0),IF(B14="SICRO",VLOOKUP(C14,SICRO!$A:$D,2,0),IF(B14="SIURB_EDIF",VLOOKUP(C14,SIURB_EDIF_SemDes_Julho24!$A:$D,2,0),IF(B14="CDHU",VLOOKUP(C14,CDHU!$A:$F,2,0),IF(B14="SIURB_INFRA",VLOOKUP(C14,'SIURB_INFRA SemDes Jul24'!$A:$D,2,0),""))))) -> LEVANTAMENTO PLANIALTIMÉTRICO CADASTRAL | J14: =IF(B14="SINAPI",VLOOKUP(C14,SINAPI!$G$5:$K$10218,3,0),IF(B14="SICRO",VLOOKUP(C14,SICRO!$A:$D,3,0),IF(B14="SIURB_EDIF",VLOOKUP(C14,SIURB_EDIF_SemDes_Julho24!$A:$D,3,0),IF(B14="CDHU",VLOOKUP(C14,CDHU!$A:$F,3,0),IF(B14="SIURB_INFRA",VLOOKUP(C14,'SIURB_INFRA SemDes Jul24'!$A:$D,3,0),""))))) -> M2 | K14: =IF(B14="SINAPI",VLOOKUP(C14,SINAPI!$G$5:$K$10218,5,0),IF(B14="SICRO",VLOOKUP(C14,SICRO!$A:$D,4,0),IF(B14="SIURB_EDIF",VLOOKUP(C14,SIURB_EDIF_SemDes_Julho24!$A:$D,4,0),IF(B14="CDHU",VLOOKUP(C14,CDHU!$A:$F,6,0),IF(B14="SIURB_INFRA",VLOOKUP(C14,'SIURB_INFRA SemDes Jul24'!$A:$D,4,0),""))))) -> 0.8 | L14: =ROUND(K14*(1+$P$3),2) -> 0.99 | M14: =VLOOKUP(G14,MEMO!$B:$N,13,0) -> 2600 | N14: =P14 -> 2574 | P14: =ROUND(M14*L14,2) -> 2574
A15: 2.5 | B15: SIURB_INFRA | C15: 2001001 | D15: 1 | E15: 2 | F15: 5 | G15: 1.2.5 | H15: LEVANTAMENTO TOPOGRÁFICO E DE INTERFERÊNCIAS | I15: =IF(B15="SINAPI",VLOOKUP(C15,SINAPI!$G$5:$K$10218,2,0),IF(B15="SICRO",VLOOKUP(C15,SICRO!$A:$D,2,0),IF(B15="SIURB_EDIF",VLOOKUP(C15,SIURB_EDIF_SemDes_Julho24!$A:$D,2,0),IF(B15="CDHU",VLOOKUP(C15,CDHU!$A:$F,2,0),IF(B15="SIURB_INFRA",VLOOKUP(C15,'SIURB_INFRA SemDes Jul24'!$A:$D,2,0),""))))) -> SONDAGEM A TRADO MANUAL | J15: =IF(B15="SINAPI",VLOOKUP(C15,SINAPI!$G$5:$K$10218,3,0),IF(B15="SICRO",VLOOKUP(C15,SICRO!$A:$D,3,0),IF(B15="SIURB_EDIF",VLOOKUP(C15,SIURB_EDIF_SemDes_Julho24!$A:$D,3,0),IF(B15="CDHU",VLOOKUP(C15,CDHU!$A:$F,3,0),IF(B15="SIURB_INFRA",VLOOKUP(C15,'SIURB_INFRA SemDes Jul24'!$A:$D,3,0),""))))) -> M | K15: =IF(B15="SINAPI",VLOOKUP(C15,SINAPI!$G$5:$K$10218,5,0),IF(B15="SICRO",VLOOKUP(C15,SICRO!$A:$D,4,0),IF(B15="SIURB_EDIF",VLOOKUP(C15,SIURB_EDIF_SemDes_Julho24!$A:$D,4,0),IF(B15="CDHU",VLOOKUP(C15,CDHU!$A:$F,6,0),IF(B15="SIURB_INFRA",VLOOKUP(C15,'SIURB_INFRA SemDes Jul24'!$A:$D,4,0),""))))) -> 93.59 | L15: =ROUND(K15*(1+$P$3),2) -> 116.15 | M15: =VLOOKUP(G15,MEMO!$B:$N,13,0) -> 45 | N15: =P15 -> 5226.75 | P15: =ROUND(M15*L15,2) -> 5226.75
A16: 3 | D16: 1 | E16: 3 | G16: 1.3 | H16: PROJETO HIDRÁULICO E HIDROLÓGICO | I16: PROJETO HIDRÁULICO E HIDROLÓGICO | N16: =SUBTOTAL(9,N17:N19) -> 16730.48 | O16: =SUBTOTAL(9,O17:O19) -> 0 | P16: =SUBTOTAL(9,P17:P19) -> 16730.48
A17: 3.1 | B17: SIURB | C17: 1115 | D17: 1 | E17: 3 | F17: 1 | G17: 1.3.1 | H17: PROJETO HIDRÁULICO E HIDROLÓGICO | I17: =VLOOKUP(C17,'Mobra Mensalista Sem Des Jul24'!$A:$D,2,0) -> ENGENHEIRO CIVIL/ ARQUITETO COORDENADOR SETORIAL - 20 ANOS EXPERIÊNCIA (SGSP) | J17: H | K17: =VLOOKUP(C17,'Mobra Mensalista Sem Des Jul24'!$A:$D,4,0) -> 472.73 | L17: =ROUND(K17*(1+$P$3),2) -> 586.71 | M17: =VLOOKUP(G17,MEMO!$B:$N,13,0) -> 8 | N17: =P17 -> 4693.68 | P17: =ROUND(M17*L17,2) -> 4693.68
A18: 3.2 | B18: SIURB | C18: 1125 | D18: 1 | E18: 3 | F18: 2 | G18: 1.3.2 | H18: PROJETO HIDRÁULICO E HIDROLÓGICO | I18: =VLOOKUP(C18,'Mobra Mensalista Sem Des Jul24'!$A:$D,2,0) -> ENGENHEIRO/ ARQUITETO PLENO - DE 5 A 15 ANOS DE EXPERIÊNCIA (SGSP) | J18: H | K18: =VLOOKUP(C18,'Mobra Mensalista Sem Des Jul24'!$A:$D,4,0) -> 178.72 | L18: =ROUND(K18*(1+$P$3),2) -> 221.81 | M18: =VLOOKUP(G18,MEMO!$B:$N,13,0) -> 40 | N18: =P18 -> 8872.4 | P18: =ROUND(M18*L18,2) -> 8872.4
A19: 3.3 | B19: SIURB | C19: 1164 | D19: 1 | E19: 3 | F19: 3 | G19: 1.3.3 | H19: PROJETO HIDRÁULICO E HIDROLÓGICO | I19: =VLOOKUP(C19,'Mobra Mensalista Sem Des Jul24'!$A:$D,2,0) -> DESENHISTA PROJETISTA (SGSP) | J19: H | K19: =VLOOKUP(C19,'Mobra Mensalista Sem Des Jul24'!$A:$D,4,0) -> 63.74 | L19: =ROUND(K19*(1+$P$3),2) -> 79.11 | M19: =VLOOKUP(G19,MEMO!$B:$N,13,0) -> 40 | N19: =P19 -> 3164.4 | P19: =ROUND(M19*L19,2) -> 3164.4
A20: 4 | D20: 1 | E20: 4 | G20: 1.4 | H20: PROJETO ESTRUTURAL | I20: PROJETO ESTRUTURAL | N20: =SUBTOTAL(9,N21:N23) -> 16730.48 | O20: =SUBTOTAL(9,O21:O23) -> 0 | P20: =SUBTOTAL(9,P21:P23) -> 16730.48
A21: 4.1 | B21: SIURB | C21: 1115 | D21: 1 | E21: 4 | F21: 1 | G21: 1.4.1 | H21: PROJETO ESTRUTURAL | I21: =VLOOKUP(C21,'Mobra Mensalista Sem Des Jul24'!$A:$D,2,0) -> ENGENHEIRO CIVIL/ ARQUITETO COORDENADOR SETORIAL - 20 ANOS EXPERIÊNCIA (SGSP) | J21: H | K21: =VLOOKUP(C21,'Mobra Mensalista Sem Des Jul24'!$A:$D,4,0) -> 472.73 | L21: =ROUND(K21*(1+$P$3),2) -> 586.71 | M21: =VLOOKUP(G21,MEMO!$B:$N,13,0) -> 8 | N21: =P21 -> 4693.68 | P21: =ROUND(M21*L21,2) -> 4693.68
A22: 4.2 | B22: SIURB | C22: 1125 | D22: 1 | E22: 4 | F22: 2 | G22: 1.4.2 | H22: PROJETO ESTRUTURAL | I22: =VLOOKUP(C22,'Mobra Mensalista Sem Des Jul24'!$A:$D,2,0) -> ENGENHEIRO/ ARQUITETO PLENO - DE 5 A 15 ANOS DE EXPERIÊNCIA (SGSP) | J22: H | K22: =VLOOKUP(C22,'Mobra Mensalista Sem Des Jul24'!$A:$D,4,0) -> 178.72 | L22: =ROUND(K22*(1+$P$3),2) -> 221.81 | M22: =VLOOKUP(G22,MEMO!$B:$N,13,0) -> 40 | N22: =P22 -> 8872.4 | P22: =ROUND(M22*L22,2) -> 8872.4
A23: 4.3 | B23: SIURB | C23: 1164 | D23: 1 | E23: 4 | F23: 3 | G23: 1.4.3 | H23: PROJETO ESTRUTURAL | I23: =VLOOKUP(C23,'Mobra Mensalista Sem Des Jul24'!$A:$D,2,0) -> DESENHISTA PROJETISTA (SGSP) | J23: H | K23: =VLOOKUP(C23,'Mobra Mensalista Sem Des Jul24'!$A:$D,4,0) -> 63.74 | L23: =ROUND(K23*(1+$P$3),2) -> 79.11 | M23: =VLOOKUP(G23,MEMO!$B:$N,13,0) -> 40 | N23: =P23 -> 3164.4 | P23: =ROUND(M23*L23,2) -> 3164.4
A24: 5 | D24: 1 | E24: 5 | G24: 1.5 | H24: PLANILHA ORÇAMENTÁRIA | I24: PLANILHA ORÇAMENTÁRIA | N24: =SUBTOTAL(9,N25:N27) -> 8528.92 | O24: =SUBTOTAL(9,O25:O27) -> 0 | P24: =SUBTOTAL(9,P25:P27) -> 8528.92
A25: 5.1 | B25: SIURB | C25: 1115 | D25: 1 | E25: 5 | F25: 1 | G25: 1.5.1 | H25: PLANILHA ORÇAMENTÁRIA | I25: =VLOOKUP(C25,'Mobra Mensalista Sem Des Jul24'!$A:$D,2,0) -> ENGENHEIRO CIVIL/ ARQUITETO COORDENADOR SETORIAL - 20 ANOS EXPERIÊNCIA (SGSP) | J25: H | K25: =VLOOKUP(C25,'Mobra Mensalista Sem Des Jul24'!$A:$D,4,0) -> 472.73 | L25: =ROUND(K25*(1+$P$3),2) -> 586.71 | M25: =VLOOKUP(G25,MEMO!$B:$N,13,0) -> 4 | N25: =P25 -> 2346.84 | P25: =ROUND(M25*L25,2) -> 2346.84
A26: 5.2 | B26: SIURB | C26: 1125 | D26: 1 | E26: 5 | F26: 2 | G26: 1.5.2 | H26: PLANILHA ORÇAMENTÁRIA | I26: =VLOOKUP(C26,'Mobra Mensalista Sem Des Jul24'!$A:$D,2,0) -> ENGENHEIRO/ ARQUITETO PLENO - DE 5 A 15 ANOS DE EXPERIÊNCIA (SGSP) | J26: H | K26: =VLOOKUP(C26,'Mobra Mensalista Sem Des Jul24'!$A:$D,4,0) -> 178.72 | L26: =ROUND(K26*(1+$P$3),2) -> 221.81 | M26: =VLOOKUP(G26,MEMO!$B:$N,13,0) -> 16 | N26: =P26 -> 3548.96 | P26: =ROUND(M26*L26,2) -> 3548.96
A27: 5.3 | B27: SIURB | C27: 1128 | D27: 1 | E27: 5 | F27: 3 | G27: 1.5.3 | H27: PLANILHA ORÇAMENTÁRIA | I27: =VLOOKUP(C27,'Mobra Mensalista Sem Des Jul24'!$A:$D,2,0) -> ENGENHEIRO/ ARQUITETO JÚNIOR - ATÉ 5 ANOS DE EXPERIÊNCIA (SGSP) | J27: H | K27: =VLOOKUP(C27,'Mobra Mensalista Sem Des Jul24'!$A:$D,4,0) -> 132.6 | L27: =ROUND(K27*(1+$P$3),2) -> 164.57 | M27: =VLOOKUP(G27,MEMO!$B:$N,13,0) -> 16 | N27: =P27 -> 2633.12 | P27: =ROUND(M27*L27,2) -> 2633.12
A28: 6 | D28: 1 | E28: 6 | G28: 1.6 | H28: CRONOGRAMA | I28: CRONOGRAMA | N28: =SUBTOTAL(9,N29:N31) -> 8528.92 | O28: =SUBTOTAL(9,O29:O31) -> 0 | P28: =SUBTOTAL(9,P29:P31) -> 8528.92
A29: 6.1 | B29: SIURB | C29: 1115 | D29: 1 | E29: 6 | F29: 1 | G29: 1.6.1 | H29: CRONOGRAMA | I29: =VLOOKUP(C29,'Mobra Mensalista Sem Des Jul24'!$A:$D,2,0) -> ENGENHEIRO CIVIL/ ARQUITETO COORDENADOR SETORIAL - 20 ANOS EXPERIÊNCIA (SGSP) | J29: H | K29: =VLOOKUP(C29,'Mobra Mensalista Sem Des Jul24'!$A:$D,4,0) -> 472.73 | L29: =ROUND(K29*(1+$P$3),2) -> 586.71 | M29: =VLOOKUP(G29,MEMO!$B:$N,13,0) -> 4 | N29: =P29 -> 2346.84 | P29: =ROUND(M29*L29,2) -> 2346.84
A30: 6.2 | B30: SIURB | C30: 1125 | D30: 1 | E30: 6 | F30: 2 | G30: 1.6.2 | H30: CRONOGRAMA | I30: =VLOOKUP(C30,'Mobra Mensalista Sem Des Jul24'!$A:$D,2,0) -> ENGENHEIRO/ ARQUITETO PLENO - DE 5 A 15 ANOS DE EXPERIÊNCIA (SGSP) | J30: H | K30: =VLOOKUP(C30,'Mobra Mensalista Sem Des Jul24'!$A:$D,4,0) -> 178.72 | L30: =ROUND(K30*(1+$P$3),2) -> 221.81 | M30: =VLOOKUP(G30,MEMO!$B:$N,13,0) -> 16 | N30: =P30 -> 3548.96 | P30: =ROUND(M30*L30,2) -> 3548.96
A31: 6.3 | B31: SIURB | C31: 1128 | D31: 1 | E31: 6 | F31: 3 | G31: 1.6.3 | H31: CRONOGRAMA | I31: =VLOOKUP(C31,'Mobra Mensalista Sem Des Jul24'!$A:$D,2,0) -> ENGENHEIRO/ ARQUITETO JÚNIOR - ATÉ 5 ANOS DE EXPERIÊNCIA (SGSP) | J31: H | K31: =VLOOKUP(C31,'Mobra Mensalista Sem Des Jul24'!$A:$D,4,0) -> 132.6 | L31: =ROUND(K31*(1+$P$3),2) -> 164.57 | M31: =VLOOKUP(G31,MEMO!$B:$N,13,0) -> 16 | N31: =P31 -> 2633.12 | P31: =ROUND(M31*L31,2) -> 2633.12
D32: 2 | G32: 2.0 | I32: OBRAS DE REVITALIZAÇÃO DO CÓRREGO CORUMBIARA | N32: =SUBTOTAL(9,N33:N94) -> 2223981.3 | P32: =SUBTOTAL(9,P33:P94) -> 2505136.8
A33: 7 | D33: 2 | E33: 1 | G33: 2.1 | H33: ADMINISTRAÇÃO LOCAL | I33: ADMINISTRAÇÃO LOCAL | N33: =SUBTOTAL(9,N34:N36) -> 133002.64 | P33: =SUBTOTAL(9,P34:P36) -> 133002.64
A34: 7.1 | B34: SINAPI | C34: 90778 | D34: 2 | E34: 1 | F34: 1 | G34: 2.1.1 | H34: ADMINISTRAÇÃO LOCAL | I34: =IF(B34="SINAPI",VLOOKUP(C34,SINAPI!$G$5:$K$10218,2,0),IF(B34="SICRO",VLOOKUP(C34,SICRO!$A:$D,2,0),IF(B34="SIURB_EDIF",VLOOKUP(C34,SIURB_EDIF_SemDes_Julho24!$A:$D,2,0),IF(B34="CDHU",VLOOKUP(C34,CDHU!$A:$F,2,0),IF(B34="SIURB_INFRA",VLOOKUP(C34,'SIURB_INFRA SemDes Jul24'!$A:$D,2,0),""))))) -> ENGENHEIRO CIVIL DE OBRA PLENO COM ENCARGOS COMPLEMENTARES | J34: =IF(B34="SINAPI",VLOOKUP(C34,SINAPI!$G$5:$K$10218,3,0),IF(B34="SICRO",VLOOKUP(C34,SICRO!$A:$D,3,0),IF(B34="SIURB_EDIF",VLOOKUP(C34,SIURB_EDIF_SemDes_Julho24!$A:$D,3,0),IF(B34="CDHU",VLOOKUP(C34,CDHU!$A:$F,3,0),IF(B34="SIURB_INFRA",VLOOKUP(C34,'SIURB_INFRA SemDes Jul24'!$A:$D,3,0),""))))) -> H | K34: =IF(B34="SINAPI",VLOOKUP(C34,SINAPI!$G$5:$K$10218,5,0),IF(B34="SICRO",VLOOKUP(C34,SICRO!$A:$D,4,0),IF(B34="SIURB_EDIF",VLOOKUP(C34,SIURB_EDIF_SemDes_Julho24!$A:$D,4,0),IF(B34="CDHU",VLOOKUP(C34,CDHU!$A:$F,6,0),IF(B34="SIURB_INFRA",VLOOKUP(C34,'SIURB_INFRA SemDes Jul24'!$A:$D,4,0),""))))) -> 123.76 | L34: =ROUND(K34*(1+$P$3),2) -> 153.6 | M34: =SUMIF(MEMO!$B:$B,PLANILHA_ORC!C34,MEMO!$N:$N) -> 200 | N34: =P34 -> 30720 | P34: =ROUND(M34*L34,2) -> 30720
A35: 7.2 | B35: SINAPI | C35: 94295 | D35: 2 | E35: 1 | F35: 2 | G35: 2.1.2 | H35: ADMINISTRAÇÃO LOCAL | I35: =IF(B35="SINAPI",VLOOKUP(C35,SINAPI!$G$5:$K$10218,2,0),IF(B35="SICRO",VLOOKUP(C35,SICRO!$A:$D,2,0),IF(B35="SIURB_EDIF",VLOOKUP(C35,SIURB_EDIF_SemDes_Julho24!$A:$D,2,0),IF(B35="CDHU",VLOOKUP(C35,CDHU!$A:$F,2,0),IF(B35="SIURB_INFRA",VLOOKUP(C35,'SIURB_INFRA SemDes Jul24'!$A:$D,2,0),""))))) -> MESTRE DE OBRAS COM ENCARGOS COMPLEMENTARES | J35: =IF(B35="SINAPI",VLOOKUP(C35,SINAPI!$G$5:$K$10218,3,0),IF(B35="SICRO",VLOOKUP(C35,SICRO!$A:$D,3,0),IF(B35="SIURB_EDIF",VLOOKUP(C35,SIURB_EDIF_SemDes_Julho24!$A:$D,3,0),IF(B35="CDHU",VLOOKUP(C35,CDHU!$A:$F,3,0),IF(B35="SIURB_INFRA",VLOOKUP(C35,'SIURB_INFRA SemDes Jul24'!$A:$D,3,0),""))))) -> MES | K35: =IF(B35="SINAPI",VLOOKUP(C35,SINAPI!$G$5:$K$10218,5,0),IF(B35="SICRO",VLOOKUP(C35,SICRO!$A:$D,4,0),IF(B35="SIURB_EDIF",VLOOKUP(C35,SIURB_EDIF_SemDes_Julho24!$A:$D,4,0),IF(B35="CDHU",VLOOKUP(C35,CDHU!$A:$F,6,0),IF(B35="SIURB_INFRA",VLOOKUP(C35,'SIURB_INFRA SemDes Jul24'!$A:$D,4,0),""))))) -> 13697.09 | L35: =ROUND(K35*(1+$P$3),2) -> 16999.46 | M35: =SUMIF(MEMO!$B:$B,PLANILHA_ORC!C35,MEMO!$N:$N) -> 4 | N35: =P35 -> 67997.84 | P35: =ROUND(M35*L35,2) -> 67997.84
A36: 7.3 | B36: SINAPI | C36: 100289 | D36: 2 | E36: 1 | F36: 3 | G36: 2.1.3 | H36: ADMINISTRAÇÃO LOCAL | I36: =IF(B36="SINAPI",VLOOKUP(C36,SINAPI!$G$5:$K$10218,2,0),IF(B36="SICRO",VLOOKUP(C36,SICRO!$A:$D,2,0),IF(B36="SIURB_EDIF",VLOOKUP(C36,SIURB_EDIF_SemDes_Julho24!$A:$D,2,0),IF(B36="CDHU",VLOOKUP(C36,CDHU!$A:$F,2,0),IF(B36="SIURB_INFRA",VLOOKUP(C36,'SIURB_INFRA SemDes Jul24'!$A:$D,2,0),""))))) -> VIGIA DIURNO COM ENCARGOS COMPLEMENTARES | J36: =IF(B36="SINAPI",VLOOKUP(C36,SINAPI!$G$5:$K$10218,3,0),IF(B36="SICRO",VLOOKUP(C36,SICRO!$A:$D,3,0),IF(B36="SIURB_EDIF",VLOOKUP(C36,SIURB_EDIF_SemDes_Julho24!$A:$D,3,0),IF(B36="CDHU",VLOOKUP(C36,CDHU!$A:$F,3,0),IF(B36="SIURB_INFRA",VLOOKUP(C36,'SIURB_INFRA SemDes Jul24'!$A:$D,3,0),""))))) -> H | K36: =IF(B36="SINAPI",VLOOKUP(C36,SINAPI!$G$5:$K$10218,5,0),IF(B36="SICRO",VLOOKUP(C36,SICRO!$A:$D,4,0),IF(B36="SIURB_EDIF",VLOOKUP(C36,SIURB_EDIF_SemDes_Julho24!$A:$D,4,0),IF(B36="CDHU",VLOOKUP(C36,CDHU!$A:$F,6,0),IF(B36="SIURB_INFRA",VLOOKUP(C36,'SIURB_INFRA SemDes Jul24'!$A:$D,4,0),""))))) -> 31.39 | L36: =ROUND(K36*(1+$P$3),2) -> 38.96 | M36: =SUMIF(MEMO!$B:$B,PLANILHA_ORC!C36,MEMO!$N:$N) -> 880 | N36: =P36 -> 34284.8 | P36: =ROUND(M36*L36,2) -> 34284.8
A37: 8 | D37: 2 | E37: 2 | G37: 2.2 | H37: CANTEIRO DE OBRAS | I37: CANTEIRO DE OBRAS | N37: =SUBTOTAL(9,N38:N41) -> 21726.72 | P37: =SUBTOTAL(9,P38:P41) -> 21726.72
A38: 8.1 | B38: SINAPI | C38: 103689 | D38: 2 | E38: 2 | F38: 1 | G38: 2.2.1 | H38: CANTEIRO DE OBRAS | I38: =IF(B38="SINAPI",VLOOKUP(C38,SINAPI!$G$5:$K$10218,2,0),IF(B38="SICRO",VLOOKUP(C38,SICRO!$A:$D,2,0),IF(B38="SIURB_EDIF",VLOOKUP(C38,SIURB_EDIF_SemDes_Julho24!$A:$D,2,0),IF(B38="CDHU",VLOOKUP(C38,CDHU!$A:$F,2,0),IF(B38="SIURB_INFRA",VLOOKUP(C38,'SIURB_INFRA SemDes Jul24'!$A:$D,2,0),""))))) -> FORNECIMENTO E INSTALAÇÃO DE PLACA DE OBRA COM CHAPA GALVANIZADA E ESTRUTURA DE MADEIRA. AF_03/2022_PS | J38: =IF(B38="SINAPI",VLOOKUP(C38,SINAPI!$G$5:$K$10218,3,0),IF(B38="SICRO",VLOOKUP(C38,SICRO!$A:$D,3,0),IF(B38="SIURB_EDIF",VLOOKUP(C38,SIURB_EDIF_SemDes_Julho24!$A:$D,3,0),IF(B38="CDHU",VLOOKUP(C38,CDHU!$A:$F,3,0),IF(B38="SIURB_INFRA",VLOOKUP(C38,'SIURB_INFRA SemDes Jul24'!$A:$D,3,0),""))))) -> M2 | K38: =IF(B38="SINAPI",VLOOKUP(C38,SINAPI!$G$5:$K$10218,5,0),IF(B38="SICRO",VLOOKUP(C38,SICRO!$A:$D,4,0),IF(B38="SIURB_EDIF",VLOOKUP(C38,SIURB_EDIF_SemDes_Julho24!$A:$D,4,0),IF(B38="CDHU",VLOOKUP(C38,CDHU!$A:$F,6,0),IF(B38="SIURB_INFRA",VLOOKUP(C38,'SIURB_INFRA SemDes Jul24'!$A:$D,4,0),""))))) -> 470.5 | L38: =ROUND(K38*(1+$P$3),2) -> 583.94 | M38: =SUMIF(MEMO!$B:$B,PLANILHA_ORC!C38,MEMO!$N:$N) -> 12 | N38: =P38 -> 7007.28 | P38: =ROUND(M38*L38,2) -> 7007.28
A39: 8.2 | B39: CDHU | C39: 02.02.150 | D39: 2 | E39: 2 | F39: 2 | G39: 2.2.2 | H39: CANTEIRO DE OBRAS | I39: =IF(B39="SINAPI",VLOOKUP(C39,SINAPI!$G$5:$K$10218,2,0),IF(B39="SICRO",VLOOKUP(C39,SICRO!$A:$D,2,0),IF(B39="SIURB_EDIF",VLOOKUP(C39,SIURB_EDIF_SemDes_Julho24!$A:$D,2,0),IF(B39="CDHU",VLOOKUP(C39,CDHU!$A:$F,2,0),IF(B39="SIURB_INFRA",VLOOKUP(C39,'SIURB_INFRA SemDes Jul24'!$A:$D,2,0),""))))) -> Locação de container tipo depósito - área mínima de 13,80 m² | J39: =IF(B39="SINAPI",VLOOKUP(C39,SINAPI!$G$5:$K$10218,3,0),IF(B39="SICRO",VLOOKUP(C39,SICRO!$A:$D,3,0),IF(B39="SIURB_EDIF",VLOOKUP(C39,SIURB_EDIF_SemDes_Julho24!$A:$D,3,0),IF(B39="CDHU",VLOOKUP(C39,CDHU!$A:$F,3,0),IF(B39="SIURB_INFRA",VLOOKUP(C39,'SIURB_INFRA SemDes Jul24'!$A:$D,3,0),""))))) -> UNMES | K39: =IF(B39="SINAPI",VLOOKUP(C39,SINAPI!$G$5:$K$10218,5,0),IF(B39="SICRO",VLOOKUP(C39,SICRO!$A:$D,4,0),IF(B39="SIURB_EDIF",VLOOKUP(C39,SIURB_EDIF_SemDes_Julho24!$A:$D,4,0),IF(B39="CDHU",VLOOKUP(C39,CDHU!$A:$F,6,0),IF(B39="SIURB_INFRA",VLOOKUP(C39,'SIURB_INFRA SemDes Jul24'!$A:$D,4,0),""))))) -> 907.29 | L39: =ROUND(K39*(1+$P$3),2) -> 1126.04 | M39: =SUMIF(MEMO!$B:$B,PLANILHA_ORC!C39,MEMO!$N:$N) -> 4 | N39: =P39 -> 4504.16 | P39: =ROUND(M39*L39,2) -> 4504.16
A40: 8.3 | B40: CDHU | C40: 02.02.160 | D40: 2 | E40: 2 | F40: 3 | G40: 2.2.3 | H40: CANTEIRO DE OBRAS | I40: =IF(B40="SINAPI",VLOOKUP(C40,SINAPI!$G$5:$K$10218,2,0),IF(B40="SICRO",VLOOKUP(C40,SICRO!$A:$D,2,0),IF(B40="SIURB_EDIF",VLOOKUP(C40,SIURB_EDIF_SemDes_Julho24!$A:$D,2,0),IF(B40="CDHU",VLOOKUP(C40,CDHU!$A:$F,2,0),IF(B40="SIURB_INFRA",VLOOKUP(C40,'SIURB_INFRA SemDes Jul24'!$A:$D,2,0),""))))) -> Locação de container tipo guarita - área mínima de 4,60 m² | J40: =IF(B40="SINAPI",VLOOKUP(C40,SINAPI!$G$5:$K$10218,3,0),IF(B40="SICRO",VLOOKUP(C40,SICRO!$A:$D,3,0),IF(B40="SIURB_EDIF",VLOOKUP(C40,SIURB_EDIF_SemDes_Julho24!$A:$D,3,0),IF(B40="CDHU",VLOOKUP(C40,CDHU!$A:$F,3,0),IF(B40="SIURB_INFRA",VLOOKUP(C40,'SIURB_INFRA SemDes Jul24'!$A:$D,3,0),""))))) -> UNMES | K40: =IF(B40="SINAPI",VLOOKUP(C40,SINAPI!$G$5:$K$10218,5,0),IF(B40="SICRO",VLOOKUP(C40,SICRO!$A:$D,4,0),IF(B40="SIURB_EDIF",VLOOKUP(C40,SIURB_EDIF_SemDes_Julho24!$A:$D,4,0),IF(B40="CDHU",VLOOKUP(C40,CDHU!$A:$F,6,0),IF(B40="SIURB_INFRA",VLOOKUP(C40,'SIURB_INFRA SemDes Jul24'!$A:$D,4,0),""))))) -> 906.55 | L40: =ROUND(K40*(1+$P$3),2) -> 1125.12 | M40: =SUMIF(MEMO!$B:$B,PLANILHA_ORC!C40,MEMO!$N:$N) -> 4 | N40: =P40 -> 4500.48 | P40: =ROUND(M40*L40,2) -> 4500.48
A41: 8.4 | B41: CDHU | C41: 02.01.180 | D41: 2 | E41: 2 | F41: 4 | G41: 2.2.4 | H41: CANTEIRO DE OBRAS | I41: =IF(B41="SINAPI",VLOOKUP(C41,SINAPI!$G$5:$K$10218,2,0),IF(B41="SICRO",VLOOKUP(C41,SICRO!$A:$D,2,0),IF(B41="SIURB_EDIF",VLOOKUP(C41,SIURB_EDIF_SemDes_Julho24!$A:$D,2,0),IF(B41="CDHU",VLOOKUP(C41,CDHU!$A:$F,2,0),IF(B41="SIURB_INFRA",VLOOKUP(C41,'SIURB_INFRA SemDes Jul24'!$A:$D,2,0),""))))) -> Banheiro químico modelo Standard, com manutenção conforme exigências da CETESB | J41: =IF(B41="SINAPI",VLOOKUP(C41,SINAPI!$G$5:$K$10218,3,0),IF(B41="SICRO",VLOOKUP(C41,SICRO!$A:$D,3,0),IF(B41="SIURB_EDIF",VLOOKUP(C41,SIURB_EDIF_SemDes_Julho24!$A:$D,3,0),IF(B41="CDHU",VLOOKUP(C41,CDHU!$A:$F,3,0),IF(B41="SIURB_INFRA",VLOOKUP(C41,'SIURB_INFRA SemDes Jul24'!$A:$D,3,0),""))))) -> UNMES | K41: =IF(B41="SINAPI",VLOOKUP(C41,SINAPI!$G$5:$K$10218,5,0),IF(B41="SICRO",VLOOKUP(C41,SICRO!$A:$D,4,0),IF(B41="SIURB_EDIF",VLOOKUP(C41,SIURB_EDIF_SemDes_Julho24!$A:$D,4,0),IF(B41="CDHU",VLOOKUP(C41,CDHU!$A:$F,6,0),IF(B41="SIURB_INFRA",VLOOKUP(C41,'SIURB_INFRA SemDes Jul24'!$A:$D,4,0),""))))) -> 1151.16 | L41: =ROUND(K41*(1+$P$3),2) -> 1428.7 | M41: =SUMIF(MEMO!$B:$B,PLANILHA_ORC!C41,MEMO!$N:$N) -> 4 | N41: =P41 -> 5714.8 | P41: =ROUND(M41*L41,2) -> 5714.8
A42: 9 | D42: 2 | E42: 3 | G42: 2.3 | H42: SERVIÇOS PRELIMINARES | I42: SERVIÇOS PRELIMINARES | N42: =SUBTOTAL(9,N43:N44) -> 57747.7 | P42: =SUBTOTAL(9,P43:P44) -> 57747.7
A43: 9.1 | B43: SINAPI | C43: 98525 | D43: 2 | E43: 3 | F43: 1 | G43: 2.3.1 | H43: SERVIÇOS PRELIMINARES | I43: =IF(B43="SINAPI",VLOOKUP(C43,SINAPI!$G$5:$K$10218,2,0),IF(B43="SICRO",VLOOKUP(C43,SICRO!$A:$D,2,0),IF(B43="SIURB_EDIF",VLOOKUP(C43,SIURB_EDIF_SemDes_Julho24!$A:$D,2,0),IF(B43="CDHU",VLOOKUP(C43,CDHU!$A:$F,2,0),IF(B43="SIURB_INFRA",VLOOKUP(C43,'SIURB_INFRA SemDes Jul24'!$A:$D,2,0),""))))) -> LIMPEZA MECANIZADA DE CAMADA VEGETAL, VEGETAÇÃO E PEQUENAS ÁRVORES (DIÂMETRO DE TRONCO MENOR QUE 0,20 M), COM TRATOR DE ESTEIRAS. AF_03/2024 | J43: =IF(B43="SINAPI",VLOOKUP(C43,SINAPI!$G$5:$K$10218,3,0),IF(B43="SICRO",VLOOKUP(C43,SICRO!$A:$D,3,0),IF(B43="SIURB_EDIF",VLOOKUP(C43,SIURB_EDIF_SemDes_Julho24!$A:$D,3,0),IF(B43="CDHU",VLOOKUP(C43,CDHU!$A:$F,3,0),IF(B43="SIURB_INFRA",VLOOKUP(C43,'SIURB_INFRA SemDes Jul24'!$A:$D,3,0),""))))) -> M2 | K43: =IF(B43="SINAPI",VLOOKUP(C43,SINAPI!$G$5:$K$10218,5,0),IF(B43="SICRO",VLOOKUP(C43,SICRO!$A:$D,4,0),IF(B43="SIURB_EDIF",VLOOKUP(C43,SIURB_EDIF_SemDes_Julho24!$A:$D,4,0),IF(B43="CDHU",VLOOKUP(C43,CDHU!$A:$F,6,0),IF(B43="SIURB_INFRA",VLOOKUP(C43,'SIURB_INFRA SemDes Jul24'!$A:$D,4,0),""))))) -> 0.71 | L43: =ROUND(K43*(1+$P$3),2) -> 0.88 | M43: =SUMIF(MEMO!$B:$B,PLANILHA_ORC!C43,MEMO!$N:$N) -> 1373.75 | N43: =P43 -> 1208.9 | P43: =ROUND(M43*L43,2) -> 1208.9
A44: 9.2 | B44: SINAPI | C44: 98459 | D44: 2 | E44: 3 | F44: 2 | G44: 2.3.2 | H44: SERVIÇOS PRELIMINARES | I44: =IF(B44="SINAPI",VLOOKUP(C44,SINAPI!$G$5:$K$10218,2,0),IF(B44="SICRO",VLOOKUP(C44,SICRO!$A:$D,2,0),IF(B44="SIURB_EDIF",VLOOKUP(C44,SIURB_EDIF_SemDes_Julho24!$A:$D,2,0),IF(B44="CDHU",VLOOKUP(C44,CDHU!$A:$F,2,0),IF(B44="SIURB_INFRA",VLOOKUP(C44,'SIURB_INFRA SemDes Jul24'!$A:$D,2,0),""))))) -> TAPUME COM TELHA METÁLICA. AF_03/2024 | J44: =IF(B44="SINAPI",VLOOKUP(C44,SINAPI!$G$5:$K$10218,3,0),IF(B44="SICRO",VLOOKUP(C44,SICRO!$A:$D,3,0),IF(B44="SIURB_EDIF",VLOOKUP(C44,SIURB_EDIF_SemDes_Julho24!$A:$D,3,0),IF(B44="CDHU",VLOOKUP(C44,CDHU!$A:$F,3,0),IF(B44="SIURB_INFRA",VLOOKUP(C44,'SIURB_INFRA SemDes Jul24'!$A:$D,3,0),""))))) -> M2 | K44: =IF(B44="SINAPI",VLOOKUP(C44,SINAPI!$G$5:$K$10218,5,0),IF(B44="SICRO",VLOOKUP(C44,SICRO!$A:$D,4,0),IF(B44="SIURB_EDIF",VLOOKUP(C44,SIURB_EDIF_SemDes_Julho24!$A:$D,4,0),IF(B44="CDHU",VLOOKUP(C44,CDHU!$A:$F,6,0),IF(B44="SIURB_INFRA",VLOOKUP(C44,'SIURB_INFRA SemDes Jul24'!$A:$D,4,0),""))))) -> 92.91 | L44: =ROUND(K44*(1+$P$3),2) -> 115.31 | M44: =SUMIF(MEMO!$B:$B,PLANILHA_ORC!C44,MEMO!$N:$N) -> 490.32 | N44: =P44 -> 56538.8 | P44: =ROUND(M44*L44,2) -> 56538.8
A45: 10 | D45: 2 | E45: 4 | G45: 2.4 | H45: DEMOLIÇÕES E REMOÇÕES | I45: DEMOLIÇÕES E REMOÇÕES | N45: =SUBTOTAL(9,N46:N51) -> 25634.27 | P45: =SUBTOTAL(9,P46:P51) -> 25634.27
A46: 10.1 | B46: SINAPI | C46: 97636 | D46: 2 | E46: 4 | F46: 1 | G46: 2.4.1 | H46: DEMOLIÇÕES E REMOÇÕES | I46: =IF(B46="SINAPI",VLOOKUP(C46,SINAPI!$G$5:$K$10218,2,0),IF(B46="SICRO",VLOOKUP(C46,SICRO!$A:$D,2,0),IF(B46="SIURB_EDIF",VLOOKUP(C46,SIURB_EDIF_SemDes_Julho24!$A:$D,2,0),IF(B46="CDHU",VLOOKUP(C46,CDHU!$A:$F,2,0),IF(B46="SIURB_INFRA",VLOOKUP(C46,'SIURB_INFRA SemDes Jul24'!$A:$D,2,0),""))))) -> DEMOLIÇÃO PARCIAL DE PAVIMENTO ASFÁLTICO, DE FORMA MECANIZADA, SEM REAPROVEITAMENTO. AF_09/2023 | J46: =IF(B46="SINAPI",VLOOKUP(C46,SINAPI!$G$5:$K$10218,3,0),IF(B46="SICRO",VLOOKUP(C46,SICRO!$A:$D,3,0),IF(B46="SIURB_EDIF",VLOOKUP(C46,SIURB_EDIF_SemDes_Julho24!$A:$D,3,0),IF(B46="CDHU",VLOOKUP(C46,CDHU!$A:$F,3,0),IF(B46="SIURB_INFRA",VLOOKUP(C46,'SIURB_INFRA SemDes Jul24'!$A:$D,3,0),""))))) -> M2 | K46: =IF(B46="SINAPI",VLOOKUP(C46,SINAPI!$G$5:$K$10218,5,0),IF(B46="SICRO",VLOOKUP(C46,SICRO!$A:$D,4,0),IF(B46="SIURB_EDIF",VLOOKUP(C46,SIURB_EDIF_SemDes_Julho24!$A:$D,4,0),IF(B46="CDHU",VLOOKUP(C46,CDHU!$A:$F,6,0),IF(B46="SIURB_INFRA",VLOOKUP(C46,'SIURB_INFRA SemDes Jul24'!$A:$D,4,0),""))))) -> 24.62 | L46: =ROUND(K46*(1+$P$3),2) -> 30.56 | M46: =SUMIF(MEMO!$B:$B,PLANILHA_ORC!C46,MEMO!$N:$N) -> 294 | N46: =P46 -> 8984.64 | P46: =ROUND(M46*L46,2) -> 8984.64
A47: 10.2 | B47: SINAPI | C47: 104796 | D47: 2 | E47: 4 | F47: 2 | G47: 2.4.2 | H47: DEMOLIÇÕES E REMOÇÕES | I47: =IF(B47="SINAPI",VLOOKUP(C47,SINAPI!$G$5:$K$10218,2,0),IF(B47="SICRO",VLOOKUP(C47,SICRO!$A:$D,2,0),IF(B47="SIURB_EDIF",VLOOKUP(C47,SIURB_EDIF_SemDes_Julho24!$A:$D,2,0),IF(B47="CDHU",VLOOKUP(C47,CDHU!$A:$F,2,0),IF(B47="SIURB_INFRA",VLOOKUP(C47,'SIURB_INFRA SemDes Jul24'!$A:$D,2,0),""))))) -> DEMOLIÇÃO DE GUIAS, SARJETAS OU SARJETÕES, DE FORMA MECANIZADA, SEM REAPROVEITAMENTO. AF_09/2023 | J47: =IF(B47="SINAPI",VLOOKUP(C47,SINAPI!$G$5:$K$10218,3,0),IF(B47="SICRO",VLOOKUP(C47,SICRO!$A:$D,3,0),IF(B47="SIURB_EDIF",VLOOKUP(C47,SIURB_EDIF_SemDes_Julho24!$A:$D,3,0),IF(B47="CDHU",VLOOKUP(C47,CDHU!$A:$F,3,0),IF(B47="SIURB_INFRA",VLOOKUP(C47,'SIURB_INFRA SemDes Jul24'!$A:$D,3,0),""))))) -> M | K47: =IF(B47="SINAPI",VLOOKUP(C47,SINAPI!$G$5:$K$10218,5,0),IF(B47="SICRO",VLOOKUP(C47,SICRO!$A:$D,4,0),IF(B47="SIURB_EDIF",VLOOKUP(C47,SIURB_EDIF_SemDes_Julho24!$A:$D,4,0),IF(B47="CDHU",VLOOKUP(C47,CDHU!$A:$F,6,0),IF(B47="SIURB_INFRA",VLOOKUP(C47,'SIURB_INFRA SemDes Jul24'!$A:$D,4,0),""))))) -> 16.62 | L47: =ROUND(K47*(1+$P$3),2) -> 20.63 | M47: =SUMIF(MEMO!$B:$B,PLANILHA_ORC!C47,MEMO!$N:$N) -> 84 | N47: =P47 -> 1732.92 | P47: =ROUND(M47*L47,2) -> 1732.92
A48: 10.3 | B48: SINAPI | C48: 104790 | D48: 2 | E48: 4 | F48: 3 | G48: 2.4.3 | H48: DEMOLIÇÕES E REMOÇÕES | I48: =IF(B48="SINAPI",VLOOKUP(C48,SINAPI!$G$5:$K$10218,2,0),IF(B48="SICRO",VLOOKUP(C48,SICRO!$A:$D,2,0),IF(B48="SIURB_EDIF",VLOOKUP(C48,SIURB_EDIF_SemDes_Julho24!$A:$D,2,0),IF(B48="CDHU",VLOOKUP(C48,CDHU!$A:$F,2,0),IF(B48="SIURB_INFRA",VLOOKUP(C48,'SIURB_INFRA SemDes Jul24'!$A:$D,2,0),""))))) -> DEMOLIÇÃO DE PISO DE CONCRETO SIMPLES, DE FORMA MECANIZADA COM MARTELETE, SEM REAPROVEITAMENTO. AF_09/2023 | J48: =IF(B48="SINAPI",VLOOKUP(C48,SINAPI!$G$5:$K$10218,3,0),IF(B48="SICRO",VLOOKUP(C48,SICRO!$A:$D,3,0),IF(B48="SIURB_EDIF",VLOOKUP(C48,SIURB_EDIF_SemDes_Julho24!$A:$D,3,0),IF(B48="CDHU",VLOOKUP(C48,CDHU!$A:$F,3,0),IF(B48="SIURB_INFRA",VLOOKUP(C48,'SIURB_INFRA SemDes Jul24'!$A:$D,3,0),""))))) -> M3 | K48: =IF(B48="SINAPI",VLOOKUP(C48,SINAPI!$G$5:$K$10218,5,0),IF(B48="SICRO",VLOOKUP(C48,SICRO!$A:$D,4,0),IF(B48="SIURB_EDIF",VLOOKUP(C48,SIURB_EDIF_SemDes_Julho24!$A:$D,4,0),IF(B48="CDHU",VLOOKUP(C48,CDHU!$A:$F,6,0),IF(B48="SIURB_INFRA",VLOOKUP(C48,'SIURB_INFRA SemDes Jul24'!$A:$D,4,0),""))))) -> 124.92 | L48: =ROUND(K48*(1+$P$3),2) -> 155.04 | M48: =SUMIF(MEMO!$B:$B,PLANILHA_ORC!C48,MEMO!$N:$N) -> 12.6 | N48: =P48 -> 1953.5 | P48: =ROUND(M48*L48,2) -> 1953.5
A49: 10.4 | B49: SINAPI | C49: 97625 | D49: 2 | E49: 4 | F49: 4 | G49: 2.4.4 | H49: DEMOLIÇÕES E REMOÇÕES | I49: =IF(B49="SINAPI",VLOOKUP(C49,SINAPI!$G$5:$K$10218,2,0),IF(B49="SICRO",VLOOKUP(C49,SICRO!$A:$D,2,0),IF(B49="SIURB_EDIF",VLOOKUP(C49,SIURB_EDIF_SemDes_Julho24!$A:$D,2,0),IF(B49="CDHU",VLOOKUP(C49,CDHU!$A:$F,2,0),IF(B49="SIURB_INFRA",VLOOKUP(C49,'SIURB_INFRA SemDes Jul24'!$A:$D,2,0),""))))) -> DEMOLIÇÃO DE ALVENARIA PARA QUALQUER TIPO DE BLOCO, DE FORMA MECANIZADA, SEM REAPROVEITAMENTO. AF_09/2023 | J49: =IF(B49="SINAPI",VLOOKUP(C49,SINAPI!$G$5:$K$10218,3,0),IF(B49="SICRO",VLOOKUP(C49,SICRO!$A:$D,3,0),IF(B49="SIURB_EDIF",VLOOKUP(C49,SIURB_EDIF_SemDes_Julho24!$A:$D,3,0),IF(B49="CDHU",VLOOKUP(C49,CDHU!$A:$F,3,0),IF(B49="SIURB_INFRA",VLOOKUP(C49,'SIURB_INFRA SemDes Jul24'!$A:$D,3,0),""))))) -> M3 | K49: =IF(B49="SINAPI",VLOOKUP(C49,SINAPI!$G$5:$K$10218,5,0),IF(B49="SICRO",VLOOKUP(C49,SICRO!$A:$D,4,0),IF(B49="SIURB_EDIF",VLOOKUP(C49,SIURB_EDIF_SemDes_Julho24!$A:$D,4,0),IF(B49="CDHU",VLOOKUP(C49,CDHU!$A:$F,6,0),IF(B49="SIURB_INFRA",VLOOKUP(C49,'SIURB_INFRA SemDes Jul24'!$A:$D,4,0),""))))) -> 51.45 | L49: =ROUND(K49*(1+$P$3),2) -> 63.85 | M49: =SUMIF(MEMO!$B:$B,PLANILHA_ORC!C49,MEMO!$N:$N) -> 1.28 | N49: =P49 -> 81.73 | P49: =ROUND(M49*L49,2) -> 81.73
A50: 10.5 | B50: SIURB_EDIF | C50: 1001006 | D50: 2 | E50: 4 | F50: 5 | G50: 2.4.5 | H50: DEMOLIÇÕES E REMOÇÕES | I50: =IF(B50="SINAPI",VLOOKUP(C50,SINAPI!$G$5:$K$10218,2,0),IF(B50="SICRO",VLOOKUP(C50,SICRO!$A:$D,2,0),IF(B50="SIURB_EDIF",VLOOKUP(C50,SIURB_EDIF_SemDes_Julho24!$A:$D,2,0),IF(B50="CDHU",VLOOKUP(C50,CDHU!$A:$F,2,0),IF(B50="SIURB_INFRA",VLOOKUP(C50,'SIURB_INFRA SemDes Jul24'!$A:$D,2,0),""))))) -> CARGA MANUAL E REMOÇÃO DE ENTULHO, INCLUSIVE TRANSPORTE ATÉ 1 KM | J50: =IF(B50="SINAPI",VLOOKUP(C50,SINAPI!$G$5:$K$10218,3,0),IF(B50="SICRO",VLOOKUP(C50,SICRO!$A:$D,3,0),IF(B50="SIURB_EDIF",VLOOKUP(C50,SIURB_EDIF_SemDes_Julho24!$A:$D,3,0),IF(B50="CDHU",VLOOKUP(C50,CDHU!$A:$F,3,0),IF(B50="SIURB_INFRA",VLOOKUP(C50,'SIURB_INFRA SemDes Jul24'!$A:$D,3,0),""))))) -> M3 | K50: =IF(B50="SINAPI",VLOOKUP(C50,SINAPI!$G$5:$K$10218,5,0),IF(B50="SICRO",VLOOKUP(C50,SICRO!$A:$D,4,0),IF(B50="SIURB_EDIF",VLOOKUP(C50,SIURB_EDIF_SemDes_Julho24!$A:$D,4,0),IF(B50="CDHU",VLOOKUP(C50,CDHU!$A:$F,6,0),IF(B50="SIURB_INFRA",VLOOKUP(C50,'SIURB_INFRA SemDes Jul24'!$A:$D,4,0),""))))) -> 51.66 | L50: =ROUND(K50*(1+$P$3),2) -> 64.12 | M50: =SUMIF(MEMO!$B:$B,PLANILHA_ORC!C50,MEMO!$N:$N) -> 57.33 | N50: =P50 -> 3676 | P50: =ROUND(M50*L50,2) -> 3676
A51: 10.6 | B51: SIURB_EDIF | C51: 1001007 | D51: 2 | E51: 4 | F51: 6 | G51: 2.4.6 | H51: DEMOLIÇÕES E REMOÇÕES | I51: =IF(B51="SINAPI",VLOOKUP(C51,SINAPI!$G$5:$K$10218,2,0),IF(B51="SICRO",VLOOKUP(C51,SICRO!$A:$D,2,0),IF(B51="SIURB_EDIF",VLOOKUP(C51,SIURB_EDIF_SemDes_Julho24!$A:$D,2,0),IF(B51="CDHU",VLOOKUP(C51,CDHU!$A:$F,2,0),IF(B51="SIURB_INFRA",VLOOKUP(C51,'SIURB_INFRA SemDes Jul24'!$A:$D,2,0),""))))) -> REMOÇÃO DE ENTULHO COM CAÇAMBA METÁLICA, INCLUSIVE CARGA MANUAL E DESCARGA EM BOTA-FORA | J51: =IF(B51="SINAPI",VLOOKUP(C51,SINAPI!$G$5:$K$10218,3,0),IF(B51="SICRO",VLOOKUP(C51,SICRO!$A:$D,3,0),IF(B51="SIURB_EDIF",VLOOKUP(C51,SIURB_EDIF_SemDes_Julho24!$A:$D,3,0),IF(B51="CDHU",VLOOKUP(C51,CDHU!$A:$F,3,0),IF(B51="SIURB_INFRA",VLOOKUP(C51,'SIURB_INFRA SemDes Jul24'!$A:$D,3,0),""))))) -> M3 | K51: =IF(B51="SINAPI",VLOOKUP(C51,SINAPI!$G$5:$K$10218,5,0),IF(B51="SICRO",VLOOKUP(C51,SICRO!$A:$D,4,0),IF(B51="SIURB_EDIF",VLOOKUP(C51,SIURB_EDIF_SemDes_Julho24!$A:$D,4,0),IF(B51="CDHU",VLOOKUP(C51,CDHU!$A:$F,6,0),IF(B51="SIURB_INFRA",VLOOKUP(C51,'SIURB_INFRA SemDes Jul24'!$A:$D,4,0),""))))) -> 129.38 | L51: =ROUND(K51*(1+$P$3),2) -> 160.57 | M51: =SUMIF(MEMO!$B:$B,PLANILHA_ORC!C51,MEMO!$N:$N) -> 57.33 | N51: =P51 -> 9205.48 | P51: =ROUND(M51*L51,2) -> 9205.48
A52: 11 | D52: 2 | E52: 5 | G52: 2.5 | H52: MOVIMENTO DE TERRA | I52: MOVIMENTO DE TERRA | N52: =SUBTOTAL(9,N53:N58) -> 476260.98 | P52: =SUBTOTAL(9,P53:P58) -> 476260.98
A53: 11.1 | B53: SINAPI | C53: 90084 | D53: 2 | E53: 5 | F53: 1 | G53: 2.5.1 | H53: MOVIMENTO DE TERRA | I53: =IF(B53="SINAPI",VLOOKUP(C53,SINAPI!$G$5:$K$10218,2,0),IF(B53="SICRO",VLOOKUP(C53,SICRO!$A:$D,2,0),IF(B53="SIURB_EDIF",VLOOKUP(C53,SIURB_EDIF_SemDes_Julho24!$A:$D,2,0),IF(B53="CDHU",VLOOKUP(C53,CDHU!$A:$F,2,0),IF(B53="SIURB_INFRA",VLOOKUP(C53,'SIURB_INFRA SemDes Jul24'!$A:$D,2,0),""))))) -> ESCAVAÇÃO MECANIZADA DE VALA COM PROF. MAIOR QUE 1,5 M ATÉ 3,0 M (MÉDIA MONTANTE E JUSANTE/UMA COMPOSIÇÃO POR TRECHO), ESCAVADEIRA (0,8 M3), LARGURA ATÉ 1,5 M, EM SOLO DE 1A CATEGORIA, EM LOCAIS COM ALTO NÍVEL DE INTERFERÊNCIA. AF_09/2024 | J53: =IF(B53="SINAPI",VLOOKUP(C53,SINAPI!$G$5:$K$10218,3,0),IF(B53="SICRO",VLOOKUP(C53,SICRO!$A:$D,3,0),IF(B53="SIURB_EDIF",VLOOKUP(C53,SIURB_EDIF_SemDes_Julho24!$A:$D,3,0),IF(B53="CDHU",VLOOKUP(C53,CDHU!$A:$F,3,0),IF(B53="SIURB_INFRA",VLOOKUP(C53,'SIURB_INFRA SemDes Jul24'!$A:$D,3,0),""))))) -> M3 | K53: =IF(B53="SINAPI",VLOOKUP(C53,SINAPI!$G$5:$K$10218,5,0),IF(B53="SICRO",VLOOKUP(C53,SICRO!$A:$D,4,0),IF(B53="SIURB_EDIF",VLOOKUP(C53,SIURB_EDIF_SemDes_Julho24!$A:$D,4,0),IF(B53="CDHU",VLOOKUP(C53,CDHU!$A:$F,6,0),IF(B53="SIURB_INFRA",VLOOKUP(C53,'SIURB_INFRA SemDes Jul24'!$A:$D,4,0),""))))) -> 9.92 | L53: =ROUND(K53*(1+$P$3),2) -> 12.31 | M53: =SUMIF(MEMO!$B:$B,PLANILHA_ORC!C53,MEMO!$N:$N) -> 1500.69 | N53: =P53 -> 18473.49 | P53: =ROUND(M53*L53,2) -> 18473.49
A54: 11.2 | B54: SINAPI | C54: 94304 | D54: 2 | E54: 5 | F54: 2 | G54: 2.5.2 | H54: MOVIMENTO DE TERRA | I54: =IF(B54="SINAPI",VLOOKUP(C54,SINAPI!$G$5:$K$10218,2,0),IF(B54="SICRO",VLOOKUP(C54,SICRO!$A:$D,2,0),IF(B54="SIURB_EDIF",VLOOKUP(C54,SIURB_EDIF_SemDes_Julho24!$A:$D,2,0),IF(B54="CDHU",VLOOKUP(C54,CDHU!$A:$F,2,0),IF(B54="SIURB_INFRA",VLOOKUP(C54,'SIURB_INFRA SemDes Jul24'!$A:$D,2,0),""))))) -> ATERRO MECANIZADO DE VALA COM ESCAVADEIRA HIDRÁULICA (CAPACIDADE DA CAÇAMBA: 0,8 M³ / POTÊNCIA: 111 HP), LARGURA ATÉ 2,5 M, PROFUNDIDADE ATÉ 1,5 M, COM SOLO ARGILO-ARENOSO. AF_08/2023 | J54: =IF(B54="SINAPI",VLOOKUP(C54,SINAPI!$G$5:$K$10218,3,0),IF(B54="SICRO",VLOOKUP(C54,SICRO!$A:$D,3,0),IF(B54="SIURB_EDIF",VLOOKUP(C54,SIURB_EDIF_SemDes_Julho24!$A:$D,3,0),IF(B54="CDHU",VLOOKUP(C54,CDHU!$A:$F,3,0),IF(B54="SIURB_INFRA",VLOOKUP(C54,'SIURB_INFRA SemDes Jul24'!$A:$D,3,0),""))))) -> M3 | K54: =IF(B54="SINAPI",VLOOKUP(C54,SINAPI!$G$5:$K$10218,5,0),IF(B54="SICRO",VLOOKUP(C54,SICRO!$A:$D,4,0),IF(B54="SIURB_EDIF",VLOOKUP(C54,SIURB_EDIF_SemDes_Julho24!$A:$D,4,0),IF(B54="CDHU",VLOOKUP(C54,CDHU!$A:$F,6,0),IF(B54="SIURB_INFRA",VLOOKUP(C54,'SIURB_INFRA SemDes Jul24'!$A:$D,4,0),""))))) -> 76.74 | L54: =ROUND(K54*(1+$P$3),2) -> 95.24 | M54: =SUMIF(MEMO!$B:$B,PLANILHA_ORC!C54,MEMO!$N:$N) -> 700.37 | N54: =P54 -> 66703.24 | P54: =ROUND(M54*L54,2) -> 66703.24
A55: 11.3 | B55: SINAPI | C55: 100978 | D55: 2 | E55: 5 | F55: 3 | G55: 2.5.3 | H55: MOVIMENTO DE TERRA | I55: =IF(B55="SINAPI",VLOOKUP(C55,SINAPI!$G$5:$K$10218,2,0),IF(B55="SICRO",VLOOKUP(C55,SICRO!$A:$D,2,0),IF(B55="SIURB_EDIF",VLOOKUP(C55,SIURB_EDIF_SemDes_Julho24!$A:$D,2,0),IF(B55="CDHU",VLOOKUP(C55,CDHU!$A:$F,2,0),IF(B55="SIURB_INFRA",VLOOKUP(C55,'SIURB_INFRA SemDes Jul24'!$A:$D,2,0),""))))) -> CARGA, MANOBRA E DESCARGA DE SOLOS E MATERIAIS GRANULARES EM CAMINHÃO BASCULANTE 10 M³ - CARGA COM ESCAVADEIRA HIDRÁULICA (CAÇAMBA DE 1,20 M³ / 155 HP) E DESCARGA LIVRE (UNIDADE: M3). AF_07/2020 | J55: =IF(B55="SINAPI",VLOOKUP(C55,SINAPI!$G$5:$K$10218,3,0),IF(B55="SICRO",VLOOKUP(C55,SICRO!$A:$D,3,0),IF(B55="SIURB_EDIF",VLOOKUP(C55,SIURB_EDIF_SemDes_Julho24!$A:$D,3,0),IF(B55="CDHU",VLOOKUP(C55,CDHU!$A:$F,3,0),IF(B55="SIURB_INFRA",VLOOKUP(C55,'SIURB_INFRA SemDes Jul24'!$A:$D,3,0),""))))) -> M3 | K55: =IF(B55="SINAPI",VLOOKUP(C55,SINAPI!$G$5:$K$10218,5,0),IF(B55="SICRO",VLOOKUP(C55,SICRO!$A:$D,4,0),IF(B55="SIURB_EDIF",VLOOKUP(C55,SIURB_EDIF_SemDes_Julho24!$A:$D,4,0),IF(B55="CDHU",VLOOKUP(C55,CDHU!$A:$F,6,0),IF(B55="SIURB_INFRA",VLOOKUP(C55,'SIURB_INFRA SemDes Jul24'!$A:$D,4,0),""))))) -> 7.28 | L55: =ROUND(K55*(1+$P$3),2) -> 9.04 | M55: =SUMIF(MEMO!$B:$B,PLANILHA_ORC!C55,MEMO!$N:$N) -> 1950.9 | N55: =P55 -> 17636.14 | P55: =ROUND(M55*L55,2) -> 17636.14
B56: SIURB_INFRA | C56: 4064000 | G56: 2.5.4 | I56: =IF(B56="SINAPI",VLOOKUP(C56,SINAPI!$G$5:$K$10218,2,0),IF(B56="SICRO",VLOOKUP(C56,SICRO!$A:$D,2,0),IF(B56="SIURB_EDIF",VLOOKUP(C56,SIURB_EDIF_SemDes_Julho24!$A:$D,2,0),IF(B56="CDHU",VLOOKUP(C56,CDHU!$A:$F,2,0),IF(B56="SIURB_INFRA",VLOOKUP(C56,'SIURB_INFRA SemDes Jul24'!$A:$D,2,0),""))))) -> DISPOSIÇÃO FINAL DE SOLOS E RESÍDUOS, CLASSE II B - INERTES, EM ATERRO SANITÁRIO LICENCIADO | J56: =IF(B56="SINAPI",VLOOKUP(C56,SINAPI!$G$5:$K$10218,3,0),IF(B56="SICRO",VLOOKUP(C56,SICRO!$A:$D,3,0),IF(B56="SIURB_EDIF",VLOOKUP(C56,SIURB_EDIF_SemDes_Julho24!$A:$D,3,0),IF(B56="CDHU",VLOOKUP(C56,CDHU!$A:$F,3,0),IF(B56="SIURB_INFRA",VLOOKUP(C56,'SIURB_INFRA SemDes Jul24'!$A:$D,3,0),""))))) -> Ton | K56: =IF(B56="SINAPI",VLOOKUP(C56,SINAPI!$G$5:$K$10218,5,0),IF(B56="SICRO",VLOOKUP(C56,SICRO!$A:$D,4,0),IF(B56="SIURB_EDIF",VLOOKUP(C56,SIURB_EDIF_SemDes_Julho24!$A:$D,4,0),IF(B56="CDHU",VLOOKUP(C56,CDHU!$A:$F,6,0),IF(B56="SIURB_INFRA",VLOOKUP(C56,'SIURB_INFRA SemDes Jul24'!$A:$D,4,0),""))))) -> 94.29 | L56: =ROUND(K56*(1+$P$3),2) -> 117.02 | M56: =SUMIF(MEMO!$B:$B,PLANILHA_ORC!C56,MEMO!$N:$N) -> 2100.97 | N56: =P56 -> 245855.51 | P56: =ROUND(M56*L56,2) -> 245855.51
B57: SINAPI | C57: 95878 | G57: 2.5.5 | I57: =IF(B57="SINAPI",VLOOKUP(C57,SINAPI!$G$5:$K$10218,2,0),IF(B57="SICRO",VLOOKUP(C57,SICRO!$A:$D,2,0),IF(B57="SIURB_EDIF",VLOOKUP(C57,SIURB_EDIF_SemDes_Julho24!$A:$D,2,0),IF(B57="CDHU",VLOOKUP(C57,CDHU!$A:$F,2,0),IF(B57="SIURB_INFRA",VLOOKUP(C57,'SIURB_INFRA SemDes Jul24'!$A:$D,2,0),""))))) -> TRANSPORTE COM CAMINHÃO BASCULANTE DE 10 M³, EM VIA URBANA PAVIMENTADA, DMT ATÉ 30 KM (UNIDADE: TXKM). AF_07/2020 | J57: =IF(B57="SINAPI",VLOOKUP(C57,SINAPI!$G$5:$K$10218,3,0),IF(B57="SICRO",VLOOKUP(C57,SICRO!$A:$D,3,0),IF(B57="SIURB_EDIF",VLOOKUP(C57,SIURB_EDIF_SemDes_Julho24!$A:$D,3,0),IF(B57="CDHU",VLOOKUP(C57,CDHU!$A:$F,3,0),IF(B57="SIURB_INFRA",VLOOKUP(C57,'SIURB_INFRA SemDes Jul24'!$A:$D,3,0),""))))) -> TXKM | K57: =IF(B57="SINAPI",VLOOKUP(C57,SINAPI!$G$5:$K$10218,5,0),IF(B57="SICRO",VLOOKUP(C57,SICRO!$A:$D,4,0),IF(B57="SIURB_EDIF",VLOOKUP(C57,SIURB_EDIF_SemDes_Julho24!$A:$D,4,0),IF(B57="CDHU",VLOOKUP(C57,CDHU!$A:$F,6,0),IF(B57="SIURB_INFRA",VLOOKUP(C57,'SIURB_INFRA SemDes Jul24'!$A:$D,4,0),""))))) -> 1.73 | L57: =ROUND(K57*(1+$P$3),2) -> 2.15 | M57: =SUMIF(MEMO!$B:$B,PLANILHA_ORC!C57,MEMO!$N:$N) -> 49933.05 | N57: =P57 -> 107356.06 | P57: =ROUND(M57*L57,2) -> 107356.06
A58: 11.4 | B58: SINAPI | C58: 93596 | D58: 2 | E58: 5 | F58: 4 | G58: 2.5.6 | H58: MOVIMENTO DE TERRA | I58: =IF(B58="SINAPI",VLOOKUP(C58,SINAPI!$G$5:$K$10218,2,0),IF(B58="SICRO",VLOOKUP(C58,SICRO!$A:$D,2,0),IF(B58="SIURB_EDIF",VLOOKUP(C58,SIURB_EDIF_SemDes_Julho24!$A:$D,2,0),IF(B58="CDHU",VLOOKUP(C58,CDHU!$A:$F,2,0),IF(B58="SIURB_INFRA",VLOOKUP(C58,'SIURB_INFRA SemDes Jul24'!$A:$D,2,0),""))))) -> TRANSPORTE COM CAMINHÃO BASCULANTE DE 10 M³, EM VIA URBANA PAVIMENTADA, ADICIONAL PARA DMT EXCEDENTE A 30 KM (UNIDADE: TXKM). AF_07/2020 | J58: =IF(B58="SINAPI",VLOOKUP(C58,SINAPI!$G$5:$K$10218,3,0),IF(B58="SICRO",VLOOKUP(C58,SICRO!$A:$D,3,0),IF(B58="SIURB_EDIF",VLOOKUP(C58,SIURB_EDIF_SemDes_Julho24!$A:$D,3,0),IF(B58="CDHU",VLOOKUP(C58,CDHU!$A:$F,3,0),IF(B58="SIURB_INFRA",VLOOKUP(C58,'SIURB_INFRA SemDes Jul24'!$A:$D,3,0),""))))) -> TXKM | K58: =IF(B58="SINAPI",VLOOKUP(C58,SINAPI!$G$5:$K$10218,5,0),IF(B58="SICRO",VLOOKUP(C58,SICRO!$A:$D,4,0),IF(B58="SIURB_EDIF",VLOOKUP(C58,SIURB_EDIF_SemDes_Julho24!$A:$D,4,0),IF(B58="CDHU",VLOOKUP(C58,CDHU!$A:$F,6,0),IF(B58="SIURB_INFRA",VLOOKUP(C58,'SIURB_INFRA SemDes Jul24'!$A:$D,4,0),""))))) -> 0.68 | L58: =ROUND(K58*(1+$P$3),2) -> 0.84 | M58: =SUMIF(MEMO!$B:$B,PLANILHA_ORC!C58,MEMO!$N:$N) -> 24091.12 | N58: =P58 -> 20236.54 | P58: =ROUND(M58*L58,2) -> 20236.54
A59: 12 | D59: 2 | E59: 6 | G59: 2.6 | H59: PAVIMENTAÇÃO | I59: PAVIMENTAÇÃO | N59: =SUBTOTAL(9,N60:N66) -> 93972.8 | P59: =SUBTOTAL(9,P60:P66) -> 93972.8
A60: 12.1 | B60: SICRO | C60: 4011276 | D60: 2 | E60: 6 | F60: 1 | G60: 2.6.1 | H60: PAVIMENTAÇÃO | I60: =IF(B60="SINAPI",VLOOKUP(C60,SINAPI!$G$5:$K$10218,2,0),IF(B60="SICRO",VLOOKUP(C60,SICRO!$A:$D,2,0),IF(B60="SIURB_EDIF",VLOOKUP(C60,SIURB_EDIF_SemDes_Julho24!$A:$D,2,0),IF(B60="CDHU",VLOOKUP(C60,CDHU!$A:$F,2,0),IF(B60="SIURB_INFRA",VLOOKUP(C60,'SIURB_INFRA SemDes Jul24'!$A:$D,2,0),""))))) -> Base ou sub-base de brita graduada com brita comercial | J60: =IF(B60="SINAPI",VLOOKUP(C60,SINAPI!$G$5:$K$10218,3,0),IF(B60="SICRO",VLOOKUP(C60,SICRO!$A:$D,3,0),IF(B60="SIURB_EDIF",VLOOKUP(C60,SIURB_EDIF_SemDes_Julho24!$A:$D,3,0),IF(B60="CDHU",VLOOKUP(C60,CDHU!$A:$F,3,0),IF(B60="SIURB_INFRA",VLOOKUP(C60,'SIURB_INFRA SemDes Jul24'!$A:$D,3,0),""))))) -> m³ | K60: =IF(B60="SINAPI",VLOOKUP(C60,SINAPI!$G$5:$K$10218,5,0),IF(B60="SICRO",VLOOKUP(C60,SICRO!$A:$D,4,0),IF(B60="SIURB_EDIF",VLOOKUP(C60,SIURB_EDIF_SemDes_Julho24!$A:$D,4,0),IF(B60="CDHU",VLOOKUP(C60,CDHU!$A:$F,6,0),IF(B60="SIURB_INFRA",VLOOKUP(C60,'SIURB_INFRA SemDes Jul24'!$A:$D,4,0),""))))) -> 251.79 | L60: =ROUND(K60*(1+$P$3),2) -> 312.5 | M60: =SUMIF(MEMO!$B:$B,PLANILHA_ORC!C60,MEMO!$N:$N) -> 58.8 | N60: =P60 -> 18375 | P60: =ROUND(M60*L60,2) -> 18375
A61: 12.2 | B61: SINAPI | C61: 96622 | D61: 2 | E61: 6 | F61: 2 | G61: 2.6.2 | H61: PAVIMENTAÇÃO | I61: =IF(B61="SINAPI",VLOOKUP(C61,SINAPI!$G$5:$K$10218,2,0),IF(B61="SICRO",VLOOKUP(C61,SICRO!$A:$D,2,0),IF(B61="SIURB_EDIF",VLOOKUP(C61,SIURB_EDIF_SemDes_Julho24!$A:$D,2,0),IF(B61="CDHU",VLOOKUP(C61,CDHU!$A:$F,2,0),IF(B61="SIURB_INFRA",VLOOKUP(C61,'SIURB_INFRA SemDes Jul24'!$A:$D,2,0),""))))) -> LASTRO COM MATERIAL GRANULAR, APLICADO EM PISOS OU LAJES SOBRE SOLO, ESPESSURA DE *5 CM*. AF_01/2024 | J61: =IF(B61="SINAPI",VLOOKUP(C61,SINAPI!$G$5:$K$10218,3,0),IF(B61="SICRO",VLOOKUP(C61,SICRO!$A:$D,3,0),IF(B61="SIURB_EDIF",VLOOKUP(C61,SIURB_EDIF_SemDes_Julho24!$A:$D,3,0),IF(B61="CDHU",VLOOKUP(C61,CDHU!$A:$F,3,0),IF(B61="SIURB_INFRA",VLOOKUP(C61,'SIURB_INFRA SemDes Jul24'!$A:$D,3,0),""))))) -> M3 | K61: =IF(B61="SINAPI",VLOOKUP(C61,SINAPI!$G$5:$K$10218,5,0),IF(B61="SICRO",VLOOKUP(C61,SICRO!$A:$D,4,0),IF(B61="SIURB_EDIF",VLOOKUP(C61,SIURB_EDIF_SemDes_Julho24!$A:$D,4,0),IF(B61="CDHU",VLOOKUP(C61,CDHU!$A:$F,6,0),IF(B61="SIURB_INFRA",VLOOKUP(C61,'SIURB_INFRA SemDes Jul24'!$A:$D,4,0),""))))) -> 196.05 | L61: =ROUND(K61*(1+$P$3),2) -> 243.32 | M61: =SUMIF(MEMO!$B:$B,PLANILHA_ORC!C61,MEMO!$N:$N) -> 14.7 | N61: =P61 -> 3576.8 | P61: =ROUND(M61*L61,2) -> 3576.8
A62: 12.3 | B62: SINAPI | C62: 95996 | D62: 2 | E62: 6 | F62: 3 | G62: 2.6.3 | H62: PAVIMENTAÇÃO | I62: =IF(B62="SINAPI",VLOOKUP(C62,SINAPI!$G$5:$K$10218,2,0),IF(B62="SICRO",VLOOKUP(C62,SICRO!$A:$D,2,0),IF(B62="SIURB_EDIF",VLOOKUP(C62,SIURB_EDIF_SemDes_Julho24!$A:$D,2,0),IF(B62="CDHU",VLOOKUP(C62,CDHU!$A:$F,2,0),IF(B62="SIURB_INFRA",VLOOKUP(C62,'SIURB_INFRA SemDes Jul24'!$A:$D,2,0),""))))) -> EXECUÇÃO DE PAVIMENTO COM APLICAÇÃO DE CONCRETO ASFÁLTICO, CAMADA DE BINDER - EXCLUSIVE CARGA E TRANSPORTE. AF_11/2019 | J62: =IF(B62="SINAPI",VLOOKUP(C62,SINAPI!$G$5:$K$10218,3,0),IF(B62="SICRO",VLOOKUP(C62,SICRO!$A:$D,3,0),IF(B62="SIURB_EDIF",VLOOKUP(C62,SIURB_EDIF_SemDes_Julho24!$A:$D,3,0),IF(B62="CDHU",VLOOKUP(C62,CDHU!$A:$F,3,0),IF(B62="SIURB_INFRA",VLOOKUP(C62,'SIURB_INFRA SemDes Jul24'!$A:$D,3,0),""))))) -> M3 | K62: =IF(B62="SINAPI",VLOOKUP(C62,SINAPI!$G$5:$K$10218,5,0),IF(B62="SICRO",VLOOKUP(C62,SICRO!$A:$D,4,0),IF(B62="SIURB_EDIF",VLOOKUP(C62,SIURB_EDIF_SemDes_Julho24!$A:$D,4,0),IF(B62="CDHU",VLOOKUP(C62,CDHU!$A:$F,6,0),IF(B62="SIURB_INFRA",VLOOKUP(C62,'SIURB_INFRA SemDes Jul24'!$A:$D,4,0),""))))) -> 1240.52 | L62: =ROUND(K62*(1+$P$3),2) -> 1539.61 | M62: =SUMIF(MEMO!$B:$B,PLANILHA_ORC!C62,MEMO!$N:$N) -> 17.64 | N62: =P62 -> 27158.72 | P62: =ROUND(M62*L62,2) -> 27158.72
A63: 12.4 | B63: SINAPI | C63: 95995 | D63: 2 | E63: 6 | F63: 4 | G63: 2.6.4 | H63: PAVIMENTAÇÃO | I63: =IF(B63="SINAPI",VLOOKUP(C63,SINAPI!$G$5:$K$10218,2,0),IF(B63="SICRO",VLOOKUP(C63,SICRO!$A:$D,2,0),IF(B63="SIURB_EDIF",VLOOKUP(C63,SIURB_EDIF_SemDes_Julho24!$A:$D,2,0),IF(B63="CDHU",VLOOKUP(C63,CDHU!$A:$F,2,0),IF(B63="SIURB_INFRA",VLOOKUP(C63,'SIURB_INFRA SemDes Jul24'!$A:$D,2,0),""))))) -> EXECUÇÃO DE PAVIMENTO COM APLICAÇÃO DE CONCRETO ASFÁLTICO, CAMADA DE ROLAMENTO - EXCLUSIVE CARGA E TRANSPORTE. AF_11/2019 | J63: =IF(B63="SINAPI",VLOOKUP(C63,SINAPI!$G$5:$K$10218,3,0),IF(B63="SICRO",VLOOKUP(C63,SICRO!$A:$D,3,0),IF(B63="SIURB_EDIF",VLOOKUP(C63,SIURB_EDIF_SemDes_Julho24!$A:$D,3,0),IF(B63="CDHU",VLOOKUP(C63,CDHU!$A:$F,3,0),IF(B63="SIURB_INFRA",VLOOKUP(C63,'SIURB_INFRA SemDes Jul24'!$A:$D,3,0),""))))) -> M3 | K63: =IF(B63="SINAPI",VLOOKUP(C63,SINAPI!$G$5:$K$10218,5,0),IF(B63="SICRO",VLOOKUP(C63,SICRO!$A:$D,4,0),IF(B63="SIURB_EDIF",VLOOKUP(C63,SIURB_EDIF_SemDes_Julho24!$A:$D,4,0),IF(B63="CDHU",VLOOKUP(C63,CDHU!$A:$F,6,0),IF(B63="SIURB_INFRA",VLOOKUP(C63,'SIURB_INFRA SemDes Jul24'!$A:$D,4,0),""))))) -> 1439.1 | L63: =ROUND(K63*(1+$P$3),2) -> 1786.07 | M63: =SUMIF(MEMO!$B:$B,PLANILHA_ORC!C63,MEMO!$N:$N) -> 11.76 | N63: =P63 -> 21004.18 | P63: =ROUND(M63*L63,2) -> 21004.18
A64: 12.5 | B64: SINAPI | C64: 94273 | D64: 2 | E64: 6 | F64: 5 | G64: 2.6.5 | H64: PAVIMENTAÇÃO | I64: =IF(B64="SINAPI",VLOOKUP(C64,SINAPI!$G$5:$K$10218,2,0),IF(B64="SICRO",VLOOKUP(C64,SICRO!$A:$D,2,0),IF(B64="SIURB_EDIF",VLOOKUP(C64,SIURB_EDIF_SemDes_Julho24!$A:$D,2,0),IF(B64="CDHU",VLOOKUP(C64,CDHU!$A:$F,2,0),IF(B64="SIURB_INFRA",VLOOKUP(C64,'SIURB_INFRA SemDes Jul24'!$A:$D,2,0),""))))) -> ASSENTAMENTO DE GUIA (MEIO-FIO) EM TRECHO RETO, CONFECCIONADA EM CONCRETO PRÉ-FABRICADO, DIMENSÕES 100X15X13X30 CM (COMPRIMENTO X BASE INFERIOR X BASE SUPERIOR X ALTURA). AF_01/2024 | J64: =IF(B64="SINAPI",VLOOKUP(C64,SINAPI!$G$5:$K$10218,3,0),IF(B64="SICRO",VLOOKUP(C64,SICRO!$A:$D,3,0),IF(B64="SIURB_EDIF",VLOOKUP(C64,SIURB_EDIF_SemDes_Julho24!$A:$D,3,0),IF(B64="CDHU",VLOOKUP(C64,CDHU!$A:$F,3,0),IF(B64="SIURB_INFRA",VLOOKUP(C64,'SIURB_INFRA SemDes Jul24'!$A:$D,3,0),""))))) -> M | K64: =IF(B64="SINAPI",VLOOKUP(C64,SINAPI!$G$5:$K$10218,5,0),IF(B64="SICRO",VLOOKUP(C64,SICRO!$A:$D,4,0),IF(B64="SIURB_EDIF",VLOOKUP(C64,SIURB_EDIF_SemDes_Julho24!$A:$D,4,0),IF(B64="CDHU",VLOOKUP(C64,CDHU!$A:$F,6,0),IF(B64="SIURB_INFRA",VLOOKUP(C64,'SIURB_INFRA SemDes Jul24'!$A:$D,4,0),""))))) -> 45.3 | L64: =ROUND(K64*(1+$P$3),2) -> 56.22 | M64: =SUMIF(MEMO!$B:$B,PLANILHA_ORC!C64,MEMO!$N:$N) -> 84 | N64: =P64 -> 4722.48 | P64: =ROUND(M64*L64,2) -> 4722.48
A65: 12.6 | B65: SINAPI | C65: 94283 | D65: 2 | E65: 6 | F65: 6 | G65: 2.6.6 | H65: PAVIMENTAÇÃO | I65: =IF(B65="SINAPI",VLOOKUP(C65,SINAPI!$G$5:$K$10218,2,0),IF(B65="SICRO",VLOOKUP(C65,SICRO!$A:$D,2,0),IF(B65="SIURB_EDIF",VLOOKUP(C65,SIURB_EDIF_SemDes_Julho24!$A:$D,2,0),IF(B65="CDHU",VLOOKUP(C65,CDHU!$A:$F,2,0),IF(B65="SIURB_INFRA",VLOOKUP(C65,'SIURB_INFRA SemDes Jul24'!$A:$D,2,0),""))))) -> EXECUÇÃO DE SARJETA DE CONCRETO USINADO, MOLDADA IN LOCO EM TRECHO RETO, 45 CM BASE X 15 CM ALTURA. AF_01/2024 | J65: =IF(B65="SINAPI",VLOOKUP(C65,SINAPI!$G$5:$K$10218,3,0),IF(B65="SICRO",VLOOKUP(C65,SICRO!$A:$D,3,0),IF(B65="SIURB_EDIF",VLOOKUP(C65,SIURB_EDIF_SemDes_Julho24!$A:$D,3,0),IF(B65="CDHU",VLOOKUP(C65,CDHU!$A:$F,3,0),IF(B65="SIURB_INFRA",VLOOKUP(C65,'SIURB_INFRA SemDes Jul24'!$A:$D,3,0),""))))) -> M | K65: =IF(B65="SINAPI",VLOOKUP(C65,SINAPI!$G$5:$K$10218,5,0),IF(B65="SICRO",VLOOKUP(C65,SICRO!$A:$D,4,0),IF(B65="SIURB_EDIF",VLOOKUP(C65,SIURB_EDIF_SemDes_Julho24!$A:$D,4,0),IF(B65="CDHU",VLOOKUP(C65,CDHU!$A:$F,6,0),IF(B65="SIURB_INFRA",VLOOKUP(C65,'SIURB_INFRA SemDes Jul24'!$A:$D,4,0),""))))) -> 56.2 | L65: =ROUND(K65*(1+$P$3),2) -> 69.75 | M65: =SUMIF(MEMO!$B:$B,PLANILHA_ORC!C65,MEMO!$N:$N) -> 84 | N65: =P65 -> 5859 | P65: =ROUND(M65*L65,2) -> 5859
A66: 12.7 | B66: SINAPI | C66: 94995 | D66: 2 | E66: 6 | F66: 7 | G66: 2.6.7 | H66: PAVIMENTAÇÃO | I66: =IF(B66="SINAPI",VLOOKUP(C66,SINAPI!$G$5:$K$10218,2,0),IF(B66="SICRO",VLOOKUP(C66,SICRO!$A:$D,2,0),IF(B66="SIURB_EDIF",VLOOKUP(C66,SIURB_EDIF_SemDes_Julho24!$A:$D,2,0),IF(B66="CDHU",VLOOKUP(C66,CDHU!$A:$F,2,0),IF(B66="SIURB_INFRA",VLOOKUP(C66,'SIURB_INFRA SemDes Jul24'!$A:$D,2,0),""))))) -> EXECUÇÃO DE PASSEIO (CALÇADA) OU PISO DE CONCRETO COM CONCRETO MOLDADO IN LOCO, USINADO, ACABAMENTO CONVENCIONAL, ESPESSURA 8 CM, ARMADO. AF_08/2022 | J66: =IF(B66="SINAPI",VLOOKUP(C66,SINAPI!$G$5:$K$10218,3,0),IF(B66="SICRO",VLOOKUP(C66,SICRO!$A:$D,3,0),IF(B66="SIURB_EDIF",VLOOKUP(C66,SIURB_EDIF_SemDes_Julho24!$A:$D,3,0),IF(B66="CDHU",VLOOKUP(C66,CDHU!$A:$F,3,0),IF(B66="SIURB_INFRA",VLOOKUP(C66,'SIURB_INFRA SemDes Jul24'!$A:$D,3,0),""))))) -> M2 | K66: =IF(B66="SINAPI",VLOOKUP(C66,SINAPI!$G$5:$K$10218,5,0),IF(B66="SICRO",VLOOKUP(C66,SICRO!$A:$D,4,0),IF(B66="SIURB_EDIF",VLOOKUP(C66,SIURB_EDIF_SemDes_Julho24!$A:$D,4,0),IF(B66="CDHU",VLOOKUP(C66,CDHU!$A:$F,6,0),IF(B66="SIURB_INFRA",VLOOKUP(C66,'SIURB_INFRA SemDes Jul24'!$A:$D,4,0),""))))) -> 84.9 | L66: =ROUND(K66*(1+$P$3),2) -> 105.37 | M66: =SUMIF(MEMO!$B:$B,PLANILHA_ORC!C66,MEMO!$N:$N) -> 126 | N66: =P66 -> 13276.62 | P66: =ROUND(M66*L66,2) -> 13276.62
A67: 13 | D67: 2 | E67: 7 | G67: 2.7 | H67: BASE | I67: BASE | N67: =SUBTOTAL(9,N68:N70) -> 126229.33 | P67: =SUBTOTAL(9,P68:P70) -> 126229.33
A68: 13.1 | B68: SINAPI | C68: 105745 | D68: 2 | E68: 7 | F68: 1 | G68: 2.7.1 | H68: BASE | I68: =IF(B68="SINAPI",VLOOKUP(C68,SINAPI!$G$5:$K$10218,2,0),IF(B68="SICRO",VLOOKUP(C68,SICRO!$A:$D,2,0),IF(B68="SIURB_EDIF",VLOOKUP(C68,SIURB_EDIF_SemDes_Julho24!$A:$D,2,0),IF(B68="CDHU",VLOOKUP(C68,CDHU!$A:$F,2,0),IF(B68="SIURB_INFRA",VLOOKUP(C68,'SIURB_INFRA SemDes Jul24'!$A:$D,2,0),""))))) -> CONSTRUÇÃO DE BASE E SUB-BASE PARA PAVIMENTAÇÃO DE RACHÃO, COM ESPESSURA DE 50 CM - EXCLUSIVE CARGA E TRANSPORTE. AF_09/2024 | J68: =IF(B68="SINAPI",VLOOKUP(C68,SINAPI!$G$5:$K$10218,3,0),IF(B68="SICRO",VLOOKUP(C68,SICRO!$A:$D,3,0),IF(B68="SIURB_EDIF",VLOOKUP(C68,SIURB_EDIF_SemDes_Julho24!$A:$D,3,0),IF(B68="CDHU",VLOOKUP(C68,CDHU!$A:$F,3,0),IF(B68="SIURB_INFRA",VLOOKUP(C68,'SIURB_INFRA SemDes Jul24'!$A:$D,3,0),""))))) -> M3 | K68: =IF(B68="SINAPI",VLOOKUP(C68,SINAPI!$G$5:$K$10218,5,0),IF(B68="SICRO",VLOOKUP(C68,SICRO!$A:$D,4,0),IF(B68="SIURB_EDIF",VLOOKUP(C68,SIURB_EDIF_SemDes_Julho24!$A:$D,4,0),IF(B68="CDHU",VLOOKUP(C68,CDHU!$A:$F,6,0),IF(B68="SIURB_INFRA",VLOOKUP(C68,'SIURB_INFRA SemDes Jul24'!$A:$D,4,0),""))))) -> 96.76 | L68: =ROUND(K68*(1+$P$3),2) -> 120.09 | M68: =SUMIF(MEMO!$B:$B,PLANILHA_ORC!C68,MEMO!$N:$N) -> 398.18 | N68: =P68 -> 47817.44 | P68: =ROUND(M68*L68,2) -> 47817.44
A69: 13.2 | B69: SINAPI | C69: 100324 | D69: 2 | E69: 7 | F69: 2 | G69: 2.7.2 | H69: BASE | I69: =IF(B69="SINAPI",VLOOKUP(C69,SINAPI!$G$5:$K$10218,2,0),IF(B69="SICRO",VLOOKUP(C69,SICRO!$A:$D,2,0),IF(B69="SIURB_EDIF",VLOOKUP(C69,SIURB_EDIF_SemDes_Julho24!$A:$D,2,0),IF(B69="CDHU",VLOOKUP(C69,CDHU!$A:$F,2,0),IF(B69="SIURB_INFRA",VLOOKUP(C69,'SIURB_INFRA SemDes Jul24'!$A:$D,2,0),""))))) -> LASTRO COM MATERIAL GRANULAR (PEDRA BRITADA N.1 E PEDRA BRITADA N.2), APLICADO EM PISOS OU LAJES SOBRE SOLO, ESPESSURA DE *10 CM*. AF_01/2024 | J69: =IF(B69="SINAPI",VLOOKUP(C69,SINAPI!$G$5:$K$10218,3,0),IF(B69="SICRO",VLOOKUP(C69,SICRO!$A:$D,3,0),IF(B69="SIURB_EDIF",VLOOKUP(C69,SIURB_EDIF_SemDes_Julho24!$A:$D,3,0),IF(B69="CDHU",VLOOKUP(C69,CDHU!$A:$F,3,0),IF(B69="SIURB_INFRA",VLOOKUP(C69,'SIURB_INFRA SemDes Jul24'!$A:$D,3,0),""))))) -> M3 | K69: =IF(B69="SINAPI",VLOOKUP(C69,SINAPI!$G$5:$K$10218,5,0),IF(B69="SICRO",VLOOKUP(C69,SICRO!$A:$D,4,0),IF(B69="SIURB_EDIF",VLOOKUP(C69,SIURB_EDIF_SemDes_Julho24!$A:$D,4,0),IF(B69="CDHU",VLOOKUP(C69,CDHU!$A:$F,6,0),IF(B69="SIURB_INFRA",VLOOKUP(C69,'SIURB_INFRA SemDes Jul24'!$A:$D,4,0),""))))) -> 164.88 | L69: =ROUND(K69*(1+$P$3),2) -> 204.63 | M69: =SUMIF(MEMO!$B:$B,PLANILHA_ORC!C69,MEMO!$N:$N) -> 72.57 | N69: =P69 -> 14850 | P69: =ROUND(M69*L69,2) -> 14850
A70: 13.3 | B70: SINAPI | C70: 96620 | D70: 2 | E70: 7 | F70: 3 | G70: 2.7.3 | H70: BASE | I70: =IF(B70="SINAPI",VLOOKUP(C70,SINAPI!$G$5:$K$10218,2,0),IF(B70="SICRO",VLOOKUP(C70,SICRO!$A:$D,2,0),IF(B70="SIURB_EDIF",VLOOKUP(C70,SIURB_EDIF_SemDes_Julho24!$A:$D,2,0),IF(B70="CDHU",VLOOKUP(C70,CDHU!$A:$F,2,0),IF(B70="SIURB_INFRA",VLOOKUP(C70,'SIURB_INFRA SemDes Jul24'!$A:$D,2,0),""))))) -> LASTRO DE CONCRETO MAGRO, APLICADO EM PISOS, LAJES SOBRE SOLO OU RADIERS. AF_01/2024 | J70: =IF(B70="SINAPI",VLOOKUP(C70,SINAPI!$G$5:$K$10218,3,0),IF(B70="SICRO",VLOOKUP(C70,SICRO!$A:$D,3,0),IF(B70="SIURB_EDIF",VLOOKUP(C70,SIURB_EDIF_SemDes_Julho24!$A:$D,3,0),IF(B70="CDHU",VLOOKUP(C70,CDHU!$A:$F,3,0),IF(B70="SIURB_INFRA",VLOOKUP(C70,'SIURB_INFRA SemDes Jul24'!$A:$D,3,0),""))))) -> M3 | K70: =IF(B70="SINAPI",VLOOKUP(C70,SINAPI!$G$5:$K$10218,5,0),IF(B70="SICRO",VLOOKUP(C70,SICRO!$A:$D,4,0),IF(B70="SIURB_EDIF",VLOOKUP(C70,SIURB_EDIF_SemDes_Julho24!$A:$D,4,0),IF(B70="CDHU",VLOOKUP(C70,CDHU!$A:$F,6,0),IF(B70="SIURB_INFRA",VLOOKUP(C70,'SIURB_INFRA SemDes Jul24'!$A:$D,4,0),""))))) -> 705.72 | L70: =ROUND(K70*(1+$P$3),2) -> 875.87 | M70: =SUMIF(MEMO!$B:$B,PLANILHA_ORC!C70,MEMO!$N:$N) -> 72.57 | N70: =P70 -> 63561.89 | P70: =ROUND(M70*L70,2) -> 63561.89
A71: 14 | D71: 2 | E71: 8 | G71: 2.8 | H71: ESCORAMENTOS | I71: ESCORAMENTOS | N71: =SUBTOTAL(9,N72:N74) -> 339392.15 | P71: =SUBTOTAL(9,P72:P74) -> 339392.15
A72: 14.1 | B72: SICRO | C72: 2106293 | D72: 2 | E72: 8 | F72: 1 | G72: 2.8.1 | H72: ESCORAMENTOS | I72: =IF(B72="SINAPI",VLOOKUP(C72,SINAPI!$G$5:$K$10218,2,0),IF(B72="SICRO",VLOOKUP(C72,SICRO!$A:$D,2,0),IF(B72="SIURB_EDIF",VLOOKUP(C72,SIURB_EDIF_SemDes_Julho24!$A:$D,2,0),IF(B72="CDHU",VLOOKUP(C72,CDHU!$A:$F,2,0),IF(B72="SIURB_INFRA",VLOOKUP(C72,'SIURB_INFRA SemDes Jul24'!$A:$D,2,0),""))))) -> Escoramento com perfis metálicos W 150 x 18,0 kg/m a cada metro e chapas de aço - estroncas a cada 2 m não incluídas - profundidade de até 10 m - aço com utilização de 20 vezes - fornecimento, instalação e retirada | J72: =IF(B72="SINAPI",VLOOKUP(C72,SINAPI!$G$5:$K$10218,3,0),IF(B72="SICRO",VLOOKUP(C72,SICRO!$A:$D,3,0),IF(B72="SIURB_EDIF",VLOOKUP(C72,SIURB_EDIF_SemDes_Julho24!$A:$D,3,0),IF(B72="CDHU",VLOOKUP(C72,CDHU!$A:$F,3,0),IF(B72="SIURB_INFRA",VLOOKUP(C72,'SIURB_INFRA SemDes Jul24'!$A:$D,3,0),""))))) -> m² | K72: =IF(B72="SINAPI",VLOOKUP(C72,SINAPI!$G$5:$K$10218,5,0),IF(B72="SICRO",VLOOKUP(C72,SICRO!$A:$D,4,0),IF(B72="SIURB_EDIF",VLOOKUP(C72,SIURB_EDIF_SemDes_Julho24!$A:$D,4,0),IF(B72="CDHU",VLOOKUP(C72,CDHU!$A:$F,6,0),IF(B72="SIURB_INFRA",VLOOKUP(C72,'SIURB_INFRA SemDes Jul24'!$A:$D,4,0),""))))) -> 228.1 | L72: =ROUND(K72*(1+$P$3),2) -> 283.09 | M72: =SUMIF(MEMO!$B:$B,PLANILHA_ORC!C72,MEMO!$N:$N) -> 1184.75 | N72: =P72 -> 335390.88 | P72: =ROUND(M72*L72,2) -> 335390.88
A73: 14.2 | B73: SICRO | C73: 2106298 | D73: 2 | E73: 8 | F73: 2 | G73: 2.8.2 | H73: ESCORAMENTOS | I73: =IF(B73="SINAPI",VLOOKUP(C73,SINAPI!$G$5:$K$10218,2,0),IF(B73="SICRO",VLOOKUP(C73,SICRO!$A:$D,2,0),IF(B73="SIURB_EDIF",VLOOKUP(C73,SIURB_EDIF_SemDes_Julho24!$A:$D,2,0),IF(B73="CDHU",VLOOKUP(C73,CDHU!$A:$F,2,0),IF(B73="SIURB_INFRA",VLOOKUP(C73,'SIURB_INFRA SemDes Jul24'!$A:$D,2,0),""))))) -> Estroncas em perfil metálico W 150 x 18,0 kg/m - utilização de 20 vezes | J73: =IF(B73="SINAPI",VLOOKUP(C73,SINAPI!$G$5:$K$10218,3,0),IF(B73="SICRO",VLOOKUP(C73,SICRO!$A:$D,3,0),IF(B73="SIURB_EDIF",VLOOKUP(C73,SIURB_EDIF_SemDes_Julho24!$A:$D,3,0),IF(B73="CDHU",VLOOKUP(C73,CDHU!$A:$F,3,0),IF(B73="SIURB_INFRA",VLOOKUP(C73,'SIURB_INFRA SemDes Jul24'!$A:$D,3,0),""))))) -> m | K73: =IF(B73="SINAPI",VLOOKUP(C73,SINAPI!$G$5:$K$10218,5,0),IF(B73="SICRO",VLOOKUP(C73,SICRO!$A:$D,4,0),IF(B73="SIURB_EDIF",VLOOKUP(C73,SIURB_EDIF_SemDes_Julho24!$A:$D,4,0),IF(B73="CDHU",VLOOKUP(C73,CDHU!$A:$F,6,0),IF(B73="SIURB_INFRA",VLOOKUP(C73,'SIURB_INFRA SemDes Jul24'!$A:$D,4,0),""))))) -> 39.66 | L73: =ROUND(K73*(1+$P$3),2) -> 49.22 | M73: =SUMIF(MEMO!$B:$B,PLANILHA_ORC!C73,MEMO!$N:$N) -> 51.39 | N73: =P73 -> 2529.42 | P73: =ROUND(M73*L73,2) -> 2529.42
A74: 14.3 | B74: SICRO | C74: 2108167 | D74: 2 | E74: 8 | F74: 3 | G74: 2.8.3 | H74: ESCORAMENTOS | I74: =IF(B74="SINAPI",VLOOKUP(C74,SINAPI!$G$5:$K$10218,2,0),IF(B74="SICRO",VLOOKUP(C74,SICRO!$A:$D,2,0),IF(B74="SIURB_EDIF",VLOOKUP(C74,SIURB_EDIF_SemDes_Julho24!$A:$D,2,0),IF(B74="CDHU",VLOOKUP(C74,CDHU!$A:$F,2,0),IF(B74="SIURB_INFRA",VLOOKUP(C74,'SIURB_INFRA SemDes Jul24'!$A:$D,2,0),""))))) -> Escoramento com pontaletes D = 10 cm - utilização de 3 vezes - confecção, instalação e retirada | J74: =IF(B74="SINAPI",VLOOKUP(C74,SINAPI!$G$5:$K$10218,3,0),IF(B74="SICRO",VLOOKUP(C74,SICRO!$A:$D,3,0),IF(B74="SIURB_EDIF",VLOOKUP(C74,SIURB_EDIF_SemDes_Julho24!$A:$D,3,0),IF(B74="CDHU",VLOOKUP(C74,CDHU!$A:$F,3,0),IF(B74="SIURB_INFRA",VLOOKUP(C74,'SIURB_INFRA SemDes Jul24'!$A:$D,3,0),""))))) -> m³ | K74: =IF(B74="SINAPI",VLOOKUP(C74,SINAPI!$G$5:$K$10218,5,0),IF(B74="SICRO",VLOOKUP(C74,SICRO!$A:$D,4,0),IF(B74="SIURB_EDIF",VLOOKUP(C74,SIURB_EDIF_SemDes_Julho24!$A:$D,4,0),IF(B74="CDHU",VLOOKUP(C74,CDHU!$A:$F,6,0),IF(B74="SIURB_INFRA",VLOOKUP(C74,'SIURB_INFRA SemDes Jul24'!$A:$D,4,0),""))))) -> 22.95 | L74: =ROUND(K74*(1+$P$3),2) -> 28.48 | M74: =SUMIF(MEMO!$B:$B,PLANILHA_ORC!C74,MEMO!$N:$N) -> 51.68 | N74: =P74 -> 1471.85 | P74: =ROUND(M74*L74,2) -> 1471.85
A75: 15 | D75: 2 | E75: 9 | G75: 2.9 | H75: ESTRUTURA | I75: ESTRUTURA | N75: =SUBTOTAL(9,N76:N80) -> 759023.47 | P75: =SUBTOTAL(9,P76:P80) -> 759023.47
A76: 15.1 | B76: SICRO | C76: 3103302 | D76: 2 | E76: 9 | F76: 1 | G76: 2.9.1 | H76: ESTRUTURA | I76: =IF(B76="SINAPI",VLOOKUP(C76,SINAPI!$G$5:$K$10218,2,0),IF(B76="SICRO",VLOOKUP(C76,SICRO!$A:$D,2,0),IF(B76="SIURB_EDIF",VLOOKUP(C76,SIURB_EDIF_SemDes_Julho24!$A:$D,2,0),IF(B76="CDHU",VLOOKUP(C76,CDHU!$A:$F,2,0),IF(B76="SIURB_INFRA",VLOOKUP(C76,'SIURB_INFRA SemDes Jul24'!$A:$D,2,0),""))))) -> Fôrmas de tábuas de pinho para dispositivos de drenagem - utilização de 3 vezes - confecção, instalação e retirada | J76: =IF(B76="SINAPI",VLOOKUP(C76,SINAPI!$G$5:$K$10218,3,0),IF(B76="SICRO",VLOOKUP(C76,SICRO!$A:$D,3,0),IF(B76="SIURB_EDIF",VLOOKUP(C76,SIURB_EDIF_SemDes_Julho24!$A:$D,3,0),IF(B76="CDHU",VLOOKUP(C76,CDHU!$A:$F,3,0),IF(B76="SIURB_INFRA",VLOOKUP(C76,'SIURB_INFRA SemDes Jul24'!$A:$D,3,0),""))))) -> m² | K76: =IF(B76="SINAPI",VLOOKUP(C76,SINAPI!$G$5:$K$10218,5,0),IF(B76="SICRO",VLOOKUP(C76,SICRO!$A:$D,4,0),IF(B76="SIURB_EDIF",VLOOKUP(C76,SIURB_EDIF_SemDes_Julho24!$A:$D,4,0),IF(B76="CDHU",VLOOKUP(C76,CDHU!$A:$F,6,0),IF(B76="SIURB_INFRA",VLOOKUP(C76,'SIURB_INFRA SemDes Jul24'!$A:$D,4,0),""))))) -> 77.83 | L76: =ROUND(K76*(1+$P$3),2) -> 96.59 | M76: =SUMIF(MEMO!$B:$B,PLANILHA_ORC!C76,MEMO!$N:$N) -> 1587.07 | N76: =P76 -> 153295.09 | P76: =ROUND(M76*L76,2) -> 153295.09
A77: 15.2 | B77: SIURB_EDIF | C77: 3003021 | D77: 2 | E77: 9 | F77: 2 | G77: 2.9.2 | H77: ESTRUTURA | I77: =IF(B77="SINAPI",VLOOKUP(C77,SINAPI!$G$5:$K$10218,2,0),IF(B77="SICRO",VLOOKUP(C77,SICRO!$A:$D,2,0),IF(B77="SIURB_EDIF",VLOOKUP(C77,SIURB_EDIF_SemDes_Julho24!$A:$D,2,0),IF(B77="CDHU",VLOOKUP(C77,CDHU!$A:$F,2,0),IF(B77="SIURB_INFRA",VLOOKUP(C77,'SIURB_INFRA SemDes Jul24'!$A:$D,2,0),""))))) -> CONCRETO FCK = 30,0MPA - USINADO E BOMBEÁVEL | J77: =IF(B77="SINAPI",VLOOKUP(C77,SINAPI!$G$5:$K$10218,3,0),IF(B77="SICRO",VLOOKUP(C77,SICRO!$A:$D,3,0),IF(B77="SIURB_EDIF",VLOOKUP(C77,SIURB_EDIF_SemDes_Julho24!$A:$D,3,0),IF(B77="CDHU",VLOOKUP(C77,CDHU!$A:$F,3,0),IF(B77="SIURB_INFRA",VLOOKUP(C77,'SIURB_INFRA SemDes Jul24'!$A:$D,3,0),""))))) -> M3 | K77: =IF(B77="SINAPI",VLOOKUP(C77,SINAPI!$G$5:$K$10218,5,0),IF(B77="SICRO",VLOOKUP(C77,SICRO!$A:$D,4,0),IF(B77="SIURB_EDIF",VLOOKUP(C77,SIURB_EDIF_SemDes_Julho24!$A:$D,4,0),IF(B77="CDHU",VLOOKUP(C77,CDHU!$A:$F,6,0),IF(B77="SIURB_INFRA",VLOOKUP(C77,'SIURB_INFRA SemDes Jul24'!$A:$D,4,0),""))))) -> 551.61 | L77: =ROUND(K77*(1+$P$3),2) -> 684.6 | M77: =SUMIF(MEMO!$B:$B,PLANILHA_ORC!C77,MEMO!$N:$N) -> 199.91 | N77: =P77 -> 136858.39 | P77: =ROUND(M77*L77,2) -> 136858.39
A78: 15.3 | B78: SIURB_EDIF | C78: 3003030 | D78: 2 | E78: 9 | F78: 3 | G78: 2.9.3 | H78: ESTRUTURA | I78: =IF(B78="SINAPI",VLOOKUP(C78,SINAPI!$G$5:$K$10218,2,0),IF(B78="SICRO",VLOOKUP(C78,SICRO!$A:$D,2,0),IF(B78="SIURB_EDIF",VLOOKUP(C78,SIURB_EDIF_SemDes_Julho24!$A:$D,2,0),IF(B78="CDHU",VLOOKUP(C78,CDHU!$A:$F,2,0),IF(B78="SIURB_INFRA",VLOOKUP(C78,'SIURB_INFRA SemDes Jul24'!$A:$D,2,0),""))))) -> BOMBEAMENTO DE CONCRETO | J78: =IF(B78="SINAPI",VLOOKUP(C78,SINAPI!$G$5:$K$10218,3,0),IF(B78="SICRO",VLOOKUP(C78,SICRO!$A:$D,3,0),IF(B78="SIURB_EDIF",VLOOKUP(C78,SIURB_EDIF_SemDes_Julho24!$A:$D,3,0),IF(B78="CDHU",VLOOKUP(C78,CDHU!$A:$F,3,0),IF(B78="SIURB_INFRA",VLOOKUP(C78,'SIURB_INFRA SemDes Jul24'!$A:$D,3,0),""))))) -> M3 | K78: =IF(B78="SINAPI",VLOOKUP(C78,SINAPI!$G$5:$K$10218,5,0),IF(B78="SICRO",VLOOKUP(C78,SICRO!$A:$D,4,0),IF(B78="SIURB_EDIF",VLOOKUP(C78,SIURB_EDIF_SemDes_Julho24!$A:$D,4,0),IF(B78="CDHU",VLOOKUP(C78,CDHU!$A:$F,6,0),IF(B78="SIURB_INFRA",VLOOKUP(C78,'SIURB_INFRA SemDes Jul24'!$A:$D,4,0),""))))) -> 60.6 | L78: =ROUND(K78*(1+$P$3),2) -> 75.21 | M78: =SUMIF(MEMO!$B:$B,PLANILHA_ORC!C78,MEMO!$N:$N) -> 199.91 | N78: =P78 -> 15035.23 | P78: =ROUND(M78*L78,2) -> 15035.23
A79: 15.4 | B79: SINAPI | C79: 102730 | D79: 2 | E79: 9 | F79: 4 | G79: 2.9.4 | H79: ESTRUTURA | I79: =IF(B79="SINAPI",VLOOKUP(C79,SINAPI!$G$5:$K$10218,2,0),IF(B79="SICRO",VLOOKUP(C79,SICRO!$A:$D,2,0),IF(B79="SIURB_EDIF",VLOOKUP(C79,SIURB_EDIF_SemDes_Julho24!$A:$D,2,0),IF(B79="CDHU",VLOOKUP(C79,CDHU!$A:$F,2,0),IF(B79="SIURB_INFRA",VLOOKUP(C79,'SIURB_INFRA SemDes Jul24'!$A:$D,2,0),""))))) -> ARMAÇÃO DE MURO ALA E MURO TESTA UTILIZANDO AÇO CA-50 DE 10 MM - MONTAGEM. AF_07/2021 | J79: =IF(B79="SINAPI",VLOOKUP(C79,SINAPI!$G$5:$K$10218,3,0),IF(B79="SICRO",VLOOKUP(C79,SICRO!$A:$D,3,0),IF(B79="SIURB_EDIF",VLOOKUP(C79,SIURB_EDIF_SemDes_Julho24!$A:$D,3,0),IF(B79="CDHU",VLOOKUP(C79,CDHU!$A:$F,3,0),IF(B79="SIURB_INFRA",VLOOKUP(C79,'SIURB_INFRA SemDes Jul24'!$A:$D,3,0),""))))) -> KG | K79: =IF(B79="SINAPI",VLOOKUP(C79,SINAPI!$G$5:$K$10218,5,0),IF(B79="SICRO",VLOOKUP(C79,SICRO!$A:$D,4,0),IF(B79="SIURB_EDIF",VLOOKUP(C79,SIURB_EDIF_SemDes_Julho24!$A:$D,4,0),IF(B79="CDHU",VLOOKUP(C79,CDHU!$A:$F,6,0),IF(B79="SIURB_INFRA",VLOOKUP(C79,'SIURB_INFRA SemDes Jul24'!$A:$D,4,0),""))))) -> 12.07 | L79: =ROUND(K79*(1+$P$3),2) -> 14.98 | M79: =SUMIF(MEMO!$B:$B,PLANILHA_ORC!C79,MEMO!$N:$N) -> 2750.25 | N79: =P79 -> 41198.75 | P79: =ROUND(M79*L79,2) -> 41198.75
A80: 15.5 | B80: SINAPI | C80: 92919 | D80: 2 | E80: 9 | F80: 5 | G80: 2.9.5 | H80: ESTRUTURA | I80: =IF(B80="SINAPI",VLOOKUP(C80,SINAPI!$G$5:$K$10218,2,0),IF(B80="SICRO",VLOOKUP(C80,SICRO!$A:$D,2,0),IF(B80="SIURB_EDIF",VLOOKUP(C80,SIURB_EDIF_SemDes_Julho24!$A:$D,2,0),IF(B80="CDHU",VLOOKUP(C80,CDHU!$A:$F,2,0),IF(B80="SIURB_INFRA",VLOOKUP(C80,'SIURB_INFRA SemDes Jul24'!$A:$D,2,0),""))))) -> ARMAÇÃO DE ESTRUTURAS DIVERSAS DE CONCRETO ARMADO, EXCETO VIGAS, PILARES, LAJES E FUNDAÇÕES, UTILIZANDO AÇO CA-50 DE 10,0 MM - MONTAGEM. AF_06/2022 | J80: =IF(B80="SINAPI",VLOOKUP(C80,SINAPI!$G$5:$K$10218,3,0),IF(B80="SICRO",VLOOKUP(C80,SICRO!$A:$D,3,0),IF(B80="SIURB_EDIF",VLOOKUP(C80,SIURB_EDIF_SemDes_Julho24!$A:$D,3,0),IF(B80="CDHU",VLOOKUP(C80,CDHU!$A:$F,3,0),IF(B80="SIURB_INFRA",VLOOKUP(C80,'SIURB_INFRA SemDes Jul24'!$A:$D,3,0),""))))) -> KG | K80: =IF(B80="SINAPI",VLOOKUP(C80,SINAPI!$G$5:$K$10218,5,0),IF(B80="SICRO",VLOOKUP(C80,SICRO!$A:$D,4,0),IF(B80="SIURB_EDIF",VLOOKUP(C80,SIURB_EDIF_SemDes_Julho24!$A:$D,4,0),IF(B80="CDHU",VLOOKUP(C80,CDHU!$A:$F,6,0),IF(B80="SIURB_INFRA",VLOOKUP(C80,'SIURB_INFRA SemDes Jul24'!$A:$D,4,0),""))))) -> 12.21 | L80: =ROUND(K80*(1+$P$3),2) -> 15.15 | M80: =SUMIF(MEMO!$B:$B,PLANILHA_ORC!C80,MEMO!$N:$N) -> 27236.7 | N80: =P80 -> 412636.01 | P80: =ROUND(M80*L80,2) -> 412636.01
A81: 16 | D81: 2 | E81: 10 | G81: 2.10 | H81: DRENAGEM | I81: DRENAGEM | N81: =SUBTOTAL(9,N82:N86) -> 174761.36 | P81: =SUBTOTAL(9,P82:P86) -> 174761.36
A82: 16.1 | B82: SIURB_INFRA | C82: 6045000 | D82: 2 | E82: 10 | F82: 1 | G82: 2.10.1 | H82: DRENAGEM | I82: =IF(B82="SINAPI",VLOOKUP(C82,SINAPI!$G$5:$K$10218,2,0),IF(B82="SICRO",VLOOKUP(C82,SICRO!$A:$D,2,0),IF(B82="SIURB_EDIF",VLOOKUP(C82,SIURB_EDIF_SemDes_Julho24!$A:$D,2,0),IF(B82="CDHU",VLOOKUP(C82,CDHU!$A:$F,2,0),IF(B82="SIURB_INFRA",VLOOKUP(C82,'SIURB_INFRA SemDes Jul24'!$A:$D,2,0),""))))) -> ENSECADEIRA DE MADEIRA EM PAREDES DUPLAS, COM POSTERIOR RETIRADA DO MATERIAL | J82: =IF(B82="SINAPI",VLOOKUP(C82,SINAPI!$G$5:$K$10218,3,0),IF(B82="SICRO",VLOOKUP(C82,SICRO!$A:$D,3,0),IF(B82="SIURB_EDIF",VLOOKUP(C82,SIURB_EDIF_SemDes_Julho24!$A:$D,3,0),IF(B82="CDHU",VLOOKUP(C82,CDHU!$A:$F,3,0),IF(B82="SIURB_INFRA",VLOOKUP(C82,'SIURB_INFRA SemDes Jul24'!$A:$D,3,0),""))))) -> M2 | K82: =IF(B82="SINAPI",VLOOKUP(C82,SINAPI!$G$5:$K$10218,5,0),IF(B82="SICRO",VLOOKUP(C82,SICRO!$A:$D,4,0),IF(B82="SIURB_EDIF",VLOOKUP(C82,SIURB_EDIF_SemDes_Julho24!$A:$D,4,0),IF(B82="CDHU",VLOOKUP(C82,CDHU!$A:$F,6,0),IF(B82="SIURB_INFRA",VLOOKUP(C82,'SIURB_INFRA SemDes Jul24'!$A:$D,4,0),""))))) -> 295.01 | L82: =ROUND(K82*(1+$P$3),2) -> 366.14 | M82: =SUMIF(MEMO!$B:$B,PLANILHA_ORC!C82,MEMO!$N:$N) -> 357.1 | N82: =P82 -> 130748.59 | P82: =ROUND(M82*L82,2) -> 130748.59
A83: 16.2 | B83: SINAPI | C83: 102713 | D83: 2 | E83: 10 | F83: 2 | G83: 2.10.2 | H83: DRENAGEM | I83: =IF(B83="SINAPI",VLOOKUP(C83,SINAPI!$G$5:$K$10218,2,0),IF(B83="SICRO",VLOOKUP(C83,SICRO!$A:$D,2,0),IF(B83="SIURB_EDIF",VLOOKUP(C83,SIURB_EDIF_SemDes_Julho24!$A:$D,2,0),IF(B83="CDHU",VLOOKUP(C83,CDHU!$A:$F,2,0),IF(B83="SIURB_INFRA",VLOOKUP(C83,'SIURB_INFRA SemDes Jul24'!$A:$D,2,0),""))))) -> GEOTÊXTIL NÃO TECIDO 100% POLIÉSTER, RESISTÊNCIA A TRAÇÃO DE 14 KN/M (RT - 14), INSTALADO EM DRENO - FORNECIMENTO E INSTALAÇÃO. AF_07/2021 | J83: =IF(B83="SINAPI",VLOOKUP(C83,SINAPI!$G$5:$K$10218,3,0),IF(B83="SICRO",VLOOKUP(C83,SICRO!$A:$D,3,0),IF(B83="SIURB_EDIF",VLOOKUP(C83,SIURB_EDIF_SemDes_Julho24!$A:$D,3,0),IF(B83="CDHU",VLOOKUP(C83,CDHU!$A:$F,3,0),IF(B83="SIURB_INFRA",VLOOKUP(C83,'SIURB_INFRA SemDes Jul24'!$A:$D,3,0),""))))) -> M2 | K83: =IF(B83="SINAPI",VLOOKUP(C83,SINAPI!$G$5:$K$10218,5,0),IF(B83="SICRO",VLOOKUP(C83,SICRO!$A:$D,4,0),IF(B83="SIURB_EDIF",VLOOKUP(C83,SIURB_EDIF_SemDes_Julho24!$A:$D,4,0),IF(B83="CDHU",VLOOKUP(C83,CDHU!$A:$F,6,0),IF(B83="SIURB_INFRA",VLOOKUP(C83,'SIURB_INFRA SemDes Jul24'!$A:$D,4,0),""))))) -> 12.74 | L83: =ROUND(K83*(1+$P$3),2) -> 15.81 | M83: =SUMIF(MEMO!$B:$B,PLANILHA_ORC!C83,MEMO!$N:$N) -> 1414.83 | N83: =P83 -> 22368.46 | P83: =ROUND(M83*L83,2) -> 22368.46
A84: 16.3 | B84: SINAPI | C84: 102717 | D84: 2 | E84: 10 | F84: 3 | G84: 2.10.3 | H84: DRENAGEM | I84: =IF(B84="SINAPI",VLOOKUP(C84,SINAPI!$G$5:$K$10218,2,0),IF(B84="SICRO",VLOOKUP(C84,SICRO!$A:$D,2,0),IF(B84="SIURB_EDIF",VLOOKUP(C84,SIURB_EDIF_SemDes_Julho24!$A:$D,2,0),IF(B84="CDHU",VLOOKUP(C84,CDHU!$A:$F,2,0),IF(B84="SIURB_INFRA",VLOOKUP(C84,'SIURB_INFRA SemDes Jul24'!$A:$D,2,0),""))))) -> ENCHIMENTO DE BRITA PARA DRENO, LANÇAMENTO MECANIZADO. AF_07/2021 | J84: =IF(B84="SINAPI",VLOOKUP(C84,SINAPI!$G$5:$K$10218,3,0),IF(B84="SICRO",VLOOKUP(C84,SICRO!$A:$D,3,0),IF(B84="SIURB_EDIF",VLOOKUP(C84,SIURB_EDIF_SemDes_Julho24!$A:$D,3,0),IF(B84="CDHU",VLOOKUP(C84,CDHU!$A:$F,3,0),IF(B84="SIURB_INFRA",VLOOKUP(C84,'SIURB_INFRA SemDes Jul24'!$A:$D,3,0),""))))) -> M3 | K84: =IF(B84="SINAPI",VLOOKUP(C84,SINAPI!$G$5:$K$10218,5,0),IF(B84="SICRO",VLOOKUP(C84,SICRO!$A:$D,4,0),IF(B84="SIURB_EDIF",VLOOKUP(C84,SIURB_EDIF_SemDes_Julho24!$A:$D,4,0),IF(B84="CDHU",VLOOKUP(C84,CDHU!$A:$F,6,0),IF(B84="SIURB_INFRA",VLOOKUP(C84,'SIURB_INFRA SemDes Jul24'!$A:$D,4,0),""))))) -> 114.45 | L84: =ROUND(K84*(1+$P$3),2) -> 142.04 | M84: =SUMIF(MEMO!$B:$B,PLANILHA_ORC!C84,MEMO!$N:$N) -> 137.23 | N84: =P84 -> 19492.15 | P84: =ROUND(M84*L84,2) -> 19492.15
A85: 16.4 | B85: SINAPI | C85: 89578 | D85: 2 | E85: 10 | F85: 4 | G85: 2.10.4 | H85: DRENAGEM | I85: =IF(B85="SINAPI",VLOOKUP(C85,SINAPI!$G$5:$K$10218,2,0),IF(B85="SICRO",VLOOKUP(C85,SICRO!$A:$D,2,0),IF(B85="SIURB_EDIF",VLOOKUP(C85,SIURB_EDIF_SemDes_Julho24!$A:$D,2,0),IF(B85="CDHU",VLOOKUP(C85,CDHU!$A:$F,2,0),IF(B85="SIURB_INFRA",VLOOKUP(C85,'SIURB_INFRA SemDes Jul24'!$A:$D,2,0),""))))) -> TUBO PVC, SÉRIE R, ÁGUA PLUVIAL, DN 100 MM, FORNECIDO E INSTALADO EM CONDUTORES VERTICAIS DE ÁGUAS PLUVIAIS. AF_06/2022 | J85: =IF(B85="SINAPI",VLOOKUP(C85,SINAPI!$G$5:$K$10218,3,0),IF(B85="SICRO",VLOOKUP(C85,SICRO!$A:$D,3,0),IF(B85="SIURB_EDIF",VLOOKUP(C85,SIURB_EDIF_SemDes_Julho24!$A:$D,3,0),IF(B85="CDHU",VLOOKUP(C85,CDHU!$A:$F,3,0),IF(B85="SIURB_INFRA",VLOOKUP(C85,'SIURB_INFRA SemDes Jul24'!$A:$D,3,0),""))))) -> M | K85: =IF(B85="SINAPI",VLOOKUP(C85,SINAPI!$G$5:$K$10218,5,0),IF(B85="SICRO",VLOOKUP(C85,SICRO!$A:$D,4,0),IF(B85="SIURB_EDIF",VLOOKUP(C85,SIURB_EDIF_SemDes_Julho24!$A:$D,4,0),IF(B85="CDHU",VLOOKUP(C85,CDHU!$A:$F,6,0),IF(B85="SIURB_INFRA",VLOOKUP(C85,'SIURB_INFRA SemDes Jul24'!$A:$D,4,0),""))))) -> 36.57 | L85: =ROUND(K85*(1+$P$3),2) -> 45.39 | M85: =SUMIF(MEMO!$B:$B,PLANILHA_ORC!C85,MEMO!$N:$N) -> 20.38 | N85: =P85 -> 925.05 | P85: =ROUND(M85*L85,2) -> 925.05
A86: 16.5 | B86: SINAPI | C86: 89509 | D86: 2 | E86: 10 | F86: 5 | G86: 2.10.5 | H86: DRENAGEM | I86: =IF(B86="SINAPI",VLOOKUP(C86,SINAPI!$G$5:$K$10218,2,0),IF(B86="SICRO",VLOOKUP(C86,SICRO!$A:$D,2,0),IF(B86="SIURB_EDIF",VLOOKUP(C86,SIURB_EDIF_SemDes_Julho24!$A:$D,2,0),IF(B86="CDHU",VLOOKUP(C86,CDHU!$A:$F,2,0),IF(B86="SIURB_INFRA",VLOOKUP(C86,'SIURB_INFRA SemDes Jul24'!$A:$D,2,0),""))))) -> TUBO PVC, SÉRIE R, ÁGUA PLUVIAL, DN 50 MM, FORNECIDO E INSTALADO EM RAMAL DE ENCAMINHAMENTO. AF_06/2022 | J86: =IF(B86="SINAPI",VLOOKUP(C86,SINAPI!$G$5:$K$10218,3,0),IF(B86="SICRO",VLOOKUP(C86,SICRO!$A:$D,3,0),IF(B86="SIURB_EDIF",VLOOKUP(C86,SIURB_EDIF_SemDes_Julho24!$A:$D,3,0),IF(B86="CDHU",VLOOKUP(C86,CDHU!$A:$F,3,0),IF(B86="SIURB_INFRA",VLOOKUP(C86,'SIURB_INFRA SemDes Jul24'!$A:$D,3,0),""))))) -> M | K86: =IF(B86="SINAPI",VLOOKUP(C86,SINAPI!$G$5:$K$10218,5,0),IF(B86="SICRO",VLOOKUP(C86,SICRO!$A:$D,4,0),IF(B86="SIURB_EDIF",VLOOKUP(C86,SIURB_EDIF_SemDes_Julho24!$A:$D,4,0),IF(B86="CDHU",VLOOKUP(C86,CDHU!$A:$F,6,0),IF(B86="SIURB_INFRA",VLOOKUP(C86,'SIURB_INFRA SemDes Jul24'!$A:$D,4,0),""))))) -> 27.29 | L86: =ROUND(K86*(1+$P$3),2) -> 33.87 | M86: =SUMIF(MEMO!$B:$B,PLANILHA_ORC!C86,MEMO!$N:$N) -> 36.23 | N86: =P86 -> 1227.11 | P86: =ROUND(M86*L86,2) -> 1227.11
A87: 17 | D87: 2 | E87: 11 | G87: 2.11 | H87: GUARDA-CORPO | I87: GUARDA-CORPO | N87: =SUBTOTAL(9,N88:N90) -> 16229.86 | O87: =SUBTOTAL(9,O88:O90) -> 196327.5 | P87: =SUBTOTAL(9,P88:P90) -> 212557.36
A88: 17.1 | B88: SINAPI | C88: 99837 | D88: 2 | E88: 11 | F88: 1 | G88: 2.11.1 | H88: GUARDA-CORPO | I88: =IF(B88="SINAPI",VLOOKUP(C88,SINAPI!$G$5:$K$10218,2,0),IF(B88="SICRO",VLOOKUP(C88,SICRO!$A:$D,2,0),IF(B88="SIURB_EDIF",VLOOKUP(C88,SIURB_EDIF_SemDes_Julho24!$A:$D,2,0),IF(B88="CDHU",VLOOKUP(C88,CDHU!$A:$F,2,0),IF(B88="SIURB_INFRA",VLOOKUP(C88,'SIURB_INFRA SemDes Jul24'!$A:$D,2,0),""))))) -> GUARDA-CORPO DE AÇO GALVANIZADO DE 1,10M, MONTANTES TUBULARES DE 1.1/4" ESPAÇADOS DE 1,20M, TRAVESSA SUPERIOR DE 1.1/2", GRADIL FORMADO POR TUBOS HORIZONTAIS DE 1" E VERTICAIS DE 3/4", FIXADO COM CHUMBADOR MECÂNICO. AF_04/2019_PS | J88: =IF(B88="SINAPI",VLOOKUP(C88,SINAPI!$G$5:$K$10218,3,0),IF(B88="SICRO",VLOOKUP(C88,SICRO!$A:$D,3,0),IF(B88="SIURB_EDIF",VLOOKUP(C88,SIURB_EDIF_SemDes_Julho24!$A:$D,3,0),IF(B88="CDHU",VLOOKUP(C88,CDHU!$A:$F,3,0),IF(B88="SIURB_INFRA",VLOOKUP(C88,'SIURB_INFRA SemDes Jul24'!$A:$D,3,0),""))))) -> M | K88: =IF(B88="SINAPI",VLOOKUP(C88,SINAPI!$G$5:$K$10218,5,0),IF(B88="SICRO",VLOOKUP(C88,SICRO!$A:$D,4,0),IF(B88="SIURB_EDIF",VLOOKUP(C88,SIURB_EDIF_SemDes_Julho24!$A:$D,4,0),IF(B88="CDHU",VLOOKUP(C88,CDHU!$A:$F,6,0),IF(B88="SIURB_INFRA",VLOOKUP(C88,'SIURB_INFRA SemDes Jul24'!$A:$D,4,0),""))))) -> 662.57 | L88: =ROUND(K88*(1+$P$3),2) -> 822.32 | M88: =SUMIF(MEMO!$B:$B,PLANILHA_ORC!C88,MEMO!$N:$N) -> 200.25 | O88: =P88 -> 164669.58 | P88: =ROUND(M88*L88,2) -> 164669.58
A89: 17.2 | B89: SINAPI | C89: 100721 | D89: 2 | E89: 11 | F89: 2 | G89: 2.11.2 | H89: GUARDA-CORPO | I89: =IF(B89="SINAPI",VLOOKUP(C89,SINAPI!$G$5:$K$10218,2,0),IF(B89="SICRO",VLOOKUP(C89,SICRO!$A:$D,2,0),IF(B89="SIURB_EDIF",VLOOKUP(C89,SIURB_EDIF_SemDes_Julho24!$A:$D,2,0),IF(B89="CDHU",VLOOKUP(C89,CDHU!$A:$F,2,0),IF(B89="SIURB_INFRA",VLOOKUP(C89,'SIURB_INFRA SemDes Jul24'!$A:$D,2,0),""))))) -> PINTURA COM TINTA ALQUÍDICA DE FUNDO (TIPO ZARCÃO) PULVERIZADA SOBRE SUPERFÍCIES METÁLICAS (EXCETO PERFIL) EXECUTADO EM OBRA (POR DEMÃO). AF_01/2020_PE | J89: =IF(B89="SINAPI",VLOOKUP(C89,SINAPI!$G$5:$K$10218,3,0),IF(B89="SICRO",VLOOKUP(C89,SICRO!$A:$D,3,0),IF(B89="SIURB_EDIF",VLOOKUP(C89,SIURB_EDIF_SemDes_Julho24!$A:$D,3,0),IF(B89="CDHU",VLOOKUP(C89,CDHU!$A:$F,3,0),IF(B89="SIURB_INFRA",VLOOKUP(C89,'SIURB_INFRA SemDes Jul24'!$A:$D,3,0),""))))) -> M2 | K89: =IF(B89="SINAPI",VLOOKUP(C89,SINAPI!$G$5:$K$10218,5,0),IF(B89="SICRO",VLOOKUP(C89,SICRO!$A:$D,4,0),IF(B89="SIURB_EDIF",VLOOKUP(C89,SIURB_EDIF_SemDes_Julho24!$A:$D,4,0),IF(B89="CDHU",VLOOKUP(C89,CDHU!$A:$F,6,0),IF(B89="SIURB_INFRA",VLOOKUP(C89,'SIURB_INFRA SemDes Jul24'!$A:$D,4,0),""))))) -> 29.68 | L89: =ROUND(K89*(1+$P$3),2) -> 36.84 | M89: =SUMIF(MEMO!$B:$B,PLANILHA_ORC!C89,MEMO!$N:$N) -> 440.55 | N89: =P89 -> 16229.86 | P89: =ROUND(M89*L89,2) -> 16229.86
A90: 17.3 | B90: SINAPI | C90: 100745 | D90: 2 | E90: 11 | F90: 3 | G90: 2.11.3 | H90: GUARDA-CORPO | I90: =IF(B90="SINAPI",VLOOKUP(C90,SINAPI!$G$5:$K$10218,2,0),IF(B90="SICRO",VLOOKUP(C90,SICRO!$A:$D,2,0),IF(B90="SIURB_EDIF",VLOOKUP(C90,SIURB_EDIF_SemDes_Julho24!$A:$D,2,0),IF(B90="CDHU",VLOOKUP(C90,CDHU!$A:$F,2,0),IF(B90="SIURB_INFRA",VLOOKUP(C90,'SIURB_INFRA SemDes Jul24'!$A:$D,2,0),""))))) -> PINTURA COM TINTA ALQUÍDICA DE ACABAMENTO (ESMALTE SINTÉTICO BRILHANTE) PULVERIZADA SOBRE SUPERFÍCIES METÁLICAS (EXCETO PERFIL) EXECUTADO EM OBRA (POR DEMÃO). AF_01/2020_PE | J90: =IF(B90="SINAPI",VLOOKUP(C90,SINAPI!$G$5:$K$10218,3,0),IF(B90="SICRO",VLOOKUP(C90,SICRO!$A:$D,3,0),IF(B90="SIURB_EDIF",VLOOKUP(C90,SIURB_EDIF_SemDes_Julho24!$A:$D,3,0),IF(B90="CDHU",VLOOKUP(C90,CDHU!$A:$F,3,0),IF(B90="SIURB_INFRA",VLOOKUP(C90,'SIURB_INFRA SemDes Jul24'!$A:$D,3,0),""))))) -> M2 | K90: =IF(B90="SINAPI",VLOOKUP(C90,SINAPI!$G$5:$K$10218,5,0),IF(B90="SICRO",VLOOKUP(C90,SICRO!$A:$D,4,0),IF(B90="SIURB_EDIF",VLOOKUP(C90,SIURB_EDIF_SemDes_Julho24!$A:$D,4,0),IF(B90="CDHU",VLOOKUP(C90,CDHU!$A:$F,6,0),IF(B90="SIURB_INFRA",VLOOKUP(C90,'SIURB_INFRA SemDes Jul24'!$A:$D,4,0),""))))) -> 28.95 | L90: =ROUND(K90*(1+$P$3),2) -> 35.93 | M90: =SUMIF(MEMO!$B:$B,PLANILHA_ORC!C90,MEMO!$N:$N) -> 881.1 | O90: =P90 -> 31657.92 | P90: =ROUND(M90*L90,2) -> 31657.92
A91: 18 | D91: 2 | E91: 12 | G91: 2.12 | H91: REFLORESTAMENTO E PAISAGISMO | I91: REFLORESTAMENTO E PAISAGISMO | N91: =SUBTOTAL(9,N92:N94) -> 0 | O91: =SUBTOTAL(9,O92:O94) -> 84828.05 | P91: =SUBTOTAL(9,P92:P94) -> 84828.05
A92: 18.1 | B92: SINAPI | C92: 98511 | D92: 2 | E92: 12 | F92: 1 | G92: 2.12.1 | H92: REFLORESTAMENTO E PAISAGISMO | I92: =IF(B92="SINAPI",VLOOKUP(C92,SINAPI!$G$5:$K$10218,2,0),IF(B92="SICRO",VLOOKUP(C92,SICRO!$A:$D,2,0),IF(B92="SIURB_EDIF",VLOOKUP(C92,SIURB_EDIF_SemDes_Julho24!$A:$D,2,0),IF(B92="CDHU",VLOOKUP(C92,CDHU!$A:$F,2,0),IF(B92="SIURB_INFRA",VLOOKUP(C92,'SIURB_INFRA SemDes Jul24'!$A:$D,2,0),""))))) -> PLANTIO DE ÁRVORE ORNAMENTAL COM ALTURA DE MUDA MAIOR QUE 2,00 M E MENOR OU IGUAL A 4,00 M . AF_07/2024 | J92: =IF(B92="SINAPI",VLOOKUP(C92,SINAPI!$G$5:$K$10218,3,0),IF(B92="SICRO",VLOOKUP(C92,SICRO!$A:$D,3,0),IF(B92="SIURB_EDIF",VLOOKUP(C92,SIURB_EDIF_SemDes_Julho24!$A:$D,3,0),IF(B92="CDHU",VLOOKUP(C92,CDHU!$A:$F,3,0),IF(B92="SIURB_INFRA",VLOOKUP(C92,'SIURB_INFRA SemDes Jul24'!$A:$D,3,0),""))))) -> UN | K92: =IF(B92="SINAPI",VLOOKUP(C92,SINAPI!$G$5:$K$10218,5,0),IF(B92="SICRO",VLOOKUP(C92,SICRO!$A:$D,4,0),IF(B92="SIURB_EDIF",VLOOKUP(C92,SIURB_EDIF_SemDes_Julho24!$A:$D,4,0),IF(B92="CDHU",VLOOKUP(C92,CDHU!$A:$F,6,0),IF(B92="SIURB_INFRA",VLOOKUP(C92,'SIURB_INFRA SemDes Jul24'!$A:$D,4,0),""))))) -> 150.75 | L92: =ROUND(K92*(1+$P$3),2) -> 187.1 | M92: =SUMIF(MEMO!$B:$B,PLANILHA_ORC!C92,MEMO!$N:$N) -> 115 | O92: =P92 -> 21516.5 | P92: =ROUND(M92*L92,2) -> 21516.5
A93: 18.2 | B93: SINAPI | C93: 98505 | D93: 2 | E93: 12 | F93: 2 | G93: 2.12.2 | H93: REFLORESTAMENTO E PAISAGISMO | I93: =IF(B93="SINAPI",VLOOKUP(C93,SINAPI!$G$5:$K$10218,2,0),IF(B93="SICRO",VLOOKUP(C93,SICRO!$A:$D,2,0),IF(B93="SIURB_EDIF",VLOOKUP(C93,SIURB_EDIF_SemDes_Julho24!$A:$D,2,0),IF(B93="CDHU",VLOOKUP(C93,CDHU!$A:$F,2,0),IF(B93="SIURB_INFRA",VLOOKUP(C93,'SIURB_INFRA SemDes Jul24'!$A:$D,2,0),""))))) -> PLANTIO DE FORRAÇÃO. AF_07/2024 | J93: =IF(B93="SINAPI",VLOOKUP(C93,SINAPI!$G$5:$K$10218,3,0),IF(B93="SICRO",VLOOKUP(C93,SICRO!$A:$D,3,0),IF(B93="SIURB_EDIF",VLOOKUP(C93,SIURB_EDIF_SemDes_Julho24!$A:$D,3,0),IF(B93="CDHU",VLOOKUP(C93,CDHU!$A:$F,3,0),IF(B93="SIURB_INFRA",VLOOKUP(C93,'SIURB_INFRA SemDes Jul24'!$A:$D,3,0),""))))) -> M2 | K93: =IF(B93="SINAPI",VLOOKUP(C93,SINAPI!$G$5:$K$10218,5,0),IF(B93="SICRO",VLOOKUP(C93,SICRO!$A:$D,4,0),IF(B93="SIURB_EDIF",VLOOKUP(C93,SIURB_EDIF_SemDes_Julho24!$A:$D,4,0),IF(B93="CDHU",VLOOKUP(C93,CDHU!$A:$F,6,0),IF(B93="SIURB_INFRA",VLOOKUP(C93,'SIURB_INFRA SemDes Jul24'!$A:$D,4,0),""))))) -> 70.71 | L93: =ROUND(K93*(1+$P$3),2) -> 87.76 | M93: =SUMIF(MEMO!$B:$B,PLANILHA_ORC!C93,MEMO!$N:$N) -> 676.55 | O93: =P93 -> 59374.03 | P93: =ROUND(M93*L93,2) -> 59374.03
A94: 18.3 | B94: SINAPI | C94: 105521 | D94: 2 | E94: 12 | F94: 3 | G94: 2.12.3 | H94: REFLORESTAMENTO E PAISAGISMO | I94: =IF(B94="SINAPI",VLOOKUP(C94,SINAPI!$G$5:$K$10218,2,0),IF(B94="SICRO",VLOOKUP(C94,SICRO!$A:$D,2,0),IF(B94="SIURB_EDIF",VLOOKUP(C94,SIURB_EDIF_SemDes_Julho24!$A:$D,2,0),IF(B94="CDHU",VLOOKUP(C94,CDHU!$A:$F,2,0),IF(B94="SIURB_INFRA",VLOOKUP(C94,'SIURB_INFRA SemDes Jul24'!$A:$D,2,0),""))))) -> ESPALHAMENTO DE TERRA VEGETAL PARA O PLANTIO. AF_07/2024 | J94: =IF(B94="SINAPI",VLOOKUP(C94,SINAPI!$G$5:$K$10218,3,0),IF(B94="SICRO",VLOOKUP(C94,SICRO!$A:$D,3,0),IF(B94="SIURB_EDIF",VLOOKUP(C94,SIURB_EDIF_SemDes_Julho24!$A:$D,3,0),IF(B94="CDHU",VLOOKUP(C94,CDHU!$A:$F,3,0),IF(B94="SIURB_INFRA",VLOOKUP(C94,'SIURB_INFRA SemDes Jul24'!$A:$D,3,0),""))))) -> M2 | K94: =IF(B94="SINAPI",VLOOKUP(C94,SINAPI!$G$5:$K$10218,5,0),IF(B94="SICRO",VLOOKUP(C94,SICRO!$A:$D,4,0),IF(B94="SIURB_EDIF",VLOOKUP(C94,SIURB_EDIF_SemDes_Julho24!$A:$D,4,0),IF(B94="CDHU",VLOOKUP(C94,CDHU!$A:$F,6,0),IF(B94="SIURB_INFRA",VLOOKUP(C94,'SIURB_INFRA SemDes Jul24'!$A:$D,4,0),""))))) -> 4.69 | L94: =ROUND(K94*(1+$P$3),2) -> 5.82 | M94: =SUMIF(MEMO!$B:$B,PLANILHA_ORC!C94,MEMO!$N:$N) -> 676.55 | O94: =P94 -> 3937.52 | P94: =ROUND(M94*L94,2) -> 3937.52
A95: 19 | D95: 3 | G95: 3.0 | I95: AS BUILT | N95: =SUBTOTAL(9,N96:N99) -> 0 | O95: =SUBTOTAL(9,O96:O99) -> 8225 | P95: =SUBTOTAL(9,P96:P99) -> 8225
A96: 19.1 | B96: SIURB_INFRA | C96: 1010000 | D96: 3 | E96: 1 | G96: 3.1 | H96: AS BUILT | I96: =IF(B96="SINAPI",VLOOKUP(C96,SINAPI!$G$5:$K$10218,2,0),IF(B96="SICRO",VLOOKUP(C96,SICRO!$A:$D,2,0),IF(B96="SIURB_EDIF",VLOOKUP(C96,SIURB_EDIF_SemDes_Julho24!$A:$D,2,0),IF(B96="CDHU",VLOOKUP(C96,CDHU!$A:$F,2,0),IF(B96="SIURB_INFRA",VLOOKUP(C96,'SIURB_INFRA SemDes Jul24'!$A:$D,2,0),""))))) -> LEVANTAMENTO PLANIALTIMÉTRICO CADASTRAL | J96: =IF(B96="SINAPI",VLOOKUP(C96,SINAPI!$G$5:$K$10218,3,0),IF(B96="SICRO",VLOOKUP(C96,SICRO!$A:$D,3,0),IF(B96="SIURB_EDIF",VLOOKUP(C96,SIURB_EDIF_SemDes_Julho24!$A:$D,3,0),IF(B96="CDHU",VLOOKUP(C96,CDHU!$A:$F,3,0),IF(B96="SIURB_INFRA",VLOOKUP(C96,'SIURB_INFRA SemDes Jul24'!$A:$D,3,0),""))))) -> M2 | K96: =IF(B96="SINAPI",VLOOKUP(C96,SINAPI!$G$5:$K$10218,5,0),IF(B96="SICRO",VLOOKUP(C96,SICRO!$A:$D,4,0),IF(B96="SIURB_EDIF",VLOOKUP(C96,SIURB_EDIF_SemDes_Julho24!$A:$D,4,0),IF(B96="CDHU",VLOOKUP(C96,CDHU!$A:$F,6,0),IF(B96="SIURB_INFRA",VLOOKUP(C96,'SIURB_INFRA SemDes Jul24'!$A:$D,4,0),""))))) -> 0.8 | L96: =ROUND(K96*(1+$P$3),2) -> 0.99 | M96: =VLOOKUP(G96,MEMO!$B:$N,13,0) -> 2600 | O96: =P96 -> 2574 | P96: =ROUND(M96*L96,2) -> 2574
A97: 19.2 | B97: SIURB | C97: 1181 | D97: 3 | E97: 2 | G97: 3.2 | H97: AS BUILT | I97: =VLOOKUP(C97,'Mobra Mensalista Sem Des Jul24'!$A:$D,2,0) -> TOPÓGRAFO (SGSP) | J97: H | K97: =VLOOKUP(C97,'Mobra Mensalista Sem Des Jul24'!$A:$D,4,0) -> 66.13 | L97: =ROUND(K97*(1+$P$3),2) -> 82.07 | M97: =VLOOKUP(G97,MEMO!$B:$N,13,0) -> 8 | O97: =P97 -> 656.56 | P97: =ROUND(M97*L97,2) -> 656.56
A98: 19.3 | B98: SIURB_EDIF | C98: 20003006 | D98: 3 | E98: 3 | G98: 3.3 | H98: AS BUILT | I98: =IF(B98="SINAPI",VLOOKUP(C98,SINAPI!$G$5:$K$10218,2,0),IF(B98="SICRO",VLOOKUP(C98,SICRO!$A:$D,2,0),IF(B98="SIURB_EDIF",VLOOKUP(C98,SIURB_EDIF_SemDes_Julho24!$A:$D,2,0),IF(B98="CDHU",VLOOKUP(C98,CDHU!$A:$F,2,0),IF(B98="SIURB_INFRA",VLOOKUP(C98,'SIURB_INFRA SemDes Jul24'!$A:$D,2,0),""))))) -> DESENHISTA PROJETISTA | J98: =IF(B98="SINAPI",VLOOKUP(C98,SINAPI!$G$5:$K$10218,3,0),IF(B98="SICRO",VLOOKUP(C98,SICRO!$A:$D,3,0),IF(B98="SIURB_EDIF",VLOOKUP(C98,SIURB_EDIF_SemDes_Julho24!$A:$D,3,0),IF(B98="CDHU",VLOOKUP(C98,CDHU!$A:$F,3,0),IF(B98="SIURB_INFRA",VLOOKUP(C98,'SIURB_INFRA SemDes Jul24'!$A:$D,3,0),""))))) -> H | K98: =IF(B98="SINAPI",VLOOKUP(C98,SINAPI!$G$5:$K$10218,5,0),IF(B98="SICRO",VLOOKUP(C98,SICRO!$A:$D,4,0),IF(B98="SIURB_EDIF",VLOOKUP(C98,SIURB_EDIF_SemDes_Julho24!$A:$D,4,0),IF(B98="CDHU",VLOOKUP(C98,CDHU!$A:$F,6,0),IF(B98="SIURB_INFRA",VLOOKUP(C98,'SIURB_INFRA SemDes Jul24'!$A:$D,4,0),""))))) -> 63.75 | L98: =ROUND(K98*(1+$P$3),2) -> 79.12 | M98: =VLOOKUP(G98,MEMO!$B:$N,13,0) -> 8 | O98: =P98 -> 632.96 | P98: =ROUND(M98*L98,2) -> 632.96
A99: 19.4 | B99: SIURB_EDIF | C99: 20003021 | D99: 3 | E99: 4 | G99: 3.4 | H99: AS BUILT | I99: =IF(B99="SINAPI",VLOOKUP(C99,SINAPI!$G$5:$K$10218,2,0),IF(B99="SICRO",VLOOKUP(C99,SICRO!$A:$D,2,0),IF(B99="SIURB_EDIF",VLOOKUP(C99,SIURB_EDIF_SemDes_Julho24!$A:$D,2,0),IF(B99="CDHU",VLOOKUP(C99,CDHU!$A:$F,2,0),IF(B99="SIURB_INFRA",VLOOKUP(C99,'SIURB_INFRA SemDes Jul24'!$A:$D,2,0),""))))) -> DESENVOLVIMENTO DE PRANCHA DE DESENHO TÉCNICO/ DETALHAMENTO FORMATO A1 | J99: =IF(B99="SINAPI",VLOOKUP(C99,SINAPI!$G$5:$K$10218,3,0),IF(B99="SICRO",VLOOKUP(C99,SICRO!$A:$D,3,0),IF(B99="SIURB_EDIF",VLOOKUP(C99,SIURB_EDIF_SemDes_Julho24!$A:$D,3,0),IF(B99="CDHU",VLOOKUP(C99,CDHU!$A:$F,3,0),IF(B99="SIURB_INFRA",VLOOKUP(C99,'SIURB_INFRA SemDes Jul24'!$A:$D,3,0),""))))) -> UN | K99: =IF(B99="SINAPI",VLOOKUP(C99,SINAPI!$G$5:$K$10218,5,0),IF(B99="SICRO",VLOOKUP(C99,SICRO!$A:$D,4,0),IF(B99="SIURB_EDIF",VLOOKUP(C99,SIURB_EDIF_SemDes_Julho24!$A:$D,4,0),IF(B99="CDHU",VLOOKUP(C99,CDHU!$A:$F,6,0),IF(B99="SIURB_INFRA",VLOOKUP(C99,'SIURB_INFRA SemDes Jul24'!$A:$D,4,0),""))))) -> 1757.1 | L99: =ROUND(K99*(1+$P$3),2) -> 2180.74 | M99: =VLOOKUP(G99,MEMO!$B:$N,13,0) -> 2 | O99: =P99 -> 4361.48 | P99: =ROUND(M99*L99,2) -> 4361.48
B100: REFERÊNCIA: SIURB 07/2024, SINAPI 11/2024, SICRO 07/2024, CDHU 08/2024, CPTM 10/2024.

Sheet Cronograma fis-fin_FEHIDRO
A1: CRONOGRAMA FÍSICO-FINANCEIRO - INVESTIMENTO FEHIDRO
A2: Revitalização do Córrego Corumbiara, Pq. Miami, Município de Santo André/SP - APRM-B | H2: data: | I2: =PLANILHA_ORC!P2 -> 45658
H3: BDI | I3: =BDI!B13 -> 0.2411
A4: REFERÊNCIA | B4: CÓDIGO | D4: TIPO | E4: DESCRIÇÃO | F4: UNIDADE | G4: PREÇO UNIT | H4: QUANTIDADE | I4: PREÇO TOTAL | K4: 1º mês | L4: 2º mês | M4: 3º mês | N4: 4º mês | O4: 5º mês | P4: 6º mês | Q4: TOTAL
C5: 0.0 | E5: TOTAL | I5: =VLOOKUP(C5,PLANILHA_ORC!$G:$P,8,0) -> 2297836.6 | K5: =SUM(K6,K51,K164) -> 23336.51 | L5: =SUM(L6,L51,L164) -> 50518.8 | M5: =SUM(M6,M51,M164) -> 525644.46 | N5: =SUM(N6,N51,N164) -> 778491.34 | O5: =SUM(O6,O51,O164) -> 778491.34 | P5: =SUM(P6,P51,P164) -> 141354.14 | Q5: =SUM(K5:P5) -> 2297836.6
C6: 1.0 | E6: PROJETO EXECUTIVO | I6: =VLOOKUP(C6,PLANILHA_ORC!$G:$P,8,0) -> 73855.31 | K6: =SUM(K7,K12,K23,K30,K37,K44) -> 23336.51 | L6: =SUM(L7,L12,L23,L30,L37,L44) -> 50518.8 | M6: =SUM(M7,M12,M23,M30,M37,M44) -> 0 | N6: =SUM(N7,N12,N23,N30,N37,N44) -> 0 | O6: =SUM(O7,O12,O23,O30,O37,O44) -> 0 | P6: =SUM(P7,P12,P23,P30,P37,P44) -> 0 | Q6: =SUM(K6:P6) -> 73855.31
C7: 1.1 | D7: PLANO DE TRABALHO | E7: PLANO DE TRABALHO | I7: =VLOOKUP(C7,PLANILHA_ORC!$G:$P,8,0) -> 7670.28 | K7: =SUM(K9,K11) -> 7670.28 | L7: =SUM(L9,L11) -> 0 | M7: =SUM(M9,M11) -> 0 | N7: =SUM(N9,N11) -> 0 | O7: =SUM(O9,O11) -> 0 | P7: =SUM(P9,P11) -> 0 | Q7: =SUM(K7:P7) -> 7670.28 | R7: =Q7=I7 -> TRUE
A8: SIURB | B8: 1115 | C8: 1.1.1 | D8: PLANO DE TRABALHO | E8: =VLOOKUP(C8,PLANILHA_ORC!$G:$J,3,0) -> ENGENHEIRO CIVIL/ ARQUITETO COORDENADOR SETORIAL - 20 ANOS EXPERIÊNCIA (SGSP) | F8: =VLOOKUP(C8,PLANILHA_ORC!$G:$J,4,0) -> H | G8: =VLOOKUP(C8,PLANILHA_ORC!$G:$P,6,0) -> 586.71 | H8: =VLOOKUP(C8,PLANILHA_ORC!$G:$P,7,0) -> 4 | I8: =VLOOKUP(C8,PLANILHA_ORC!$G:$P,8,0) -> 2346.84 | K8: 1
K9: =ROUND(K8*$I8,2) -> 2346.84 | L9: =ROUND(L8*$I8,2) -> 0 | M9: =ROUND(M8*$I8,2) -> 0 | N9: =ROUND(N8*$I8,2) -> 0 | O9: =ROUND(O8*$I8,2) -> 0 | P9: =ROUND(P8*$I8,2) -> 0 | Q9: =SUM(K9:P9) -> 2346.84 | R9: =Q9=I8 -> TRUE
A10: SIURB | B10: 1125 | C10: 1.1.2 | D10: PLANO DE TRABALHO | E10: =VLOOKUP(C10,PLANILHA_ORC!$G:$J,3,0) -> ENGENHEIRO/ ARQUITETO PLENO - DE 5 A 15 ANOS DE EXPERIÊNCIA (SGSP) | F10: =VLOOKUP(C10,PLANILHA_ORC!$G:$J,4,0) -> H | G10: =VLOOKUP(C10,PLANILHA_ORC!$G:$M,6,0) -> 221.81 | H10: =VLOOKUP(C10,PLANILHA_ORC!$G:$M,7,0) -> 24 | I10: =VLOOKUP(C10,PLANILHA_ORC!$G:$P,8,0) -> 5323.44 | K10: 1
K11: =ROUND(K10*$I10,2) -> 5323.44 | L11: =ROUND(L10*$I10,2) -> 0 | M11: =ROUND(M10*$I10,2) -> 0 | N11: =ROUND(N10*$I10,2) -> 0 | O11: =ROUND(O10*$I10,2) -> 0 | P11: =ROUND(P10*$I10,2) -> 0 | Q11: =SUM(K11:P11) -> 5323.44 | R11: =Q11=I10 -> TRUE
C12: 1.2 | D12: LEVANTAMENTO TOPOGRÁFICO E DE INTERFERÊNCIAS | E12: LEVANTAMENTO TOPOGRÁFICO E DE INTERFERÊNCIAS | I12: =VLOOKUP(C12,PLANILHA_ORC!$G:$P,8,0) -> 15666.23 | K12: =SUM(K14,K16,K18,K20,K22) -> 15666.23 | L12: =SUM(L14,L16,L18,L20,L22) -> 0 | M12: =SUM(M14,M16,M18,M20,M22) -> 0 | N12: =SUM(N14,N16,N18,N20,N22) -> 0 | O12: =SUM(O14,O16,O18,O20,O22) -> 0 | P12: =SUM(P14,P16,P18,P20,P22) -> 0 | Q12: =SUM(K12:P12) -> 15666.23 | R12: =Q12=I12 -> TRUE
A13: SIURB | B13: 1115 | C13: 1.2.1 | D13: LEVANTAMENTO TOPOGRÁFICO E DE INTERFERÊNCIAS | E13: =VLOOKUP(C13,PLANILHA_ORC!$G:$J,3,0) -> ENGENHEIRO CIVIL/ ARQUITETO COORDENADOR SETORIAL - 20 ANOS EXPERIÊNCIA (SGSP) | F13: =VLOOKUP(C13,PLANILHA_ORC!$G:$J,4,0) -> H | G13: =VLOOKUP(C13,PLANILHA_ORC!$G:$M,6,0) -> 586.71 | H13: =VLOOKUP(C13,PLANILHA_ORC!$G:$M,7,0) -> 4 | I13: =VLOOKUP(C13,PLANILHA_ORC!$G:$P,8,0) -> 2346.84 | K13: 1
K14: =ROUND(K13*$I13,2) -> 2346.84 | L14: =ROUND(L13*$I13,2) -> 0 | M14: =ROUND(M13*$I13,2) -> 0 | N14: =ROUND(N13*$I13,2) -> 0 | O14: =ROUND(O13*$I13,2) -> 0 | P14: =ROUND(P13*$I13,2) -> 0 | Q14: =SUM(K14:P14) -> 2346.84 | R14: =Q14=I13 -> TRUE
A15: SIURB | B15: 1125 | C15: 1.2.2 | D15: LEVANTAMENTO TOPOGRÁFICO E DE INTERFERÊNCIAS | E15: =VLOOKUP(C15,PLANILHA_ORC!$G:$J,3,0) -> ENGENHEIRO/ ARQUITETO PLENO - DE 5 A 15 ANOS DE EXPERIÊNCIA (SGSP) | F15: =VLOOKUP(C15,PLANILHA_ORC!$G:$J,4,0) -> H | G15: =VLOOKUP(C15,PLANILHA_ORC!$G:$M,6,0) -> 221.81 | H15: =VLOOKUP(C15,PLANILHA_ORC!$G:$M,7,0) -> 16 | I15: =VLOOKUP(C15,PLANILHA_ORC!$G:$P,8,0) -> 3548.96 | K15: 1
K16: =ROUND(K15*$I15,2) -> 3548.96 | L16: =ROUND(L15*$I15,2) -> 0 | M16: =ROUND(M15*$I15,2) -> 0 | N16: =ROUND(N15*$I15,2) -> 0 | O16: =ROUND(O15*$I15,2) -> 0 | P16: =ROUND(P15*$I15,2) -> 0 | Q16: =SUM(K16:P16) -> 3548.96 | R16: =Q16=I15 -> TRUE
A17: SIURB | B17: 1181 | C17: 1.2.3 | D17: LEVANTAMENTO TOPOGRÁFICO E DE INTERFERÊNCIAS | E17: =VLOOKUP(C17,PLANILHA_ORC!$G:$J,3,0) -> TOPÓGRAFO (SGSP) | F17: =VLOOKUP(C17,PLANILHA_ORC!$G:$J,4,0) -> H | G17: =VLOOKUP(C17,PLANILHA_ORC!$G:$M,6,0) -> 82.07 | H17: =VLOOKUP(C17,PLANILHA_ORC!$G:$M,7,0) -> 24 | I17: =VLOOKUP(C17,PLANILHA_ORC!$G:$P,8,0) -> 1969.68 | K17: 1
K18: =ROUND(K17*$I17,2) -> 1969.68 | L18: =ROUND(L17*$I17,2) -> 0 | M18: =ROUND(M17*$I17,2) -> 0 | N18: =ROUND(N17*$I17,2) -> 0 | O18: =ROUND(O17*$I17,2) -> 0 | P18: =ROUND(P17*$I17,2) -> 0 | Q18: =SUM(K18:P18) -> 1969.68 | R18: =Q18=I17 -> TRUE
A19: SIURB_INFRA | B19: 1010000 | C19: 1.2.4 | D19: LEVANTAMENTO TOPOGRÁFICO E DE INTERFERÊNCIAS | E19: =VLOOKUP(C19,PLANILHA_ORC!$G:$J,3,0) -> LEVANTAMENTO PLANIALTIMÉTRICO CADASTRAL | F19: =VLOOKUP(C19,PLANILHA_ORC!$G:$J,4,0) -> M2 | G19: =VLOOKUP(C19,PLANILHA_ORC!$G:$M,6,0) -> 0.99 | H19: =VLOOKUP(C19,PLANILHA_ORC!$G:$M,7,0) -> 2600 | I19: =VLOOKUP(C19,PLANILHA_ORC!$G:$P,8,0) -> 2574 | K19: 1
K20: =ROUND(K19*$I19,2) -> 2574 | L20: =ROUND(L19*$I19,2) -> 0 | M20: =ROUND(M19*$I19,2) -> 0 | N20: =ROUND(N19*$I19,2) -> 0 | O20: =ROUND(O19*$I19,2) -> 0 | P20: =ROUND(P19*$I19,2) -> 0 | Q20: =SUM(K20:P20) -> 2574 | R20: =Q20=I19 -> TRUE
A21: SIURB_INFRA | B21: 2001001 | C21: 1.2.5 | D21: LEVANTAMENTO TOPOGRÁFICO E DE INTERFERÊNCIAS | E21: =VLOOKUP(C21,PLANILHA_ORC!$G:$J,3,0) -> SONDAGEM A TRADO MANUAL | F21: =VLOOKUP(C21,PLANILHA_ORC!$G:$J,4,0) -> M | G21: =VLOOKUP(C21,PLANILHA_ORC!$G:$M,6,0) -> 116.15 | H21: =VLOOKUP(C21,PLANILHA_ORC!$G:$M,7,0) -> 45 | I21: =VLOOKUP(C21,PLANILHA_ORC!$G:$P,8,0) -> 5226.75 | K21: 1
K22: =ROUND(K21*$I21,2) -> 5226.75 | L22: =ROUND(L21*$I21,2) -> 0 | M22: =ROUND(M21*$I21,2) -> 0 | N22: =ROUND(N21*$I21,2) -> 0 | O22: =ROUND(O21*$I21,2) -> 0 | P22: =ROUND(P21*$I21,2) -> 0 | Q22: =SUM(K22:P22) -> 5226.75 | R22: =Q22=I21 -> TRUE
C23: 1.3 | D23: PROJETO HIDRÁULICO E HIDROLÓGICO | E23: PROJETO HIDRÁULICO E HIDROLÓGICO | I23: =VLOOKUP(C23,PLANILHA_ORC!$G:$P,8,0) -> 16730.48 | K23: =SUM(K25,K27,K29) -> 0 | L23: =SUM(L25,L27,L29) -> 16730.48 | M23: =SUM(M25,M27,M29) -> 0 | N23: =SUM(N25,N27,N29) -> 0 | O23: =SUM(O25,O27,O29) -> 0 | P23: =SUM(P25,P27,P29) -> 0 | Q23: =SUM(K23:P23) -> 16730.48 | R23: =Q23=I23 -> TRUE
A24: SIURB | B24: 1115 | C24: 1.3.1 | D24: PROJETO HIDRÁULICO E HIDROLÓGICO | E24: =VLOOKUP(C24,PLANILHA_ORC!$G:$J,3,0) -> ENGENHEIRO CIVIL/ ARQUITETO COORDENADOR SETORIAL - 20 ANOS EXPERIÊNCIA (SGSP) | F24: =VLOOKUP(C24,PLANILHA_ORC!$G:$J,4,0) -> H | G24: =VLOOKUP(C24,PLANILHA_ORC!$G:$M,6,0) -> 586.71 | H24: =VLOOKUP(C24,PLANILHA_ORC!$G:$M,7,0) -> 8 | I24: =VLOOKUP(C24,PLANILHA_ORC!$G:$P,8,0) -> 4693.68 | L24: 1
K25: =ROUND(K24*$I24,2) -> 0 | L25: =ROUND(L24*$I24,2) -> 4693.68 | M25: =ROUND(M24*$I24,2) -> 0 | N25: =ROUND(N24*$I24,2) -> 0 | O25: =ROUND(O24*$I24,2) -> 0 | P25: =ROUND(P24*$I24,2) -> 0 | Q25: =SUM(K25:P25) -> 4693.68 | R25: =Q25=I24 -> TRUE
A26: SIURB | B26: 1125 | C26: 1.3.2 | D26: PROJETO HIDRÁULICO E HIDROLÓGICO | E26: =VLOOKUP(C26,PLANILHA_ORC!$G:$J,3,0) -> ENGENHEIRO/ ARQUITETO PLENO - DE 5 A 15 ANOS DE EXPERIÊNCIA (SGSP) | F26: =VLOOKUP(C26,PLANILHA_ORC!$G:$J,4,0) -> H | G26: =VLOOKUP(C26,PLANILHA_ORC!$G:$M,6,0) -> 221.81 | H26: =VLOOKUP(C26,PLANILHA_ORC!$G:$M,7,0) -> 40 | I26: =VLOOKUP(C26,PLANILHA_ORC!$G:$P,8,0) -> 8872.4 | L26: 1
K27: =ROUND(K26*$I26,2) -> 0 | L27: =ROUND(L26*$I26,2) -> 8872.4 | M27: =ROUND(M26*$I26,2) -> 0 | N27: =ROUND(N26*$I26,2) -> 0 | O27: =ROUND(O26*$I26,2) -> 0 | P27: =ROUND(P26*$I26,2) -> 0 | Q27: =SUM(K27:P27) -> 8872.4 | R27: =Q27=I26 -> TRUE
A28: SIURB | B28: 1164 | C28: 1.3.3 | D28: PROJETO HIDRÁULICO E HIDROLÓGICO | E28: =VLOOKUP(C28,PLANILHA_ORC!$G:$J,3,0) -> DESENHISTA PROJETISTA (SGSP) | F28: =VLOOKUP(C28,PLANILHA_ORC!$G:$J,4,0) -> H | G28: =VLOOKUP(C28,PLANILHA_ORC!$G:$M,6,0) -> 79.11 | H28: =VLOOKUP(C28,PLANILHA_ORC!$G:$M,7,0) -> 40 | I28: =VLOOKUP(C28,PLANILHA_ORC!$G:$P,8,0) -> 3164.4 | L28: 1
K29: =ROUND(K28*$I28,2) -> 0 | L29: =ROUND(L28*$I28,2) -> 3164.4 | M29: =ROUND(M28*$I28,2) -> 0 | N29: =ROUND(N28*$I28,2) -> 0 | O29: =ROUND(O28*$I28,2) -> 0 | P29: =ROUND(P28*$I28,2) -> 0 | Q29: =SUM(K29:P29) -> 3164.4 | R29: =Q29=I28 -> TRUE
C30: 1.4 | D30: PROJETO ESTRUTURAL | E30: PROJETO ESTRUTURAL | I30: =VLOOKUP(C30,PLANILHA_ORC!$G:$P,8,0) -> 16730.48 | K30: =SUM(K32,K34,K36) -> 0 | L30: =SUM(L32,L34,L36) -> 16730.48 | M30: =SUM(M32,M34,M36) -> 0 | N30: =SUM(N32,N34,N36) -> 0 | O30: =SUM(O32,O34,O36) -> 0 | P30: =SUM(P32,P34,P36) -> 0 | Q30: =SUM(K30:P30) -> 16730.48 | R30: =Q30=I30 -> TRUE
A31: SIURB | B31: 1115 | C31: 1.4.1 | D31: PROJETO ESTRUTURAL | E31: =VLOOKUP(C31,PLANILHA_ORC!$G:$J,3,0) -> ENGENHEIRO CIVIL/ ARQUITETO COORDENADOR SETORIAL - 20 ANOS EXPERIÊNCIA (SGSP) | F31: =VLOOKUP(C31,PLANILHA_ORC!$G:$J,4,0) -> H | G31: =VLOOKUP(C31,PLANILHA_ORC!$G:$M,6,0) -> 586.71 | H31: =VLOOKUP(C31,PLANILHA_ORC!$G:$M,7,0) -> 8 | I31: =VLOOKUP(C31,PLANILHA_ORC!$G:$P,8,0) -> 4693.68 | L31: 1
K32: =ROUND(K31*$I31,2) -> 0 | L32: =ROUND(L31*$I31,2) -> 4693.68 | M32: =ROUND(M31*$I31,2) -> 0 | N32: =ROUND(N31*$I31,2) -> 0 | O32: =ROUND(O31*$I31,2) -> 0 | P32: =ROUND(P31*$I31,2) -> 0 | Q32: =SUM(K32:P32) -> 4693.68 | R32: =Q32=I31 -> TRUE
A33: SIURB | B33: 1125 | C33: 1.4.2 | D33: PROJETO ESTRUTURAL | E33: =VLOOKUP(C33,PLANILHA_ORC!$G:$J,3,0) -> ENGENHEIRO/ ARQUITETO PLENO - DE 5 A 15 ANOS DE EXPERIÊNCIA (SGSP) | F33: =VLOOKUP(C33,PLANILHA_ORC!$G:$J,4,0) -> H | G33: =VLOOKUP(C33,PLANILHA_ORC!$G:$M,6,0) -> 221.81 | H33: =VLOOKUP(C33,PLANILHA_ORC!$G:$M,7,0) -> 40 | I33: =VLOOKUP(C33,PLANILHA_ORC!$G:$P,8,0) -> 8872.4 | L33: 1
K34: =ROUND(K33*$I33,2) -> 0 | L34: =ROUND(L33*$I33,2) -> 8872.4 | M34: =ROUND(M33*$I33,2) -> 0 | N34: =ROUND(N33*$I33,2) -> 0 | O34: =ROUND(O33*$I33,2) -> 0 | P34: =ROUND(P33*$I33,2) -> 0 | Q34: =SUM(K34:P34) -> 8872.4 | R34: =Q34=I33 -> TRUE
A35: SIURB | B35: 1164 | C35: 1.4.3 | D35: PROJETO ESTRUTURAL | E35: =VLOOKUP(C35,PLANILHA_ORC!$G:$J,3,0) -> DESENHISTA PROJETISTA (SGSP) | F35: =VLOOKUP(C35,PLANILHA_ORC!$G:$J,4,0) -> H | G35: =VLOOKUP(C35,PLANILHA_ORC!$G:$M,6,0) -> 79.11 | H35: =VLOOKUP(C35,PLANILHA_ORC!$G:$M,7,0) -> 40 | I35: =VLOOKUP(C35,PLANILHA_ORC!$G:$P,8,0) -> 3164.4 | L35: 1
K36: =ROUND(K35*$I35,2) -> 0 | L36: =ROUND(L35*$I35,2) -> 3164.4 | M36: =ROUND(M35*$I35,2) -> 0 | N36: =ROUND(N35*$I35,2) -> 0 | O36: =ROUND(O35*$I35,2) -> 0 | P36: =ROUND(P35*$I35,2) -> 0 | Q36: =SUM(K36:P36) -> 3164.4 | R36: =Q36=I35 -> TRUE
C37: 1.5 | D37: PLANILHA ORÇAMENTÁRIA | E37: PLANILHA ORÇAMENTÁRIA | I37: =VLOOKUP(C37,PLANILHA_ORC!$G:$P,8,0) -> 8528.92 | K37: =SUM(K39,K41,K43) -> 0 | L37: =SUM(L39,L41,L43) -> 8528.92 | M37: =SUM(M39,M41,M43) -> 0 | N37: =SUM(N39,N41,N43) -> 0 | O37: =SUM(O39,O41,O43) -> 0 | P37: =SUM(P39,P41,P43) -> 0 | Q37: =SUM(K37:P37) -> 8528.92 | R37: =Q37=I37 -> TRUE
A38: SIURB | B38: 1115 | C38: 1.5.1 | D38: PLANILHA ORÇAMENTÁRIA | E38: =VLOOKUP(C38,PLANILHA_ORC!$G:$J,3,0) -> ENGENHEIRO CIVIL/ ARQUITETO COORDENADOR SETORIAL - 20 ANOS EXPERIÊNCIA (SGSP) | F38: =VLOOKUP(C38,PLANILHA_ORC!$G:$J,4,0) -> H | G38: =VLOOKUP(C38,PLANILHA_ORC!$G:$M,6,0) -> 586.71 | H38: =VLOOKUP(C38,PLANILHA_ORC!$G:$M,7,0) -> 4 | I38: =VLOOKUP(C38,PLANILHA_ORC!$G:$P,8,0) -> 2346.84 | L38: 1
K39: =ROUND(K38*$I38,2) -> 0 | L39: =ROUND(L38*$I38,2) -> 2346.84 | M39: =ROUND(M38*$I38,2) -> 0 | N39: =ROUND(N38*$I38,2) -> 0 | O39: =ROUND(O38*$I38,2) -> 0 | P39: =ROUND(P38*$I38,2) -> 0 | Q39: =SUM(K39:P39) -> 2346.84 | R39: =Q39=I38 -> TRUE
A40: SIURB | B40: 1125 | C40: 1.5.2 | D40: PLANILHA ORÇAMENTÁRIA | E40: =VLOOKUP(C40,PLANILHA_ORC!$G:$J,3,0) -> ENGENHEIRO/ ARQUITETO PLENO - DE 5 A 15 ANOS DE EXPERIÊNCIA (SGSP) | F40: =VLOOKUP(C40,PLANILHA_ORC!$G:$J,4,0) -> H | G40: =VLOOKUP(C40,PLANILHA_ORC!$G:$M,6,0) -> 221.81 | H40: =VLOOKUP(C40,PLANILHA_ORC!$G:$M,7,0) -> 16 | I40: =VLOOKUP(C40,PLANILHA_ORC!$G:$P,8,0) -> 3548.96 | L40: 1
K41: =ROUND(K40*$I40,2) -> 0 | L41: =ROUND(L40*$I40,2) -> 3548.96 | M41: =ROUND(M40*$I40,2) -> 0 | N41: =ROUND(N40*$I40,2) -> 0 | O41: =ROUND(O40*$I40,2) -> 0 | P41: =ROUND(P40*$I40,2) -> 0 | Q41: =SUM(K41:P41) -> 3548.96 | R41: =Q41=I40 -> TRUE
A42: SIURB | B42: 1128 | C42: 1.5.3 | D42: PLANILHA ORÇAMENTÁRIA | E42: =VLOOKUP(C42,PLANILHA_ORC!$G:$J,3,0) -> ENGENHEIRO/ ARQUITETO JÚNIOR - ATÉ 5 ANOS DE EXPERIÊNCIA (SGSP) | F42: =VLOOKUP(C42,PLANILHA_ORC!$G:$J,4,0) -> H | G42: =VLOOKUP(C42,PLANILHA_ORC!$G:$M,6,0) -> 164.57 | H42: =VLOOKUP(C42,PLANILHA_ORC!$G:$M,7,0) -> 16 | I42: =VLOOKUP(C42,PLANILHA_ORC!$G:$P,8,0) -> 2633.12 | L42: 1
K43: =ROUND(K42*$I42,2) -> 0 | L43: =ROUND(L42*$I42,2) -> 2633.12 | M43: =ROUND(M42*$I42,2) -> 0 | N43: =ROUND(N42*$I42,2) -> 0 | O43: =ROUND(O42*$I42,2) -> 0 | P43: =ROUND(P42*$I42,2) -> 0 | Q43: =SUM(K43:P43) -> 2633.12 | R43: =Q43=I42 -> TRUE
C44: 1.6 | D44: CRONOGRAMA | E44: CRONOGRAMA | I44: =VLOOKUP(C44,PLANILHA_ORC!$G:$P,8,0) -> 8528.92 | K44: =SUM(K46,K48,K50) -> 0 | L44: =SUM(L46,L48,L50) -> 8528.92 | M44: =SUM(M46,M48,M50) -> 0 | N44: =SUM(N46,N48,N50) -> 0 | O44: =SUM(O46,O48,O50) -> 0 | P44: =SUM(P46,P48,P50) -> 0 | Q44: =SUM(K44:P44) -> 8528.92 | R44: =Q44=I44 -> TRUE
A45: SIURB | B45: 1115 | C45: 1.6.1 | D45: CRONOGRAMA | E45: =VLOOKUP(C45,PLANILHA_ORC!$G:$J,3,0) -> ENGENHEIRO CIVIL/ ARQUITETO COORDENADOR SETORIAL - 20 ANOS EXPERIÊNCIA (SGSP) | F45: =VLOOKUP(C45,PLANILHA_ORC!$G:$J,4,0) -> H | G45: =VLOOKUP(C45,PLANILHA_ORC!$G:$M,6,0) -> 586.71 | H45: =VLOOKUP(C45,PLANILHA_ORC!$G:$M,7,0) -> 4 | I45: =VLOOKUP(C45,PLANILHA_ORC!$G:$P,8,0) -> 2346.84 | L45: 1
K46: =ROUND(K45*$I45,2) -> 0 | L46: =ROUND(L45*$I45,2) -> 2346.84 | M46: =ROUND(M45*$I45,2) -> 0 | N46: =ROUND(N45*$I45,2) -> 0 | O46: =ROUND(O45*$I45,2) -> 0 | P46: =ROUND(P45*$I45,2) -> 0 | Q46: =SUM(K46:P46) -> 2346.84 | R46: =Q46=I45 -> TRUE
A47: SIURB | B47: 1125 | C47: 1.6.2 | D47: CRONOGRAMA | E47: =VLOOKUP(C47,PLANILHA_ORC!$G:$J,3,0) -> ENGENHEIRO/ ARQUITETO PLENO - DE 5 A 15 ANOS DE EXPERIÊNCIA (SGSP) | F47: =VLOOKUP(C47,PLANILHA_ORC!$G:$J,4,0) -> H | G47: =VLOOKUP(C47,PLANILHA_ORC!$G:$M,6,0) -> 221.81 | H47: =VLOOKUP(C47,PLANILHA_ORC!$G:$M,7,0) -> 16 | I47: =VLOOKUP(C47,PLANILHA_ORC!$G:$P,8,0) -> 3548.96 | L47: 1
K48: =ROUND(K47*$I47,2) -> 0 | L48: =ROUND(L47*$I47,2) -> 3548.96 | M48: =ROUND(M47*$I47,2) -> 0 | N48: =ROUND(N47*$I47,2) -> 0 | O48: =ROUND(O47*$I47,2) -> 0 | P48: =ROUND(P47*$I47,2) -> 0 | Q48: =SUM(K48:P48) -> 3548.96 | R48: =Q48=I47 -> TRUE
A49: SIURB | B49: 1128 | C49: 1.6.3 | D49: CRONOGRAMA | E49: =VLOOKUP(C49,PLANILHA_ORC!$G:$J,3,0) -> ENGENHEIRO/ ARQUITETO JÚNIOR - ATÉ 5 ANOS DE EXPERIÊNCIA (SGSP) | F49: =VLOOKUP(C49,PLANILHA_ORC!$G:$J,4,0) -> H | G49: =VLOOKUP(C49,PLANILHA_ORC!$G:$M,6,0) -> 164.57 | H49: =VLOOKUP(C49,PLANILHA_ORC!$G:$M,7,0) -> 16 | I49: =VLOOKUP(C49,PLANILHA_ORC!$G:$P,8,0) -> 2633.12 | L49: 1
K50: =ROUND(K49*$I49,2) -> 0 | L50: =ROUND(L49*$I49,2) -> 2633.12 | M50: =ROUND(M49*$I49,2) -> 0 | N50: =ROUND(N49*$I49,2) -> 0 | O50: =ROUND(O49*$I49,2) -> 0 | P50: =ROUND(P49*$I49,2) -> 0 | Q50: =SUM(K50:P50) -> 2633.12 | R50: =Q50=I49 -> TRUE
C51: 2.0 | E51: OBRAS DE REVITALIZAÇÃO DO CÓRREGO CORUMBIARA | I51: =VLOOKUP(C51,PLANILHA_ORC!$G:$P,8,0) -> 2223981.3 | K51: =SUM(K52,K59,K68,K73,K86,K99,K114,K121,K128,K139,K150,K157) -> 0 | L51: =SUM(L52,L59,L68,L73,L86,L99,L114,L121,L128,L139,L150,L157) -> 0 | M51: =SUM(M52,M59,M68,M73,M86,M99,M114,M121,M128,M139,M150,M157) -> 525644.46 | N51: =SUM(N52,N59,N68,N73,N86,N99,N114,N121,N128,N139,N150,N157) -> 778491.34 | O51: =SUM(O52,O59,O68,O73,O86,O99,O114,O121,O128,O139,O150,O157) -> 778491.34 | P51: =SUM(P52,P59,P68,P73,P86,P99,P114,P121,P128,P139,P150,P157) -> 141354.14 | Q51: =SUM(K51:P51) -> 2223981.3
C52: 2.1 | D52: ADMINISTRAÇÃO LOCAL | E52: ADMINISTRAÇÃO LOCAL | I52: =VLOOKUP(C52,PLANILHA_ORC!$G:$P,8,0) -> 133002.64 | K52: =SUM(K54,K56,K58) -> 0 | L52: =SUM(L54,L56,L58) -> 0 | M52: =SUM(M54,M56,M58) -> 33250.66 | N52: =SUM(N54,N56,N58) -> 33250.66 | O52: =SUM(O54,O56,O58) -> 33250.66 | P52: =SUM(P54,P56,P58) -> 33250.66 | Q52: =SUM(K52:P52) -> 133002.64 | R52: =Q52=I52 -> TRUE
A53: SINAPI | B53: 90778 | C53: 2.1.1 | D53: ADMINISTRAÇÃO LOCAL | E53: =VLOOKUP(C53,PLANILHA_ORC!$G:$J,3,0) -> ENGENHEIRO CIVIL DE OBRA PLENO COM ENCARGOS COMPLEMENTARES | F53: =VLOOKUP(C53,PLANILHA_ORC!$G:$J,4,0) -> H | G53: =VLOOKUP(C53,PLANILHA_ORC!$G:$M,6,0) -> 153.6 | H53: =VLOOKUP(C53,PLANILHA_ORC!$G:$M,7,0) -> 200 | I53: =VLOOKUP(C53,PLANILHA_ORC!$G:$P,8,0) -> 30720 | M53: 0.25 | N53: 0.25 | O53: 0.25 | P53: 0.25
K54: =ROUND(K53*$I53,2) -> 0 | L54: =ROUND(L53*$I53,2) -> 0 | M54: =ROUND(M53*$I53,2) -> 7680 | N54: =ROUND(N53*$I53,2) -> 7680 | O54: =ROUND(O53*$I53,2) -> 7680 | P54: =ROUND(P53*$I53,2) -> 7680 | Q54: =SUM(K54:P54) -> 30720 | R54: =Q54=I53 -> TRUE
A55: SINAPI | B55: 94295 | C55: 2.1.2 | D55: ADMINISTRAÇÃO LOCAL | E55: =VLOOKUP(C55,PLANILHA_ORC!$G:$J,3,0) -> MESTRE DE OBRAS COM ENCARGOS COMPLEMENTARES | F55: =VLOOKUP(C55,PLANILHA_ORC!$G:$J,4,0) -> MES | G55: =VLOOKUP(C55,PLANILHA_ORC!$G:$M,6,0) -> 16999.46 | H55: =VLOOKUP(C55,PLANILHA_ORC!$G:$M,7,0) -> 4 | I55: =VLOOKUP(C55,PLANILHA_ORC!$G:$P,8,0) -> 67997.84 | M55: 0.25 | N55: 0.25 | O55: 0.25 | P55: 0.25
K56: =ROUND(K55*$I55,2) -> 0 | L56: =ROUND(L55*$I55,2) -> 0 | M56: =ROUND(M55*$I55,2) -> 16999.46 | N56: =ROUND(N55*$I55,2) -> 16999.46 | O56: =ROUND(O55*$I55,2) -> 16999.46 | P56: =ROUND(P55*$I55,2) -> 16999.46 | Q56: =SUM(K56:P56) -> 67997.84 | R56: =Q56=I55 -> TRUE
A57: SINAPI | B57: 100289 | C57: 2.1.3 | D57: ADMINISTRAÇÃO LOCAL | E57: =VLOOKUP(C57,PLANILHA_ORC!$G:$J,3,0) -> VIGIA DIURNO COM ENCARGOS COMPLEMENTARES | F57: =VLOOKUP(C57,PLANILHA_ORC!$G:$J,4,0) -> H | G57: =VLOOKUP(C57,PLANILHA_ORC!$G:$M,6,0) -> 38.96 | H57: =VLOOKUP(C57,PLANILHA_ORC!$G:$M,7,0) -> 880 | I57: =VLOOKUP(C57,PLANILHA_ORC!$G:$P,8,0) -> 34284.8 | M57: 0.25 | N57: 0.25 | O57: 0.25 | P57: 0.25
K58: =ROUND(K57*$I57,2) -> 0 | L58: =ROUND(L57*$I57,2) -> 0 | M58: =ROUND(M57*$I57,2) -> 8571.2 | N58: =ROUND(N57*$I57,2) -> 8571.2 | O58: =ROUND(O57*$I57,2) -> 8571.2 | P58: =ROUND(P57*$I57,2) -> 8571.2 | Q58: =SUM(K58:P58) -> 34284.8 | R58: =Q58=I57 -> TRUE
C59: 2.2 | D59: CANTEIRO DE OBRAS | E59: CANTEIRO DE OBRAS | I59: =VLOOKUP(C59,PLANILHA_ORC!$G:$P,8,0) -> 21726.72 | K59: =SUM(K61,K63,K65,K67) -> 0 | L59: =SUM(L61,L63,L65,L67) -> 0 | M59: =SUM(M61,M63,M65,M67) -> 10687.14 | N59: =SUM(N61,N63,N65,N67) -> 3679.86 | O59: =SUM(O61,O63,O65,O67) -> 3679.86 | P59: =SUM(P61,P63,P65,P67) -> 3679.86 | Q59: =SUM(K59:P59) -> 21726.72 | R59: =Q59=I59 -> TRUE
A60: SINAPI | B60: 103689 | C60: 2.2.1 | D60: CANTEIRO DE OBRAS | E60: =VLOOKUP(C60,PLANILHA_ORC!$G:$J,3,0) -> FORNECIMENTO E INSTALAÇÃO DE PLACA DE OBRA COM CHAPA GALVANIZADA E ESTRUTURA DE MADEIRA. AF_03/2022_PS | F60: =VLOOKUP(C60,PLANILHA_ORC!$G:$J,4,0) -> M2 | G60: =VLOOKUP(C60,PLANILHA_ORC!$G:$M,6,0) -> 583.94 | H60: =VLOOKUP(C60,PLANILHA_ORC!$G:$M,7,0) -> 12 | I60: =VLOOKUP(C60,PLANILHA_ORC!$G:$P,8,0) -> 7007.28 | M60: 1
K61: =ROUND(K60*$I60,2) -> 0 | L61: =ROUND(L60*$I60,2) -> 0 | M61: =ROUND(M60*$I60,2) -> 7007.28 | N61: =ROUND(N60*$I60,2) -> 0 | O61: =ROUND(O60*$I60,2) -> 0 | P61: =ROUND(P60*$I60,2) -> 0 | Q61: =SUM(K61:P61) -> 7007.28 | R61: =Q61=I60 -> TRUE
A62: CDHU | B62: 02.02.150 | C62: 2.2.2 | D62: CANTEIRO DE OBRAS | E62: =VLOOKUP(C62,PLANILHA_ORC!$G:$J,3,0) -> Locação de container tipo depósito - área mínima de 13,80 m² | F62: =VLOOKUP(C62,PLANILHA_ORC!$G:$J,4,0) -> UNMES | G62: =VLOOKUP(C62,PLANILHA_ORC!$G:$M,6,0) -> 1126.04 | H62: =VLOOKUP(C62,PLANILHA_ORC!$G:$M,7,0) -> 4 | I62: =VLOOKUP(C62,PLANILHA_ORC!$G:$P,8,0) -> 4504.16 | M62: 0.25 | N62: 0.25 | O62: 0.25 | P62: 0.25
K63: =ROUND(K62*$I62,2) -> 0 | L63: =ROUND(L62*$I62,2) -> 0 | M63: =ROUND(M62*$I62,2) -> 1126.04 | N63: =ROUND(N62*$I62,2) -> 1126.04 | O63: =ROUND(O62*$I62,2) -> 1126.04 | P63: =ROUND(P62*$I62,2) -> 1126.04 | Q63: =SUM(K63:P63) -> 4504.16 | R63: =Q63=I62 -> TRUE
A64: CDHU | B64: 02.02.160 | C64: 2.2.3 | D64: CANTEIRO DE OBRAS | E64: =VLOOKUP(C64,PLANILHA_ORC!$G:$J,3,0) -> Locação de container tipo guarita - área mínima de 4,60 m² | F64: =VLOOKUP(C64,PLANILHA_ORC!$G:$J,4,0) -> UNMES | G64: =VLOOKUP(C64,PLANILHA_ORC!$G:$M,6,0) -> 1125.12 | H64: =VLOOKUP(C64,PLANILHA_ORC!$G:$M,7,0) -> 4 | I64: =VLOOKUP(C64,PLANILHA_ORC!$G:$P,8,0) -> 4500.48 | M64: 0.25 | N64: 0.25 | O64: 0.25 | P64: 0.25
K65: =ROUND(K64*$I64,2) -> 0 | L65: =ROUND(L64*$I64,2) -> 0 | M65: =ROUND(M64*$I64,2) -> 1125.12 | N65: =ROUND(N64*$I64,2) -> 1125.12 | O65: =ROUND(O64*$I64,2) -> 1125.12 | P65: =ROUND(P64*$I64,2) -> 1125.12 | Q65: =SUM(K65:P65) -> 4500.48 | R65: =Q65=I64 -> TRUE
A66: CDHU | B66: 02.01.180 | C66: 2.2.4 | D66: CANTEIRO DE OBRAS | E66: =VLOOKUP(C66,PLANILHA_ORC!$G:$J,3,0) -> Banheiro químico modelo Standard, com manutenção conforme exigências da CETESB | F66: =VLOOKUP(C66,PLANILHA_ORC!$G:$J,4,0) -> UNMES | G66: =VLOOKUP(C66,PLANILHA_ORC!$G:$M,6,0) -> 1428.7 | H66: =VLOOKUP(C66,PLANILHA_ORC!$G:$M,7,0) -> 4 | I66: =VLOOKUP(C66,PLANILHA_ORC!$G:$P,8,0) -> 5714.8 | M66: 0.25 | N66: 0.25 | O66: 0.25 | P66: 0.25
K67: =ROUND(K66*$I66,2) -> 0 | L67: =ROUND(L66*$I66,2) -> 0 | M67: =ROUND(M66*$I66,2) -> 1428.7 | N67: =ROUND(N66*$I66,2) -> 1428.7 | O67: =ROUND(O66*$I66,2) -> 1428.7 | P67: =ROUND(P66*$I66,2) -> 1428.7 | Q67: =SUM(K67:P67) -> 5714.8 | R67: =Q67=I66 -> TRUE
C68: 2.3 | D68: SERVIÇOS PRELIMINARES | E68: SERVIÇOS PRELIMINARES | I68: =VLOOKUP(C68,PLANILHA_ORC!$G:$P,8,0) -> 57747.7 | K68: =SUM(K70,K72) -> 0 | L68: =SUM(L70,L72) -> 0 | M68: =SUM(M70,M72) -> 9689.72 | N68: =SUM(N70,N72) -> 22615.52 | O68: =SUM(O70,O72) -> 22615.52 | P68: =SUM(P70,P72) -> 2826.94 | Q68: =SUM(K68:P68) -> 57747.7 | R68: =Q68=I68 -> TRUE
A69: SINAPI | B69: 98525 | C69: 2.3.1 | D69: SERVIÇOS PRELIMINARES | E69: =VLOOKUP(C69,PLANILHA_ORC!$G:$J,3,0) -> LIMPEZA MECANIZADA DE CAMADA VEGETAL, VEGETAÇÃO E PEQUENAS ÁRVORES (DIÂMETRO DE TRONCO MENOR QUE 0,20 M), COM TRATOR DE ESTEIRAS. AF_03/2024 | F69: =VLOOKUP(C69,PLANILHA_ORC!$G:$J,4,0) -> M2 | G69: =VLOOKUP(C69,PLANILHA_ORC!$G:$M,6,0) -> 0.88 | H69: =VLOOKUP(C69,PLANILHA_ORC!$G:$M,7,0) -> 1373.75 | I69: =VLOOKUP(C69,PLANILHA_ORC!$G:$P,8,0) -> 1208.9 | M69: 1
K70: =ROUND(K69*$I69,2) -> 0 | L70: =ROUND(L69*$I69,2) -> 0 | M70: =ROUND(M69*$I69,2) -> 1208.9 | N70: =ROUND(N69*$I69,2) -> 0 | O70: =ROUND(O69*$I69,2) -> 0 | P70: =ROUND(P69*$I69,2) -> 0 | Q70: =SUM(K70:P70) -> 1208.9 | R70: =Q70=I69 -> TRUE
A71: SINAPI | B71: 98459 | C71: 2.3.2 | D71: SERVIÇOS PRELIMINARES | E71: =VLOOKUP(C71,PLANILHA_ORC!$G:$J,3,0) -> TAPUME COM TELHA METÁLICA. AF_03/2024 | F71: =VLOOKUP(C71,PLANILHA_ORC!$G:$J,4,0) -> M2 | G71: =VLOOKUP(C71,PLANILHA_ORC!$G:$M,6,0) -> 115.31 | H71: =VLOOKUP(C71,PLANILHA_ORC!$G:$M,7,0) -> 490.32 | I71: =VLOOKUP(C71,PLANILHA_ORC!$G:$P,8,0) -> 56538.8 | M71: 0.15 | N71: 0.4 | O71: 0.4 | P71: 0.05
K72: =ROUND(K71*$I71,2) -> 0 | L72: =ROUND(L71*$I71,2) -> 0 | M72: =ROUND(M71*$I71,2) -> 8480.82 | N72: =ROUND(N71*$I71,2) -> 22615.52 | O72: =ROUND(O71*$I71,2) -> 22615.52 | P72: =ROUND(P71*$I71,2) -> 2826.94 | Q72: =SUM(K72:P72) -> 56538.8 | R72: =Q72=I71 -> TRUE
C73: 2.4 | D73: DEMOLIÇÕES E REMOÇÕES | E73: DEMOLIÇÕES E REMOÇÕES | I73: =VLOOKUP(C73,PLANILHA_ORC!$G:$P,8,0) -> 25634.27 | K73: =SUM(K75,K77,K79,K81,K83,K85) -> 0 | L73: =SUM(L75,L77,L79,L81,L83,L85) -> 0 | M73: =SUM(M75,M77,M79,M81,M83,M85) -> 25634.27 | N73: =SUM(N75,N77,N79,N81,N83,N85) -> 0 | O73: =SUM(O75,O77,O79,O81,O83,O85) -> 0 | P73: =SUM(P75,P77,P79,P81,P83,P85) -> 0 | Q73: =SUM(K73:P73) -> 25634.27 | R73: =Q73=I73 -> TRUE
A74: SINAPI | B74: 97636 | C74: 2.4.1 | D74: DEMOLIÇÕES E REMOÇÕES | E74: =VLOOKUP(C74,PLANILHA_ORC!$G:$J,3,0) -> DEMOLIÇÃO PARCIAL DE PAVIMENTO ASFÁLTICO, DE FORMA MECANIZADA, SEM REAPROVEITAMENTO. AF_09/2023 | F74: =VLOOKUP(C74,PLANILHA_ORC!$G:$J,4,0) -> M2 | G74: =VLOOKUP(C74,PLANILHA_ORC!$G:$M,6,0) -> 30.56 | H74: =VLOOKUP(C74,PLANILHA_ORC!$G:$M,7,0) -> 294 | I74: =VLOOKUP(C74,PLANILHA_ORC!$G:$P,8,0) -> 8984.64 | M74: 1
K75: =ROUND(K74*$I74,2) -> 0 | L75: =ROUND(L74*$I74,2) -> 0 | M75: =ROUND(M74*$I74,2) -> 8984.64 | N75: =ROUND(N74*$I74,2) -> 0 | O75: =ROUND(O74*$I74,2) -> 0 | P75: =ROUND(P74*$I74,2) -> 0 | Q75: =SUM(K75:P75) -> 8984.64 | R75: =Q75=I74 -> TRUE
A76: SINAPI | B76: 104796 | C76: 2.4.2 | D76: DEMOLIÇÕES E REMOÇÕES | E76: =VLOOKUP(C76,PLANILHA_ORC!$G:$J,3,0) -> DEMOLIÇÃO DE GUIAS, SARJETAS OU SARJETÕES, DE FORMA MECANIZADA, SEM REAPROVEITAMENTO. AF_09/2023 | F76: =VLOOKUP(C76,PLANILHA_ORC!$G:$J,4,0) -> M | G76: =VLOOKUP(C76,PLANILHA_ORC!$G:$M,6,0) -> 20.63 | H76: =VLOOKUP(C76,PLANILHA_ORC!$G:$M,7,0) -> 84 | I76: =VLOOKUP(C76,PLANILHA_ORC!$G:$P,8,0) -> 1732.92 | M76: 1
K77: =ROUND(K76*$I76,2) -> 0 | L77: =ROUND(L76*$I76,2) -> 0 | M77: =ROUND(M76*$I76,2) -> 1732.92 | N77: =ROUND(N76*$I76,2) -> 0 | O77: =ROUND(O76*$I76,2) -> 0 | P77: =ROUND(P76*$I76,2) -> 0 | Q77: =SUM(K77:P77) -> 1732.92 | R77: =Q77=I76 -> TRUE
A78: SINAPI | B78: 104790 | C78: 2.4.3 | D78: DEMOLIÇÕES E REMOÇÕES | E78: =VLOOKUP(C78,PLANILHA_ORC!$G:$J,3,0) -> DEMOLIÇÃO DE PISO DE CONCRETO SIMPLES, DE FORMA MECANIZADA COM MARTELETE, SEM REAPROVEITAMENTO. AF_09/2023 | F78: =VLOOKUP(C78,PLANILHA_ORC!$G:$J,4,0) -> M3 | G78: =VLOOKUP(C78,PLANILHA_ORC!$G:$M,6,0) -> 155.04 | H78: =VLOOKUP(C78,PLANILHA_ORC!$G:$M,7,0) -> 12.6 | I78: =VLOOKUP(C78,PLANILHA_ORC!$G:$P,8,0) -> 1953.5 | M78: 1
K79: =ROUND(K78*$I78,2) -> 0 | L79: =ROUND(L78*$I78,2) -> 0 | M79: =ROUND(M78*$I78,2) -> 1953.5 | N79: =ROUND(N78*$I78,2) -> 0 | O79: =ROUND(O78*$I78,2) -> 0 | P79: =ROUND(P78*$I78,2) -> 0 | Q79: =SUM(K79:P79) -> 1953.5 | R79: =Q79=I78 -> TRUE
A80: SINAPI | B80: 97625 | C80: 2.4.4 | D80: DEMOLIÇÕES E REMOÇÕES | E80: =VLOOKUP(C80,PLANILHA_ORC!$G:$J,3,0) -> DEMOLIÇÃO DE ALVENARIA PARA QUALQUER TIPO DE BLOCO, DE FORMA MECANIZADA, SEM REAPROVEITAMENTO. AF_09/2023 | F80: =VLOOKUP(C80,PLANILHA_ORC!$G:$J,4,0) -> M3 | G80: =VLOOKUP(C80,PLANILHA_ORC!$G:$M,6,0) -> 63.85 | H80: =VLOOKUP(C80,PLANILHA_ORC!$G:$M,7,0) -> 1.28 | I80: =VLOOKUP(C80,PLANILHA_ORC!$G:$P,8,0) -> 81.73 | M80: 1
K81: =ROUND(K80*$I80,2) -> 0 | L81: =ROUND(L80*$I80,2) -> 0 | M81: =ROUND(M80*$I80,2) -> 81.73 | N81: =ROUND(N80*$I80,2) -> 0 | O81: =ROUND(O80*$I80,2) -> 0 | P81: =ROUND(P80*$I80,2) -> 0 | Q81: =SUM(K81:P81) -> 81.73 | R81: =Q81=I80 -> TRUE
A82: SIURB_EDIF | B82: 1001006 | C82: 2.4.5 | D82: DEMOLIÇÕES E REMOÇÕES | E82: =VLOOKUP(C82,PLANILHA_ORC!$G:$J,3,0) -> CARGA MANUAL E REMOÇÃO DE ENTULHO, INCLUSIVE TRANSPORTE ATÉ 1 KM | F82: =VLOOKUP(C82,PLANILHA_ORC!$G:$J,4,0) -> M3 | G82: =VLOOKUP(C82,PLANILHA_ORC!$G:$M,6,0) -> 64.12 | H82: =VLOOKUP(C82,PLANILHA_ORC!$G:$M,7,0) -> 57.33 | I82: =VLOOKUP(C82,PLANILHA_ORC!$G:$P,8,0) -> 3676 | M82: 1
K83: =ROUND(K82*$I82,2) -> 0 | L83: =ROUND(L82*$I82,2) -> 0 | M83: =ROUND(M82*$I82,2) -> 3676 | N83: =ROUND(N82*$I82,2) -> 0 | O83: =ROUND(O82*$I82,2) -> 0 | P83: =ROUND(P82*$I82,2) -> 0 | Q83: =SUM(K83:P83) -> 3676 | R83: =Q83=I82 -> TRUE
A84: SIURB_EDIF | B84: 1001007 | C84: 2.4.6 | D84: DEMOLIÇÕES E REMOÇÕES | E84: =VLOOKUP(C84,PLANILHA_ORC!$G:$J,3,0) -> REMOÇÃO DE ENTULHO COM CAÇAMBA METÁLICA, INCLUSIVE CARGA MANUAL E DESCARGA EM BOTA-FORA | F84: =VLOOKUP(C84,PLANILHA_ORC!$G:$J,4,0) -> M3 | G84: =VLOOKUP(C84,PLANILHA_ORC!$G:$M,6,0) -> 160.57 | H84: =VLOOKUP(C84,PLANILHA_ORC!$G:$M,7,0) -> 57.33 | I84: =VLOOKUP(C84,PLANILHA_ORC!$G:$P,8,0) -> 9205.48 | M84: 1
K85: =ROUND(K84*$I84,2) -> 0 | L85: =ROUND(L84*$I84,2) -> 0 | M85: =ROUND(M84*$I84,2) -> 9205.48 | N85: =ROUND(N84*$I84,2) -> 0 | O85: =ROUND(O84*$I84,2) -> 0 | P85: =ROUND(P84*$I84,2) -> 0 | Q85: =SUM(K85:P85) -> 9205.48 | R85: =Q85=I84 -> TRUE
C86: 2.5 | D86: MOVIMENTO DE TERRA | E86: MOVIMENTO DE TERRA | I86: =VLOOKUP(C86,PLANILHA_ORC!$G:$P,8,0) -> 476260.98 | K86: =SUM(K88,K90,K92,K94,K96,K98) -> 0 | L86: =SUM(L88,L90,L92,L94,L96,L98) -> 0 | M86: =SUM(M88,M90,M92,M94,M96,M98) -> 71439.15 | N86: =SUM(N88,N90,N92,N94,N96,N98) -> 190504.4 | O86: =SUM(O88,O90,O92,O94,O96,O98) -> 190504.4 | P86: =SUM(P88,P90,P92,P94,P96,P98) -> 23813.03 | Q86: =SUM(Q88,Q90,Q92,Q94,Q96,Q98) -> 476260.98 | R86: =Q86=I86 -> TRUE
A87: SINAPI | B87: 90084 | C87: 2.5.1 | D87: MOVIMENTO DE TERRA | E87: =VLOOKUP(C87,PLANILHA_ORC!$G:$J,3,0) -> ESCAVAÇÃO MECANIZADA DE VALA COM PROF. MAIOR QUE 1,5 M ATÉ 3,0 M (MÉDIA MONTANTE E JUSANTE/UMA COMPOSIÇÃO POR TRECHO), ESCAVADEIRA (0,8 M3), LARGURA ATÉ 1,5 M, EM SOLO DE 1A CATEGORIA, EM LOCAIS COM ALTO NÍVEL DE INTERFERÊNCIA. AF_09/2024 | F87: =VLOOKUP(C87,PLANILHA_ORC!$G:$J,4,0) -> M3 | G87: =VLOOKUP(C87,PLANILHA_ORC!$G:$M,6,0) -> 12.31 | H87: =VLOOKUP(C87,PLANILHA_ORC!$G:$M,7,0) -> 1500.69 | I87: =VLOOKUP(C87,PLANILHA_ORC!$G:$P,8,0) -> 18473.49 | M87: 0.15 | N87: 0.4 | O87: 0.4 | P87: 0.05 | V87: =T87=U87 -> TRUE
K88: =ROUND(K87*$I87,2) -> 0 | L88: =ROUND(L87*$I87,2) -> 0 | M88: =ROUND(M87*$I87,2) -> 2771.02 | N88: =ROUND(N87*$I87,2) -> 7389.4 | O88: =ROUND(O87*$I87,2) -> 7389.4 | P88: =ROUND(P87*$I87,2) -> 923.67 | Q88: =SUM(K88:P88) -> 18473.49 | R88: =Q88=I87 -> TRUE
A89: SINAPI | B89: 94304 | C89: 2.5.2 | D89: MOVIMENTO DE TERRA | E89: =VLOOKUP(C89,PLANILHA_ORC!$G:$J,3,0) -> ATERRO MECANIZADO DE VALA COM ESCAVADEIRA HIDRÁULICA (CAPACIDADE DA CAÇAMBA: 0,8 M³ / POTÊNCIA: 111 HP), LARGURA ATÉ 2,5 M, PROFUNDIDADE ATÉ 1,5 M, COM SOLO ARGILO-ARENOSO. AF_08/2023 | F89: =VLOOKUP(C89,PLANILHA_ORC!$G:$J,4,0) -> M3 | G89: =VLOOKUP(C89,PLANILHA_ORC!$G:$M,6,0) -> 95.24 | H89: =VLOOKUP(C89,PLANILHA_ORC!$G:$M,7,0) -> 700.37 | I89: =VLOOKUP(C89,PLANILHA_ORC!$G:$P,8,0) -> 66703.24 | M89: 0.15 | N89: 0.4 | O89: 0.4 | P89: 0.05
K90: =ROUND(K89*$I89,2) -> 0 | L90: =ROUND(L89*$I89,2) -> 0 | M90: =ROUND(M89*$I89,2) -> 10005.49 | N90: =ROUND(N89*$I89,2) -> 26681.3 | O90: =ROUND(O89*$I89,2) -> 26681.3 | P90: =ROUND(P89*$I89,2)-0.01 -> 3335.15 | Q90: =SUM(K90:P90) -> 66703.24 | R90: =Q90=I89 -> TRUE
A91: SINAPI | B91: 100978 | C91: 2.5.3 | D91: MOVIMENTO DE TERRA | E91: =VLOOKUP(C91,PLANILHA_ORC!$G:$J,3,0) -> CARGA, MANOBRA E DESCARGA DE SOLOS E MATERIAIS GRANULARES EM CAMINHÃO BASCULANTE 10 M³ - CARGA COM ESCAVADEIRA HIDRÁULICA (CAÇAMBA DE 1,20 M³ / 155 HP) E DESCARGA LIVRE (UNIDADE: M3). AF_07/2020 | F91: =VLOOKUP(C91,PLANILHA_ORC!$G:$J,4,0) -> M3 | G91: =VLOOKUP(C91,PLANILHA_ORC!$G:$M,6,0) -> 9.04 | H91: =VLOOKUP(C91,PLANILHA_ORC!$G:$M,7,0) -> 1950.9 | I91: =VLOOKUP(C91,PLANILHA_ORC!$G:$P,8,0) -> 17636.14 | M91: 0.15 | N91: 0.4 | O91: 0.4 | P91: 0.05
K92: =ROUND(K91*$I91,2) -> 0 | L92: =ROUND(L91*$I91,2) -> 0 | M92: =ROUND(M91*$I91,2) -> 2645.42 | N92: =ROUND(N91*$I91,2) -> 7054.46 | O92: =ROUND(O91*$I91,2) -> 7054.46 | P92: =ROUND(P91*$I91,2)-0.01 -> 881.8 | Q92: =SUM(K92:P92) -> 17636.14 | R92: =Q92=I91 -> TRUE
A93: SIURB_INFRA | B93: 4064000 | C93: 2.5.4 | D93: MOVIMENTO DE TERRA | E93: =VLOOKUP(C93,PLANILHA_ORC!$G:$J,3,0) -> DISPOSIÇÃO FINAL DE SOLOS E RESÍDUOS, CLASSE II B - INERTES, EM ATERRO SANITÁRIO LICENCIADO | F93: =VLOOKUP(C93,PLANILHA_ORC!$G:$J,4,0) -> Ton | G93: =VLOOKUP(C93,PLANILHA_ORC!$G:$M,6,0) -> 117.02 | H93: =VLOOKUP(C93,PLANILHA_ORC!$G:$M,7,0) -> 2100.97 | I93: =VLOOKUP(C93,PLANILHA_ORC!$G:$P,8,0) -> 245855.51 | M93: 0.15 | N93: 0.4 | O93: 0.4 | P93: 0.05
K94: =ROUND(K93*$I93,2) -> 0 | L94: =ROUND(L93*$I93,2) -> 0 | M94: =ROUND(M93*$I93,2) -> 36878.33 | N94: =ROUND(N93*$I93,2) -> 98342.2 | O94: =ROUND(O93*$I93,2) -> 98342.2 | P94: =ROUND(P93*$I93,2) -> 12292.78 | Q94: =SUM(K94:P94) -> 245855.51 | R94: =Q94=I93 -> TRUE
A95: SINAPI | B95: 95878 | C95: 2.5.5 | D95: MOVIMENTO DE TERRA | E95: =VLOOKUP(C95,PLANILHA_ORC!$G:$J,3,0) -> TRANSPORTE COM CAMINHÃO BASCULANTE DE 10 M³, EM VIA URBANA PAVIMENTADA, DMT ATÉ 30 KM (UNIDADE: TXKM). AF_07/2020 | F95: =VLOOKUP(C95,PLANILHA_ORC!$G:$J,4,0) -> TXKM | G95: =VLOOKUP(C95,PLANILHA_ORC!$G:$M,6,0) -> 2.15 | H95: =VLOOKUP(C95,PLANILHA_ORC!$G:$M,7,0) -> 49933.05 | I95: =VLOOKUP(C95,PLANILHA_ORC!$G:$P,8,0) -> 107356.06 | M95: 0.15 | N95: 0.4 | O95: 0.4 | P95: 0.05
K96: =ROUND(K95*$I95,2) -> 0 | L96: =ROUND(L95*$I95,2) -> 0 | M96: =ROUND(M95*$I95,2) -> 16103.41 | N96: =ROUND(N95*$I95,2) -> 42942.42 | O96: =ROUND(O95*$I95,2) -> 42942.42 | P96: =ROUND(P95*$I95,2) -> 5367.8 | Q96: =SUM(K96:P96) -> 107356.05 | R96: =Q96=I95 -> FALSE
A97: SINAPI | B97: 93596 | C97: 2.5.6 | D97: MOVIMENTO DE TERRA | E97: =VLOOKUP(C97,PLANILHA_ORC!$G:$J,3,0) -> TRANSPORTE COM CAMINHÃO BASCULANTE DE 10 M³, EM VIA URBANA PAVIMENTADA, ADICIONAL PARA DMT EXCEDENTE A 30 KM (UNIDADE: TXKM). AF_07/2020 | F97: =VLOOKUP(C97,PLANILHA_ORC!$G:$J,4,0) -> TXKM | G97: =VLOOKUP(C97,PLANILHA_ORC!$G:$M,6,0) -> 0.84 | H97: =VLOOKUP(C97,PLANILHA_ORC!$G:$M,7,0) -> 24091.12 | I97: =VLOOKUP(C97,PLANILHA_ORC!$G:$P,8,0) -> 20236.54 | M97: 0.15 | N97: 0.4 | O97: 0.4 | P97: 0.05
K98: =ROUND(K97*$I97,2) -> 0 | L98: =ROUND(L97*$I97,2) -> 0 | M98: =ROUND(M97*$I97,2) -> 3035.48 | N98: =ROUND(N97*$I97,2) -> 8094.62 | O98: =ROUND(O97*$I97,2) -> 8094.62 | P98: =ROUND(P97*$I97,2) -> 1011.83 | Q98: =SUM(K98:P98) -> 20236.55 | R98: =Q98=I97 -> FALSE
C99: 2.6 | D99: PAVIMENTAÇÃO | E99: PAVIMENTAÇÃO | I99: =VLOOKUP(C99,PLANILHA_ORC!$G:$P,8,0) -> 93972.8 | K99: =SUM(K101,K103,K105,K107,K109,K111,K113) -> 0 | L99: =SUM(L101,L103,L105,L107,L109,L111,L113) -> 0 | M99: =SUM(M101,M103,M105,M107,M109,M111,M113) -> 21951.8 | N99: =SUM(N101,N103,N105,N107,N109,N111,N113) -> 36010.5 | O99: =SUM(O101,O103,O105,O107,O109,O111,O113) -> 36010.5 | P99: =SUM(P101,P103,P105,P107,P109,P111,P113) -> 0 | Q99: =SUM(K99:P99) -> 93972.8 | R99: =Q99=I99 -> TRUE
A100: SICRO | B100: 4011276 | C100: 2.6.1 | D100: PAVIMENTAÇÃO | E100: =VLOOKUP(C100,PLANILHA_ORC!$G:$J,3,0) -> Base ou sub-base de brita graduada com brita comercial | F100: =VLOOKUP(C100,PLANILHA_ORC!$G:$J,4,0) -> m³ | G100: =VLOOKUP(C100,PLANILHA_ORC!$G:$M,6,0) -> 312.5 | H100: =VLOOKUP(C100,PLANILHA_ORC!$G:$M,7,0) -> 58.8 | I100: =VLOOKUP(C100,PLANILHA_ORC!$G:$P,8,0) -> 18375 | M100: 1
...

Sheet Cronograma fis-fin_CONTRAPARTID
A1: CRONOGRAMA FÍSICO-FINANCEIRO - INVESTIMENTO CONTRAPARTIDA
A2: Revitalização do Córrego Corumbiara, Pq. Miami, Município de Santo André/SP - APRM-B | H2: data: | I2: =PLANILHA_ORC!P2 -> 45658
H3: BDI | I3: =BDI!B13 -> 0.2411
A4: REFERÊNCIA | B4: CÓDIGO | D4: TIPO | E4: DESCRIÇÃO | F4: UNIDADE | G4: PREÇO UNIT | H4: QUANTIDADE | I4: PREÇO TOTAL | K4: 1º mês | L4: 2º mês | M4: 3º mês | N4: 4º mês | O4: 5º mês | P4: 6º mês | Q4: TOTAL
C5: 0.0 | E5: TOTAL | I5: =VLOOKUP(C5,PLANILHA_ORC!$G:$P,9,0) -> 289380.55 | K5: =SUM(K6,K51,K164) -> 0 | L5: =SUM(L6,L51,L164) -> 0 | M5: =SUM(M6,M51,M164) -> 0 | N5: =SUM(N6,N51,N164) -> 0 | O5: =SUM(O6,O51,O164) -> 0 | P5: =SUM(P6,P51,P164) -> 289380.55 | Q5: =SUM(K5:P5) -> 289380.55
C6: 1.0 | E6: PROJETO EXECUTIVO | I6: =VLOOKUP(C6,PLANILHA_ORC!$G:$P,9,0) -> 0 | K6: =SUM(K7,K12,K23,K30,K37,K44) -> 0 | L6: =SUM(L7,L12,L23,L30,L37,L44) -> 0 | M6: =SUM(M7,M12,M23,M30,M37,M44) -> 0 | N6: =SUM(N7,N12,N23,N30,N37,N44) -> 0 | O6: =SUM(O7,O12,O23,O30,O37,O44) -> 0 | P6: =SUM(P7,P12,P23,P30,P37,P44) -> 0 | Q6: =SUM(K6:P6) -> 0
C7: 1.1 | D7: PLANO DE TRABALHO | E7: PLANO DE TRABALHO | I7: =VLOOKUP(C7,PLANILHA_ORC!$G:$P,9,0) -> 0 | K7: =SUM(K9,K11) -> 0 | L7: =SUM(L9,L11) -> 0 | M7: =SUM(M9,M11) -> 0 | N7: =SUM(N9,N11) -> 0 | O7: =SUM(O9,O11) -> 0 | P7: =SUM(P9,P11) -> 0 | Q7: =SUM(K7:P7) -> 0 | R7: =Q7=I7 -> TRUE
A8: SIURB | B8: 1115 | C8: 1.1.1 | D8: PLANO DE TRABALHO | E8: =VLOOKUP(C8,PLANILHA_ORC!$G:$J,3,0) -> ENGENHEIRO CIVIL/ ARQUITETO COORDENADOR SETORIAL - 20 ANOS EXPERIÊNCIA (SGSP) | F8: =VLOOKUP(C8,PLANILHA_ORC!$G:$J,4,0) -> H | G8: =VLOOKUP(C8,PLANILHA_ORC!$G:$P,6,0) -> 586.71 | H8: =VLOOKUP(C8,PLANILHA_ORC!$G:$P,7,0) -> 4 | I8: =VLOOKUP(C8,PLANILHA_ORC!$G:$P,9,0) -> 0 | K8: 1
K9: =ROUND(K8*$I8,2) -> 0 | L9: =ROUND(L8*$I8,2) -> 0 | M9: =ROUND(M8*$I8,2) -> 0 | N9: =ROUND(N8*$I8,2) -> 0 | O9: =ROUND(O8*$I8,2) -> 0 | P9: =ROUND(P8*$I8,2) -> 0 | Q9: =SUM(K9:P9) -> 0 | R9: =Q9=I8 -> TRUE
A10: SIURB | B10: 1125 | C10: 1.1.2 | D10: PLANO DE TRABALHO | E10: =VLOOKUP(C10,PLANILHA_ORC!$G:$J,3,0) -> ENGENHEIRO/ ARQUITETO PLENO - DE 5 A 15 ANOS DE EXPERIÊNCIA (SGSP) | F10: =VLOOKUP(C10,PLANILHA_ORC!$G:$J,4,0) -> H | G10: =VLOOKUP(C10,PLANILHA_ORC!$G:$M,6,0) -> 221.81 | H10: =VLOOKUP(C10,PLANILHA_ORC!$G:$M,7,0) -> 24 | I10: =VLOOKUP(C10,PLANILHA_ORC!$G:$P,9,0) -> 0 | K10: 1
K11: =ROUND(K10*$I10,2) -> 0 | L11: =ROUND(L10*$I10,2) -> 0 | M11: =ROUND(M10*$I10,2) -> 0 | N11: =ROUND(N10*$I10,2) -> 0 | O11: =ROUND(O10*$I10,2) -> 0 | P11: =ROUND(P10*$I10,2) -> 0 | Q11: =SUM(K11:P11) -> 0 | R11: =Q11=I10 -> TRUE
C12: 1.2 | D12: LEVANTAMENTO TOPOGRÁFICO E DE INTERFERÊNCIAS | E12: LEVANTAMENTO TOPOGRÁFICO E DE INTERFERÊNCIAS | I12: =VLOOKUP(C12,PLANILHA_ORC!$G:$P,9,0) -> 0 | K12: =SUM(K14,K16,K18,K20,K22) -> 0 | L12: =SUM(L14,L16,L18,L20,L22) -> 0 | M12: =SUM(M14,M16,M18,M20,M22) -> 0 | N12: =SUM(N14,N16,N18,N20,N22) -> 0 | O12: =SUM(O14,O16,O18,O20,O22) -> 0 | P12: =SUM(P14,P16,P18,P20,P22) -> 0 | Q12: =SUM(K12:P12) -> 0 | R12: =Q12=I12 -> TRUE
A13: SIURB | B13: 1115 | C13: 1.2.1 | D13: LEVANTAMENTO TOPOGRÁFICO E DE INTERFERÊNCIAS | E13: =VLOOKUP(C13,PLANILHA_ORC!$G:$J,3,0) -> ENGENHEIRO CIVIL/ ARQUITETO COORDENADOR SETORIAL - 20 ANOS EXPERIÊNCIA (SGSP) | F13: =VLOOKUP(C13,PLANILHA_ORC!$G:$J,4,0) -> H | G13: =VLOOKUP(C13,PLANILHA_ORC!$G:$M,6,0) -> 586.71 | H13: =VLOOKUP(C13,PLANILHA_ORC!$G:$M,7,0) -> 4 | I13: =VLOOKUP(C13,PLANILHA_ORC!$G:$P,9,0) -> 0 | K13: 1
K14: =ROUND(K13*$I13,2) -> 0 | L14: =ROUND(L13*$I13,2) -> 0 | M14: =ROUND(M13*$I13,2) -> 0 | N14: =ROUND(N13*$I13,2) -> 0 | O14: =ROUND(O13*$I13,2) -> 0 | P14: =ROUND(P13*$I13,2) -> 0 | Q14: =SUM(K14:P14) -> 0 | R14: =Q14=I13 -> TRUE
A15: SIURB | B15: 1125 | C15: 1.2.2 | D15: LEVANTAMENTO TOPOGRÁFICO E DE INTERFERÊNCIAS | E15: =VLOOKUP(C15,PLANILHA_ORC!$G:$J,3,0) -> ENGENHEIRO/ ARQUITETO PLENO - DE 5 A 15 ANOS DE EXPERIÊNCIA (SGSP) | F15: =VLOOKUP(C15,PLANILHA_ORC!$G:$J,4,0) -> H | G15: =VLOOKUP(C15,PLANILHA_ORC!$G:$M,6,0) -> 221.81 | H15: =VLOOKUP(C15,PLANILHA_ORC!$G:$M,7,0) -> 16 | I15: =VLOOKUP(C15,PLANILHA_ORC!$G:$P,9,0) -> 0 | K15: 1
K16: =ROUND(K15*$I15,2) -> 0 | L16: =ROUND(L15*$I15,2) -> 0 | M16: =ROUND(M15*$I15,2) -> 0 | N16: =ROUND(N15*$I15,2) -> 0 | O16: =ROUND(O15*$I15,2) -> 0 | P16: =ROUND(P15*$I15,2) -> 0 | Q16: =SUM(K16:P16) -> 0 | R16: =Q16=I15 -> TRUE
A17: SIURB | B17: 1181 | C17: 1.2.3 | D17: LEVANTAMENTO TOPOGRÁFICO E DE INTERFERÊNCIAS | E17: =VLOOKUP(C17,PLANILHA_ORC!$G:$J,3,0) -> TOPÓGRAFO (SGSP) | F17: =VLOOKUP(C17,PLANILHA_ORC!$G:$J,4,0) -> H | G17: =VLOOKUP(C17,PLANILHA_ORC!$G:$M,6,0) -> 82.07 | H17: =VLOOKUP(C17,PLANILHA_ORC!$G:$M,7,0) -> 24 | I17: =VLOOKUP(C17,PLANILHA_ORC!$G:$P,9,0) -> 0 | K17: 1
K18: =ROUND(K17*$I17,2) -> 0 | L18: =ROUND(L17*$I17,2) -> 0 | M18: =ROUND(M17*$I17,2) -> 0 | N18: =ROUND(N17*$I17,2) -> 0 | O18: =ROUND(O17*$I17,2) -> 0 | P18: =ROUND(P17*$I17,2) -> 0 | Q18: =SUM(K18:P18) -> 0 | R18: =Q18=I17 -> TRUE
A19: SIURB_INFRA | B19: 1010000 | C19: 1.2.4 | D19: LEVANTAMENTO TOPOGRÁFICO E DE INTERFERÊNCIAS | E19: =VLOOKUP(C19,PLANILHA_ORC!$G:$J,3,0) -> LEVANTAMENTO PLANIALTIMÉTRICO CADASTRAL | F19: =VLOOKUP(C19,PLANILHA_ORC!$G:$J,4,0) -> M2 | G19: =VLOOKUP(C19,PLANILHA_ORC!$G:$M,6,0) -> 0.99 | H19: =VLOOKUP(C19,PLANILHA_ORC!$G:$M,7,0) -> 2600 | I19: =VLOOKUP(C19,PLANILHA_ORC!$G:$P,9,0) -> 0 | K19: 1
K20: =ROUND(K19*$I19,2) -> 0 | L20: =ROUND(L19*$I19,2) -> 0 | M20: =ROUND(M19*$I19,2) -> 0 | N20: =ROUND(N19*$I19,2) -> 0 | O20: =ROUND(O19*$I19,2) -> 0 | P20: =ROUND(P19*$I19,2) -> 0 | Q20: =SUM(K20:P20) -> 0 | R20: =Q20=I19 -> TRUE
A21: SIURB_INFRA | B21: 2001001 | C21: 1.2.5 | D21: LEVANTAMENTO TOPOGRÁFICO E DE INTERFERÊNCIAS | E21: =VLOOKUP(C21,PLANILHA_ORC!$G:$J,3,0) -> SONDAGEM A TRADO MANUAL | F21: =VLOOKUP(C21,PLANILHA_ORC!$G:$J,4,0) -> M | G21: =VLOOKUP(C21,PLANILHA_ORC!$G:$M,6,0) -> 116.15 | H21: =VLOOKUP(C21,PLANILHA_ORC!$G:$M,7,0) -> 45 | I21: =VLOOKUP(C21,PLANILHA_ORC!$G:$P,9,0) -> 0 | K21: 1
K22: =ROUND(K21*$I21,2) -> 0 | L22: =ROUND(L21*$I21,2) -> 0 | M22: =ROUND(M21*$I21,2) -> 0 | N22: =ROUND(N21*$I21,2) -> 0 | O22: =ROUND(O21*$I21,2) -> 0 | P22: =ROUND(P21*$I21,2) -> 0 | Q22: =SUM(K22:P22) -> 0 | R22: =Q22=I21 -> TRUE
C23: 1.3 | D23: PROJETO HIDRÁULICO E HIDROLÓGICO | E23: PROJETO HIDRÁULICO E HIDROLÓGICO | I23: =VLOOKUP(C23,PLANILHA_ORC!$G:$P,9,0) -> 0 | K23: =SUM(K25,K27,K29) -> 0 | L23: =SUM(L25,L27,L29) -> 0 | M23: =SUM(M25,M27,M29) -> 0 | N23: =SUM(N25,N27,N29) -> 0 | O23: =SUM(O25,O27,O29) -> 0 | P23: =SUM(P25,P27,P29) -> 0 | Q23: =SUM(K23:P23) -> 0 | R23: =Q23=I23 -> TRUE
A24: SIURB | B24: 1115 | C24: 1.3.1 | D24: PROJETO HIDRÁULICO E HIDROLÓGICO | E24: =VLOOKUP(C24,PLANILHA_ORC!$G:$J,3,0) -> ENGENHEIRO CIVIL/ ARQUITETO COORDENADOR SETORIAL - 20 ANOS EXPERIÊNCIA (SGSP) | F24: =VLOOKUP(C24,PLANILHA_ORC!$G:$J,4,0) -> H | G24: =VLOOKUP(C24,PLANILHA_ORC!$G:$M,6,0) -> 586.71 | H24: =VLOOKUP(C24,PLANILHA_ORC!$G:$M,7,0) -> 8 | I24: =VLOOKUP(C24,PLANILHA_ORC!$G:$P,9,0) -> 0 | L24: 1
K25: =ROUND(K24*$I24,2) -> 0 | L25: =ROUND(L24*$I24,2) -> 0 | M25: =ROUND(M24*$I24,2) -> 0 | N25: =ROUND(N24*$I24,2) -> 0 | O25: =ROUND(O24*$I24,2) -> 0 | P25: =ROUND(P24*$I24,2) -> 0 | Q25: =SUM(K25:P25) -> 0 | R25: =Q25=I24 -> TRUE
A26: SIURB | B26: 1125 | C26: 1.3.2 | D26: PROJETO HIDRÁULICO E HIDROLÓGICO | E26: =VLOOKUP(C26,PLANILHA_ORC!$G:$J,3,0) -> ENGENHEIRO/ ARQUITETO PLENO - DE 5 A 15 ANOS DE EXPERIÊNCIA (SGSP) | F26: =VLOOKUP(C26,PLANILHA_ORC!$G:$J,4,0) -> H | G26: =VLOOKUP(C26,PLANILHA_ORC!$G:$M,6,0) -> 221.81 | H26: =VLOOKUP(C26,PLANILHA_ORC!$G:$M,7,0) -> 40 | I26: =VLOOKUP(C26,PLANILHA_ORC!$G:$P,9,0) -> 0 | L26: 1
K27: =ROUND(K26*$I26,2) -> 0 | L27: =ROUND(L26*$I26,2) -> 0 | M27: =ROUND(M26*$I26,2) -> 0 | N27: =ROUND(N26*$I26,2) -> 0 | O27: =ROUND(O26*$I26,2) -> 0 | P27: =ROUND(P26*$I26,2) -> 0 | Q27: =SUM(K27:P27) -> 0 | R27: =Q27=I26 -> TRUE
A28: SIURB | B28: 1164 | C28: 1.3.3 | D28: PROJETO HIDRÁULICO E HIDROLÓGICO | E28: =VLOOKUP(C28,PLANILHA_ORC!$G:$J,3,0) -> DESENHISTA PROJETISTA (SGSP) | F28: =VLOOKUP(C28,PLANILHA_ORC!$G:$J,4,0) -> H | G28: =VLOOKUP(C28,PLANILHA_ORC!$G:$M,6,0) -> 79.11 | H28: =VLOOKUP(C28,PLANILHA_ORC!$G:$M,7,0) -> 40 | I28: =VLOOKUP(C28,PLANILHA_ORC!$G:$P,9,0) -> 0 | L28: 1
K29: =ROUND(K28*$I28,2) -> 0 | L29: =ROUND(L28*$I28,2) -> 0 | M29: =ROUND(M28*$I28,2) -> 0 | N29: =ROUND(N28*$I28,2) -> 0 | O29: =ROUND(O28*$I28,2) -> 0 | P29: =ROUND(P28*$I28,2) -> 0 | Q29: =SUM(K29:P29) -> 0 | R29: =Q29=I28 -> TRUE
C30: 1.4 | D30: PROJETO ESTRUTURAL | E30: PROJETO ESTRUTURAL | I30: =VLOOKUP(C30,PLANILHA_ORC!$G:$P,9,0) -> 0 | K30: =SUM(K32,K34,K36) -> 0 | L30: =SUM(L32,L34,L36) -> 0 | M30: =SUM(M32,M34,M36) -> 0 | N30: =SUM(N32,N34,N36) -> 0 | O30: =SUM(O32,O34,O36) -> 0 | P30: =SUM(P32,P34,P36) -> 0 | Q30: =SUM(K30:P30) -> 0 | R30: =Q30=I30 -> TRUE
A31: SIURB | B31: 1115 | C31: 1.4.1 | D31: PROJETO ESTRUTURAL | E31: =VLOOKUP(C31,PLANILHA_ORC!$G:$J,3,0) -> ENGENHEIRO CIVIL/ ARQUITETO COORDENADOR SETORIAL - 20 ANOS EXPERIÊNCIA (SGSP) | F31: =VLOOKUP(C31,PLANILHA_ORC!$G:$J,4,0) -> H | G31: =VLOOKUP(C31,PLANILHA_ORC!$G:$M,6,0) -> 586.71 | H31: =VLOOKUP(C31,PLANILHA_ORC!$G:$M,7,0) -> 8 | I31: =VLOOKUP(C31,PLANILHA_ORC!$G:$P,9,0) -> 0 | L31: 1
K32: =ROUND(K31*$I31,2) -> 0 | L32: =ROUND(L31*$I31,2) -> 0 | M32: =ROUND(M31*$I31,2) -> 0 | N32: =ROUND(N31*$I31,2) -> 0 | O32: =ROUND(O31*$I31,2) -> 0 | P32: =ROUND(P31*$I31,2) -> 0 | Q32: =SUM(K32:P32) -> 0 | R32: =Q32=I31 -> TRUE
A33: SIURB | B33: 1125 | C33: 1.4.2 | D33: PROJETO ESTRUTURAL | E33: =VLOOKUP(C33,PLANILHA_ORC!$G:$J,3,0) -> ENGENHEIRO/ ARQUITETO PLENO - DE 5 A 15 ANOS DE EXPERIÊNCIA (SGSP) | F33: =VLOOKUP(C33,PLANILHA_ORC!$G:$J,4,0) -> H | G33: =VLOOKUP(C33,PLANILHA_ORC!$G:$M,6,0) -> 221.81 | H33: =VLOOKUP(C33,PLANILHA_ORC!$G:$M,7,0) -> 40 | I33: =VLOOKUP(C33,PLANILHA_ORC!$G:$P,9,0) -> 0 | L33: 1
K34: =ROUND(K33*$I33,2) -> 0 | L34: =ROUND(L33*$I33,2) -> 0 | M34: =ROUND(M33*$I33,2) -> 0 | N34: =ROUND(N33*$I33,2) -> 0 | O34: =ROUND(O33*$I33,2) -> 0 | P34: =ROUND(P33*$I33,2) -> 0 | Q34: =SUM(K34:P34) -> 0 | R34: =Q34=I33 -> TRUE
A35: SIURB | B35: 1164 | C35: 1.4.3 | D35: PROJETO ESTRUTURAL | E35: =VLOOKUP(C35,PLANILHA_ORC!$G:$J,3,0) -> DESENHISTA PROJETISTA (SGSP) | F35: =VLOOKUP(C35,PLANILHA_ORC!$G:$J,4,0) -> H | G35: =VLOOKUP(C35,PLANILHA_ORC!$G:$M,6,0) -> 79.11 | H35: =VLOOKUP(C35,PLANILHA_ORC!$G:$M,7,0) -> 40 | I35: =VLOOKUP(C35,PLANILHA_ORC!$G:$P,9,0) -> 0 | L35: 1
K36: =ROUND(K35*$I35,2) -> 0 | L36: =ROUND(L35*$I35,2) -> 0 | M36: =ROUND(M35*$I35,2) -> 0 | N36: =ROUND(N35*$I35,2) -> 0 | O36: =ROUND(O35*$I35,2) -> 0 | P36: =ROUND(P35*$I35,2) -> 0 | Q36: =SUM(K36:P36) -> 0 | R36: =Q36=I35 -> TRUE
C37: 1.5 | D37: PLANILHA ORÇAMENTÁRIA | E37: PLANILHA ORÇAMENTÁRIA | I37: =VLOOKUP(C37,PLANILHA_ORC!$G:$P,9,0) -> 0 | K37: =SUM(K39,K41,K43) -> 0 | L37: =SUM(L39,L41,L43) -> 0 | M37: =SUM(M39,M41,M43) -> 0 | N37: =SUM(N39,N41,N43) -> 0 | O37: =SUM(O39,O41,O43) -> 0 | P37: =SUM(P39,P41,P43) -> 0 | Q37: =SUM(K37:P37) -> 0 | R37: =Q37=I37 -> TRUE
A38: SIURB | B38: 1115 | C38: 1.5.1 | D38: PLANILHA ORÇAMENTÁRIA | E38: =VLOOKUP(C38,PLANILHA_ORC!$G:$J,3,0) -> ENGENHEIRO CIVIL/ ARQUITETO COORDENADOR SETORIAL - 20 ANOS EXPERIÊNCIA (SGSP) | F38: =VLOOKUP(C38,PLANILHA_ORC!$G:$J,4,0) -> H | G38: =VLOOKUP(C38,PLANILHA_ORC!$G:$M,6,0) -> 586.71 | H38: =VLOOKUP(C38,PLANILHA_ORC!$G:$M,7,0) -> 4 | I38: =VLOOKUP(C38,PLANILHA_ORC!$G:$P,9,0) -> 0 | L38: 1
K39: =ROUND(K38*$I38,2) -> 0 | L39: =ROUND(L38*$I38,2) -> 0 | M39: =ROUND(M38*$I38,2) -> 0 | N39: =ROUND(N38*$I38,2) -> 0 | O39: =ROUND(O38*$I38,2) -> 0 | P39: =ROUND(P38*$I38,2) -> 0 | Q39: =SUM(K39:P39) -> 0 | R39: =Q39=I38 -> TRUE
A40: SIURB | B40: 1125 | C40: 1.5.2 | D40: PLANILHA ORÇAMENTÁRIA | E40: =VLOOKUP(C40,PLANILHA_ORC!$G:$J,3,0) -> ENGENHEIRO/ ARQUITETO PLENO - DE 5 A 15 ANOS DE EXPERIÊNCIA (SGSP) | F40: =VLOOKUP(C40,PLANILHA_ORC!$G:$J,4,0) -> H | G40: =VLOOKUP(C40,PLANILHA_ORC!$G:$M,6,0) -> 221.81 | H40: =VLOOKUP(C40,PLANILHA_ORC!$G:$M,7,0) -> 16 | I40: =VLOOKUP(C40,PLANILHA_ORC!$G:$P,9,0) -> 0 | L40: 1
K41: =ROUND(K40*$I40,2) -> 0 | L41: =ROUND(L40*$I40,2) -> 0 | M41: =ROUND(M40*$I40,2) -> 0 | N41: =ROUND(N40*$I40,2) -> 0 | O41: =ROUND(O40*$I40,2) -> 0 | P41: =ROUND(P40*$I40,2) -> 0 | Q41: =SUM(K41:P41) -> 0 | R41: =Q41=I40 -> TRUE
A42: SIURB | B42: 1128 | C42: 1.5.3 | D42: PLANILHA ORÇAMENTÁRIA | E42: =VLOOKUP(C42,PLANILHA_ORC!$G:$J,3,0) -> ENGENHEIRO/ ARQUITETO JÚNIOR - ATÉ 5 ANOS DE EXPERIÊNCIA (SGSP) | F42: =VLOOKUP(C42,PLANILHA_ORC!$G:$J,4,0) -> H | G42: =VLOOKUP(C42,PLANILHA_ORC!$G:$M,6,0) -> 164.57 | H42: =VLOOKUP(C42,PLANILHA_ORC!$G:$M,7,0) -> 16 | I42: =VLOOKUP(C42,PLANILHA_ORC!$G:$P,9,0) -> 0 | L42: 1
K43: =ROUND(K42*$I42,2) -> 0 | L43: =ROUND(L42*$I42,2) -> 0 | M43: =ROUND(M42*$I42,2) -> 0 | N43: =ROUND(N42*$I42,2) -> 0 | O43: =ROUND(O42*$I42,2) -> 0 | P43: =ROUND(P42*$I42,2) -> 0 | Q43: =SUM(K43:P43) -> 0 | R43: =Q43=I42 -> TRUE
C44: 1.6 | D44: CRONOGRAMA | E44: CRONOGRAMA | I44: =VLOOKUP(C44,PLANILHA_ORC!$G:$P,9,0) -> 0 | K44: =SUM(K46,K48,K50) -> 0 | L44: =SUM(L46,L48,L50) -> 0 | M44: =SUM(M46,M48,M50) -> 0 | N44: =SUM(N46,N48,N50) -> 0 | O44: =SUM(O46,O48,O50) -> 0 | P44: =SUM(P46,P48,P50) -> 0 | Q44: =SUM(K44:P44) -> 0 | R44: =Q44=I44 -> TRUE
A45: SIURB | B45: 1115 | C45: 1.6.1 | D45: CRONOGRAMA | E45: =VLOOKUP(C45,PLANILHA_ORC!$G:$J,3,0) -> ENGENHEIRO CIVIL/ ARQUITETO COORDENADOR SETORIAL - 20 ANOS EXPERIÊNCIA (SGSP) | F45: =VLOOKUP(C45,PLANILHA_ORC!$G:$J,4,0) -> H | G45: =VLOOKUP(C45,PLANILHA_ORC!$G:$M,6,0) -> 586.71 | H45: =VLOOKUP(C45,PLANILHA_ORC!$G:$M,7,0) -> 4 | I45: =VLOOKUP(C45,PLANILHA_ORC!$G:$P,9,0) -> 0 | L45: 1
K46: =ROUND(K45*$I45,2) -> 0 | L46: =ROUND(L45*$I45,2) -> 0 | M46: =ROUND(M45*$I45,2) -> 0 | N46: =ROUND(N45*$I45,2) -> 0 | O46: =ROUND(O45*$I45,2) -> 0 | P46: =ROUND(P45*$I45,2) -> 0 | Q46: =SUM(K46:P46) -> 0 | R46: =Q46=I45 -> TRUE
A47: SIURB | B47: 1125 | C47: 1.6.2 | D47: CRONOGRAMA | E47: =VLOOKUP(C47,PLANILHA_ORC!$G:$J,3,0) -> ENGENHEIRO/ ARQUITETO PLENO - DE 5 A 15 ANOS DE EXPERIÊNCIA (SGSP) | F47: =VLOOKUP(C47,PLANILHA_ORC!$G:$J,4,0) -> H | G47: =VLOOKUP(C47,PLANILHA_ORC!$G:$M,6,0) -> 221.81 | H47: =VLOOKUP(C47,PLANILHA_ORC!$G:$M,7,0) -> 16 | I47: =VLOOKUP(C47,PLANILHA_ORC!$G:$P,9,0) -> 0 | L47: 1
K48: =ROUND(K47*$I47,2) -> 0 | L48: =ROUND(L47*$I47,2) -> 0 | M48: =ROUND(M47*$I47,2) -> 0 | N48: =ROUND(N47*$I47,2) -> 0 | O48: =ROUND(O47*$I47,2) -> 0 | P48: =ROUND(P47*$I47,2) -> 0 | Q48: =SUM(K48:P48) -> 0 | R48: =Q48=I47 -> TRUE
A49: SIURB | B49: 1128 | C49: 1.6.3 | D49: CRONOGRAMA | E49: =VLOOKUP(C49,PLANILHA_ORC!$G:$J,3,0) -> ENGENHEIRO/ ARQUITETO JÚNIOR - ATÉ 5 ANOS DE EXPERIÊNCIA (SGSP) | F49: =VLOOKUP(C49,PLANILHA_ORC!$G:$J,4,0) -> H | G49: =VLOOKUP(C49,PLANILHA_ORC!$G:$M,6,0) -> 164.57 | H49: =VLOOKUP(C49,PLANILHA_ORC!$G:$M,7,0) -> 16 | I49: =VLOOKUP(C49,PLANILHA_ORC!$G:$P,9,0) -> 0 | L49: 1
K50: =ROUND(K49*$I49,2) -> 0 | L50: =ROUND(L49*$I49,2) -> 0 | M50: =ROUND(M49*$I49,2) -> 0 | N50: =ROUND(N49*$I49,2) -> 0 | O50: =ROUND(O49*$I49,2) -> 0 | P50: =ROUND(P49*$I49,2) -> 0 | Q50: =SUM(K50:P50) -> 0 | R50: =Q50=I49 -> TRUE
C51: 2.0 | E51: OBRAS DE REVITALIZAÇÃO DO CÓRREGO CORUMBIARA | I51: =VLOOKUP(C51,PLANILHA_ORC!$G:$P,9,0) -> 0 | K51: =SUM(K52,K59,K68,K73,K86,K99,K114,K121,K128,K139,K150,K157) -> 0 | L51: =SUM(L52,L59,L68,L73,L86,L99,L114,L121,L128,L139,L150,L157) -> 0 | M51: =SUM(M52,M59,M68,M73,M86,M99,M114,M121,M128,M139,M150,M157) -> 0 | N51: =SUM(N52,N59,N68,N73,N86,N99,N114,N121,N128,N139,N150,N157) -> 0 | O51: =SUM(O52,O59,O68,O73,O86,O99,O114,O121,O128,O139,O150,O157) -> 0 | P51: =SUM(P52,P59,P68,P73,P86,P99,P114,P121,P128,P139,P150,P157) -> 281155.55 | Q51: =SUM(K51:P51) -> 281155.55
C52: 2.1 | D52: ADMINISTRAÇÃO LOCAL | E52: ADMINISTRAÇÃO LOCAL | I52: =VLOOKUP(C52,PLANILHA_ORC!$G:$P,9,0) -> 0 | K52: =SUM(K54,K56,K58) -> 0 | L52: =SUM(L54,L56,L58) -> 0 | M52: =SUM(M54,M56,M58) -> 0 | N52: =SUM(N54,N56,N58) -> 0 | O52: =SUM(O54,O56,O58) -> 0 | P52: =SUM(P54,P56,P58) -> 0 | Q52: =SUM(K52:P52) -> 0 | R52: =Q52=I52 -> TRUE
A53: SINAPI | B53: 90778 | C53: 2.1.1 | D53: ADMINISTRAÇÃO LOCAL | E53: =VLOOKUP(C53,PLANILHA_ORC!$G:$J,3,0) -> ENGENHEIRO CIVIL DE OBRA PLENO COM ENCARGOS COMPLEMENTARES | F53: =VLOOKUP(C53,PLANILHA_ORC!$G:$J,4,0) -> H | G53: =VLOOKUP(C53,PLANILHA_ORC!$G:$M,6,0) -> 153.6 | H53: =VLOOKUP(C53,PLANILHA_ORC!$G:$M,7,0) -> 200 | I53: =VLOOKUP(C53,PLANILHA_ORC!$G:$P,9,0) -> 0 | M53: 0.25 | N53: 0.25 | O53: 0.25 | P53: 0.25
K54: =ROUND(K53*$I53,2) -> 0 | L54: =ROUND(L53*$I53,2) -> 0 | M54: =ROUND(M53*$I53,2) -> 0 | N54: =ROUND(N53*$I53,2) -> 0 | O54: =ROUND(O53*$I53,2) -> 0 | P54: =ROUND(P53*$I53,2) -> 0 | Q54: =SUM(K54:P54) -> 0 | R54: =Q54=I53 -> TRUE
A55: SINAPI | B55: 94295 | C55: 2.1.2 | D55: ADMINISTRAÇÃO LOCAL | E55: =VLOOKUP(C55,PLANILHA_ORC!$G:$J,3,0) -> MESTRE DE OBRAS COM ENCARGOS COMPLEMENTARES | F55: =VLOOKUP(C55,PLANILHA_ORC!$G:$J,4,0) -> MES | G55: =VLOOKUP(C55,PLANILHA_ORC!$G:$M,6,0) -> 16999.46 | H55: =VLOOKUP(C55,PLANILHA_ORC!$G:$M,7,0) -> 4 | I55: =VLOOKUP(C55,PLANILHA_ORC!$G:$P,9,0) -> 0 | M55: 0.25 | N55: 0.25 | O55: 0.25 | P55: 0.25
K56: =ROUND(K55*$I55,2) -> 0 | L56: =ROUND(L55*$I55,2) -> 0 | M56: =ROUND(M55*$I55,2) -> 0 | N56: =ROUND(N55*$I55,2) -> 0 | O56: =ROUND(O55*$I55,2) -> 0 | P56: =ROUND(P55*$I55,2) -> 0 | Q56: =SUM(K56:P56) -> 0 | R56: =Q56=I55 -> TRUE
A57: SINAPI | B57: 100289 | C57: 2.1.3 | D57: ADMINISTRAÇÃO LOCAL | E57: =VLOOKUP(C57,PLANILHA_ORC!$G:$J,3,0) -> VIGIA DIURNO COM ENCARGOS COMPLEMENTARES | F57: =VLOOKUP(C57,PLANILHA_ORC!$G:$J,4,0) -> H | G57: =VLOOKUP(C57,PLANILHA_ORC!$G:$M,6,0) -> 38.96 | H57: =VLOOKUP(C57,PLANILHA_ORC!$G:$M,7,0) -> 880 | I57: =VLOOKUP(C57,PLANILHA_ORC!$G:$P,9,0) -> 0 | M57: 0.25 | N57: 0.25 | O57: 0.25 | P57: 0.25
K58: =ROUND(K57*$I57,2) -> 0 | L58: =ROUND(L57*$I57,2) -> 0 | M58: =ROUND(M57*$I57,2) -> 0 | N58: =ROUND(N57*$I57,2) -> 0 | O58: =ROUND(O57*$I57,2) -> 0 | P58: =ROUND(P57*$I57,2) -> 0 | Q58: =SUM(K58:P58) -> 0 | R58: =Q58=I57 -> TRUE
C59: 2.2 | D59: CANTEIRO DE OBRAS | E59: CANTEIRO DE OBRAS | I59: =VLOOKUP(C59,PLANILHA_ORC!$G:$P,9,0) -> 0 | K59: =SUM(K61,K63,K65,K67) -> 0 | L59: =SUM(L61,L63,L65,L67) -> 0 | M59: =SUM(M61,M63,M65,M67) -> 0 | N59: =SUM(N61,N63,N65,N67) -> 0 | O59: =SUM(O61,O63,O65,O67) -> 0 | P59: =SUM(P61,P63,P65,P67) -> 0 | Q59: =SUM(K59:P59) -> 0 | R59: =Q59=I59 -> TRUE
A60: SINAPI | B60: 103689 | C60: 2.2.1 | D60: CANTEIRO DE OBRAS | E60: =VLOOKUP(C60,PLANILHA_ORC!$G:$J,3,0) -> FORNECIMENTO E INSTALAÇÃO DE PLACA DE OBRA COM CHAPA GALVANIZADA E ESTRUTURA DE MADEIRA. AF_03/2022_PS | F60: =VLOOKUP(C60,PLANILHA_ORC!$G:$J,4,0) -> M2 | G60: =VLOOKUP(C60,PLANILHA_ORC!$G:$M,6,0) -> 583.94 | H60: =VLOOKUP(C60,PLANILHA_ORC!$G:$M,7,0) -> 12 | I60: =VLOOKUP(C60,PLANILHA_ORC!$G:$P,9,0) -> 0 | M60: 1
K61: =ROUND(K60*$I60,2) -> 0 | L61: =ROUND(L60*$I60,2) -> 0 | M61: =ROUND(M60*$I60,2) -> 0 | N61: =ROUND(N60*$I60,2) -> 0 | O61: =ROUND(O60*$I60,2) -> 0 | P61: =ROUND(P60*$I60,2) -> 0 | Q61: =SUM(K61:P61) -> 0 | R61: =Q61=I60 -> TRUE
A62: CDHU | B62: 02.02.150 | C62: 2.2.2 | D62: CANTEIRO DE OBRAS | E62: =VLOOKUP(C62,PLANILHA_ORC!$G:$J,3,0) -> Locação de container tipo depósito - área mínima de 13,80 m² | F62: =VLOOKUP(C62,PLANILHA_ORC!$G:$J,4,0) -> UNMES | G62: =VLOOKUP(C62,PLANILHA_ORC!$G:$M,6,0) -> 1126.04 | H62: =VLOOKUP(C62,PLANILHA_ORC!$G:$M,7,0) -> 4 | I62: =VLOOKUP(C62,PLANILHA_ORC!$G:$P,9,0) -> 0 | M62: 0.25 | N62: 0.25 | O62: 0.25 | P62: 0.25
K63: =ROUND(K62*$I62,2) -> 0 | L63: =ROUND(L62*$I62,2) -> 0 | M63: =ROUND(M62*$I62,2) -> 0 | N63: =ROUND(N62*$I62,2) -> 0 | O63: =ROUND(O62*$I62,2) -> 0 | P63: =ROUND(P62*$I62,2) -> 0 | Q63: =SUM(K63:P63) -> 0 | R63: =Q63=I62 -> TRUE
A64: CDHU | B64: 02.02.160 | C64: 2.2.3 | D64: CANTEIRO DE OBRAS | E64: =VLOOKUP(C64,PLANILHA_ORC!$G:$J,3,0) -> Locação de container tipo guarita - área mínima de 4,60 m² | F64: =VLOOKUP(C64,PLANILHA_ORC!$G:$J,4,0) -> UNMES | G64: =VLOOKUP(C64,PLANILHA_ORC!$G:$M,6,0) -> 1125.12 | H64: =VLOOKUP(C64,PLANILHA_ORC!$G:$M,7,0) -> 4 | I64: =VLOOKUP(C64,PLANILHA_ORC!$G:$P,9,0) -> 0 | M64: 0.25 | N64: 0.25 | O64: 0.25 | P64: 0.25
K65: =ROUND(K64*$I64,2) -> 0 | L65: =ROUND(L64*$I64,2) -> 0 | M65: =ROUND(M64*$I64,2) -> 0 | N65: =ROUND(N64*$I64,2) -> 0 | O65: =ROUND(O64*$I64,2) -> 0 | P65: =ROUND(P64*$I64,2) -> 0 | Q65: =SUM(K65:P65) -> 0 | R65: =Q65=I64 -> TRUE
A66: CDHU | B66: 02.01.180 | C66: 2.2.4 | D66: CANTEIRO DE OBRAS | E66: =VLOOKUP(C66,PLANILHA_ORC!$G:$J,3,0) -> Banheiro químico modelo Standard, com manutenção conforme exigências da CETESB | F66: =VLOOKUP(C66,PLANILHA_ORC!$G:$J,4,0) -> UNMES | G66: =VLOOKUP(C66,PLANILHA_ORC!$G:$M,6,0) -> 1428.7 | H66: =VLOOKUP(C66,PLANILHA_ORC!$G:$M,7,0) -> 4 | I66: =VLOOKUP(C66,PLANILHA_ORC!$G:$P,9,0) -> 0 | M66: 0.25 | N66: 0.25 | O66: 0.25 | P66: 0.25
K67: =ROUND(K66*$I66,2) -> 0 | L67: =ROUND(L66*$I66,2) -> 0 | M67: =ROUND(M66*$I66,2) -> 0 | N67: =ROUND(N66*$I66,2) -> 0 | O67: =ROUND(O66*$I66,2) -> 0 | P67: =ROUND(P66*$I66,2) -> 0 | Q67: =SUM(K67:P67) -> 0 | R67: =Q67=I66 -> TRUE
C68: 2.3 | D68: SERVIÇOS PRELIMINARES | E68: SERVIÇOS PRELIMINARES | I68: =VLOOKUP(C68,PLANILHA_ORC!$G:$P,9,0) -> 0 | K68: =SUM(K70,K72) -> 0 | L68: =SUM(L70,L72) -> 0 | M68: =SUM(M70,M72) -> 0 | N68: =SUM(N70,N72) -> 0 | O68: =SUM(O70,O72) -> 0 | P68: =SUM(P70,P72) -> 0 | Q68: =SUM(K68:P68) -> 0 | R68: =Q68=I68 -> TRUE
A69: SINAPI | B69: 98525 | C69: 2.3.1 | D69: SERVIÇOS PRELIMINARES | E69: =VLOOKUP(C69,PLANILHA_ORC!$G:$J,3,0) -> LIMPEZA MECANIZADA DE CAMADA VEGETAL, VEGETAÇÃO E PEQUENAS ÁRVORES (DIÂMETRO DE TRONCO MENOR QUE 0,20 M), COM TRATOR DE ESTEIRAS. AF_03/2024 | F69: =VLOOKUP(C69,PLANILHA_ORC!$G:$J,4,0) -> M2 | G69: =VLOOKUP(C69,PLANILHA_ORC!$G:$M,6,0) -> 0.88 | H69: =VLOOKUP(C69,PLANILHA_ORC!$G:$M,7,0) -> 1373.75 | I69: =VLOOKUP(C69,PLANILHA_ORC!$G:$P,9,0) -> 0 | M69: 1
K70: =ROUND(K69*$I69,2) -> 0 | L70: =ROUND(L69*$I69,2) -> 0 | M70: =ROUND(M69*$I69,2) -> 0 | N70: =ROUND(N69*$I69,2) -> 0 | O70: =ROUND(O69*$I69,2) -> 0 | P70: =ROUND(P69*$I69,2) -> 0 | Q70: =SUM(K70:P70) -> 0 | R70: =Q70=I69 -> TRUE
A71: SINAPI | B71: 98459 | C71: 2.3.2 | D71: SERVIÇOS PRELIMINARES | E71: =VLOOKUP(C71,PLANILHA_ORC!$G:$J,3,0) -> TAPUME COM TELHA METÁLICA. AF_03/2024 | F71: =VLOOKUP(C71,PLANILHA_ORC!$G:$J,4,0) -> M2 | G71: =VLOOKUP(C71,PLANILHA_ORC!$G:$M,6,0) -> 115.31 | H71: =VLOOKUP(C71,PLANILHA_ORC!$G:$M,7,0) -> 490.32 | I71: =VLOOKUP(C71,PLANILHA_ORC!$G:$P,9,0) -> 0 | M71: 0.15 | N71: 0.4 | O71: 0.4 | P71: 0.05
K72: =ROUND(K71*$I71,2) -> 0 | L72: =ROUND(L71*$I71,2) -> 0 | M72: =ROUND(M71*$I71,2) -> 0 | N72: =ROUND(N71*$I71,2) -> 0 | O72: =ROUND(O71*$I71,2) -> 0 | P72: =ROUND(P71*$I71,2) -> 0 | Q72: =SUM(K72:P72) -> 0 | R72: =Q72=I71 -> TRUE
C73: 2.4 | D73: DEMOLIÇÕES E REMOÇÕES | E73: DEMOLIÇÕES E REMOÇÕES | I73: =VLOOKUP(C73,PLANILHA_ORC!$G:$P,9,0) -> 0 | K73: =SUM(K75,K77,K79,K81,K83,K85) -> 0 | L73: =SUM(L75,L77,L79,L81,L83,L85) -> 0 | M73: =SUM(M75,M77,M79,M81,M83,M85) -> 0 | N73: =SUM(N75,N77,N79,N81,N83,N85) -> 0 | O73: =SUM(O75,O77,O79,O81,O83,O85) -> 0 | P73: =SUM(P75,P77,P79,P81,P83,P85) -> 0 | Q73: =SUM(K73:P73) -> 0 | R73: =Q73=I73 -> TRUE
A74: SINAPI | B74: 97636 | C74: 2.4.1 | D74: DEMOLIÇÕES E REMOÇÕES | E74: =VLOOKUP(C74,PLANILHA_ORC!$G:$J,3,0) -> DEMOLIÇÃO PARCIAL DE PAVIMENTO ASFÁLTICO, DE FORMA MECANIZADA, SEM REAPROVEITAMENTO. AF_09/2023 | F74: =VLOOKUP(C74,PLANILHA_ORC!$G:$J,4,0) -> M2 | G74: =VLOOKUP(C74,PLANILHA_ORC!$G:$M,6,0) -> 30.56 | H74: =VLOOKUP(C74,PLANILHA_ORC!$G:$M,7,0) -> 294 | I74: =VLOOKUP(C74,PLANILHA_ORC!$G:$P,9,0) -> 0 | M74: 1
K75: =ROUND(K74*$I74,2) -> 0 | L75: =ROUND(L74*$I74,2) -> 0 | M75: =ROUND(M74*$I74,2) -> 0 | N75: =ROUND(N74*$I74,2) -> 0 | O75: =ROUND(O74*$I74,2) -> 0 | P75: =ROUND(P74*$I74,2) -> 0 | Q75: =SUM(K75:P75) -> 0 | R75: =Q75=I74 -> TRUE
A76: SINAPI | B76: 104796 | C76: 2.4.2 | D76: DEMOLIÇÕES E REMOÇÕES | E76: =VLOOKUP(C76,PLANILHA_ORC!$G:$J,3,0) -> DEMOLIÇÃO DE GUIAS, SARJETAS OU SARJETÕES, DE FORMA MECANIZADA, SEM REAPROVEITAMENTO. AF_09/2023 | F76: =VLOOKUP(C76,PLANILHA_ORC!$G:$J,4,0) -> M | G76: =VLOOKUP(C76,PLANILHA_ORC!$G:$M,6,0) -> 20.63 | H76: =VLOOKUP(C76,PLANILHA_ORC!$G:$M,7,0) -> 84 | I76: =VLOOKUP(C76,PLANILHA_ORC!$G:$P,9,0) -> 0 | M76: 1
K77: =ROUND(K76*$I76,2) -> 0 | L77: =ROUND(L76*$I76,2) -> 0 | M77: =ROUND(M76*$I76,2) -> 0 | N77: =ROUND(N76*$I76,2) -> 0 | O77: =ROUND(O76*$I76,2) -> 0 | P77: =ROUND(P76*$I76,2) -> 0 | Q77: =SUM(K77:P77) -> 0 | R77: =Q77=I76 -> TRUE
A78: SINAPI | B78: 104790 | C78: 2.4.3 | D78: DEMOLIÇÕES E REMOÇÕES | E78: =VLOOKUP(C78,PLANILHA_ORC!$G:$J,3,0) -> DEMOLIÇÃO DE PISO DE CONCRETO SIMPLES, DE FORMA MECANIZADA COM MARTELETE, SEM REAPROVEITAMENTO. AF_09/2023 | F78: =VLOOKUP(C78,PLANILHA_ORC!$G:$J,4,0) -> M3 | G78: =VLOOKUP(C78,PLANILHA_ORC!$G:$M,6,0) -> 155.04 | H78: =VLOOKUP(C78,PLANILHA_ORC!$G:$M,7,0) -> 12.6 | I78: =VLOOKUP(C78,PLANILHA_ORC!$G:$P,9,0) -> 0 | M78: 1
K79: =ROUND(K78*$I78,2) -> 0 | L79: =ROUND(L78*$I78,2) -> 0 | M79: =ROUND(M78*$I78,2) -> 0 | N79: =ROUND(N78*$I78,2) -> 0 | O79: =ROUND(O78*$I78,2) -> 0 | P79: =ROUND(P78*$I78,2) -> 0 | Q79: =SUM(K79:P79) -> 0 | R79: =Q79=I78 -> TRUE
A80: SINAPI | B80: 97625 | C80: 2.4.4 | D80: DEMOLIÇÕES E REMOÇÕES | E80: =VLOOKUP(C80,PLANILHA_ORC!$G:$J,3,0) -> DEMOLIÇÃO DE ALVENARIA PARA QUALQUER TIPO DE BLOCO, DE FORMA MECANIZADA, SEM REAPROVEITAMENTO. AF_09/2023 | F80: =VLOOKUP(C80,PLANILHA_ORC!$G:$J,4,0) -> M3 | G80: =VLOOKUP(C80,PLANILHA_ORC!$G:$M,6,0) -> 63.85 | H80: =VLOOKUP(C80,PLANILHA_ORC!$G:$M,7,0) -> 1.28 | I80: =VLOOKUP(C80,PLANILHA_ORC!$G:$P,9,0) -> 0 | M80: 1
K81: =ROUND(K80*$I80,2) -> 0 | L81: =ROUND(L80*$I80,2) -> 0 | M81: =ROUND(M80*$I80,2) -> 0 | N81: =ROUND(N80*$I80,2) -> 0 | O81: =ROUND(O80*$I80,2) -> 0 | P81: =ROUND(P80*$I80,2) -> 0 | Q81: =SUM(K81:P81) -> 0 | R81: =Q81=I80 -> TRUE
A82: SIURB_EDIF | B82: 1001006 | C82: 2.4.5 | D82: DEMOLIÇÕES E REMOÇÕES | E82: =VLOOKUP(C82,PLANILHA_ORC!$G:$J,3,0) -> CARGA MANUAL E REMOÇÃO DE ENTULHO, INCLUSIVE TRANSPORTE ATÉ 1 KM | F82: =VLOOKUP(C82,PLANILHA_ORC!$G:$J,4,0) -> M3 | G82: =VLOOKUP(C82,PLANILHA_ORC!$G:$M,6,0) -> 64.12 | H82: =VLOOKUP(C82,PLANILHA_ORC!$G:$M,7,0) -> 57.33 | I82: =VLOOKUP(C82,PLANILHA_ORC!$G:$P,9,0) -> 0 | M82: 1
K83: =ROUND(K82*$I82,2) -> 0 | L83: =ROUND(L82*$I82,2) -> 0 | M83: =ROUND(M82*$I82,2) -> 0 | N83: =ROUND(N82*$I82,2) -> 0 | O83: =ROUND(O82*$I82,2) -> 0 | P83: =ROUND(P82*$I82,2) -> 0 | Q83: =SUM(K83:P83) -> 0 | R83: =Q83=I82 -> TRUE
A84: SIURB_EDIF | B84: 1001007 | C84: 2.4.6 | D84: DEMOLIÇÕES E REMOÇÕES | E84: =VLOOKUP(C84,PLANILHA_ORC!$G:$J,3,0) -> REMOÇÃO DE ENTULHO COM CAÇAMBA METÁLICA, INCLUSIVE CARGA MANUAL E DESCARGA EM BOTA-FORA | F84: =VLOOKUP(C84,PLANILHA_ORC!$G:$J,4,0) -> M3 | G84: =VLOOKUP(C84,PLANILHA_ORC!$G:$M,6,0) -> 160.57 | H84: =VLOOKUP(C84,PLANILHA_ORC!$G:$M,7,0) -> 57.33 | I84: =VLOOKUP(C84,PLANILHA_ORC!$G:$P,9,0) -> 0 | M84: 1
K85: =ROUND(K84*$I84,2) -> 0 | L85: =ROUND(L84*$I84,2) -> 0 | M85: =ROUND(M84*$I84,2) -> 0 | N85: =ROUND(N84*$I84,2) -> 0 | O85: =ROUND(O84*$I84,2) -> 0 | P85: =ROUND(P84*$I84,2) -> 0 | Q85: =SUM(K85:P85) -> 0 | R85: =Q85=I84 -> TRUE
C86: 2.5 | D86: MOVIMENTO DE TERRA | E86: MOVIMENTO DE TERRA | I86: =VLOOKUP(C86,PLANILHA_ORC!$G:$P,9,0) -> 0 | K86: =SUM(K88,K90,K92,K94,K96,K98) -> 0 | L86: =SUM(L88,L90,L92,L94,L96,L98) -> 0 | M86: =SUM(M88,M90,M92,M94,M96,M98) -> 0 | N86: =SUM(N88,N90,N92,N94,N96,N98) -> 0 | O86: =SUM(O88,O90,O92,O94,O96,O98) -> 0 | P86: =SUM(P88,P90,P92,P94,P96,P98) -> 0 | Q86: =SUM(Q88,Q90,Q92,Q94,Q96,Q98) -> 0 | R86: =Q86=I86 -> TRUE
A87: SINAPI | B87: 90084 | C87: 2.5.1 | D87: MOVIMENTO DE TERRA | E87: =VLOOKUP(C87,PLANILHA_ORC!$G:$J,3,0) -> ESCAVAÇÃO MECANIZADA DE VALA COM PROF. MAIOR QUE 1,5 M ATÉ 3,0 M (MÉDIA MONTANTE E JUSANTE/UMA COMPOSIÇÃO POR TRECHO), ESCAVADEIRA (0,8 M3), LARGURA ATÉ 1,5 M, EM SOLO DE 1A CATEGORIA, EM LOCAIS COM ALTO NÍVEL DE INTERFERÊNCIA. AF_09/2024 | F87: =VLOOKUP(C87,PLANILHA_ORC!$G:$J,4,0) -> M3 | G87: =VLOOKUP(C87,PLANILHA_ORC!$G:$M,6,0) -> 12.31 | H87: =VLOOKUP(C87,PLANILHA_ORC!$G:$M,7,0) -> 1500.69 | I87: =VLOOKUP(C87,PLANILHA_ORC!$G:$P,9,0) -> 0 | M87: 0.15 | N87: 0.4 | O87: 0.4 | P87: 0.05 | V87: =T87=U87 -> TRUE
K88: =ROUND(K87*$I87,2) -> 0 | L88: =ROUND(L87*$I87,2) -> 0 | M88: =ROUND(M87*$I87,2) -> 0 | N88: =ROUND(N87*$I87,2) -> 0 | O88: =ROUND(O87*$I87,2) -> 0 | P88: =ROUND(P87*$I87,2) -> 0 | Q88: =SUM(K88:P88) -> 0 | R88: =Q88=I87 -> TRUE
A89: SINAPI | B89: 94304 | C89: 2.5.2 | D89: MOVIMENTO DE TERRA | E89: =VLOOKUP(C89,PLANILHA_ORC!$G:$J,3,0) -> ATERRO MECANIZADO DE VALA COM ESCAVADEIRA HIDRÁULICA (CAPACIDADE DA CAÇAMBA: 0,8 M³ / POTÊNCIA: 111 HP), LARGURA ATÉ 2,5 M, PROFUNDIDADE ATÉ 1,5 M, COM SOLO ARGILO-ARENOSO. AF_08/2023 | F89: =VLOOKUP(C89,PLANILHA_ORC!$G:$J,4,0) -> M3 | G89: =VLOOKUP(C89,PLANILHA_ORC!$G:$M,6,0) -> 95.24 | H89: =VLOOKUP(C89,PLANILHA_ORC!$G:$M,7,0) -> 700.37 | I89: =VLOOKUP(C89,PLANILHA_ORC!$G:$P,9,0) -> 0 | M89: 0.15 | N89: 0.4 | O89: 0.4 | P89: 0.05
K90: =ROUND(K89*$I89,2) -> 0 | L90: =ROUND(L89*$I89,2) -> 0 | M90: =ROUND(M89*$I89,2) -> 0 | N90: =ROUND(N89*$I89,2) -> 0 | O90: =ROUND(O89*$I89,2) -> 0 | P90: =ROUND(P89*$I89,2) -> 0 | Q90: =SUM(K90:P90) -> 0 | R90: =Q90=I89 -> TRUE
A91: SINAPI | B91: 100978 | C91: 2.5.3 | D91: MOVIMENTO DE TERRA | E91: =VLOOKUP(C91,PLANILHA_ORC!$G:$J,3,0) -> CARGA, MANOBRA E DESCARGA DE SOLOS E MATERIAIS GRANULARES EM CAMINHÃO BASCULANTE 10 M³ - CARGA COM ESCAVADEIRA HIDRÁULICA (CAÇAMBA DE 1,20 M³ / 155 HP) E DESCARGA LIVRE (UNIDADE: M3). AF_07/2020 | F91: =VLOOKUP(C91,PLANILHA_ORC!$G:$J,4,0) -> M3 | G91: =VLOOKUP(C91,PLANILHA_ORC!$G:$M,6,0) -> 9.04 | H91: =VLOOKUP(C91,PLANILHA_ORC!$G:$M,7,0) -> 1950.9 | I91: =VLOOKUP(C91,PLANILHA_ORC!$G:$P,9,0) -> 0 | M91: 0.15 | N91: 0.4 | O91: 0.4 | P91: 0.05
K92: =ROUND(K91*$I91,2) -> 0 | L92: =ROUND(L91*$I91,2) -> 0 | M92: =ROUND(M91*$I91,2) -> 0 | N92: =ROUND(N91*$I91,2) -> 0 | O92: =ROUND(O91*$I91,2) -> 0 | P92: =ROUND(P91*$I91,2) -> 0 | Q92: =SUM(K92:P92) -> 0 | R92: =Q92=I91 -> TRUE
A93: SIURB_INFRA | B93: 4064000 | C93: 2.5.4 | D93: MOVIMENTO DE TERRA | E93: =VLOOKUP(C93,PLANILHA_ORC!$G:$J,3,0) -> DISPOSIÇÃO FINAL DE SOLOS E RESÍDUOS, CLASSE II B - INERTES, EM ATERRO SANITÁRIO LICENCIADO | F93: =VLOOKUP(C93,PLANILHA_ORC!$G:$J,4,0) -> Ton | G93: =VLOOKUP(C93,PLANILHA_ORC!$G:$M,6,0) -> 117.02 | H93: =VLOOKUP(C93,PLANILHA_ORC!$G:$M,7,0) -> 2100.97 | I93: =VLOOKUP(C93,PLANILHA_ORC!$G:$P,9,0) -> 0 | M93: 0.15 | N93: 0.4 | O93: 0.4 | P93: 0.05
K94: =ROUND(K93*$I93,2) -> 0 | L94: =ROUND(L93*$I93,2) -> 0 | M94: =ROUND(M93*$I93,2) -> 0 | N94: =ROUND(N93*$I93,2) -> 0 | O94: =ROUND(O93*$I93,2) -> 0 | P94: =ROUND(P93*$I93,2) -> 0 | Q94: =SUM(K94:P94) -> 0 | R94: =Q94=I93 -> TRUE
A95: SINAPI | B95: 95878 | C95: 2.5.5 | D95: MOVIMENTO DE TERRA | E95: =VLOOKUP(C95,PLANILHA_ORC!$G:$J,3,0) -> TRANSPORTE COM CAMINHÃO BASCULANTE DE 10 M³, EM VIA URBANA PAVIMENTADA, DMT ATÉ 30 KM (UNIDADE: TXKM). AF_07/2020 | F95: =VLOOKUP(C95,PLANILHA_ORC!$G:$J,4,0) -> TXKM | G95: =VLOOKUP(C95,PLANILHA_ORC!$G:$M,6,0) -> 2.15 | H95: =VLOOKUP(C95,PLANILHA_ORC!$G:$M,7,0) -> 49933.05 | I95: =VLOOKUP(C95,PLANILHA_ORC!$G:$P,9,0) -> 0 | M95: 0.15 | N95: 0.4 | O95: 0.4 | P95: 0.05
K96: =ROUND(K95*$I95,2) -> 0 | L96: =ROUND(L95*$I95,2) -> 0 | M96: =ROUND(M95*$I95,2) -> 0 | N96: =ROUND(N95*$I95,2) -> 0 | O96: =ROUND(O95*$I95,2) -> 0 | P96: =ROUND(P95*$I95,2) -> 0 | Q96: =SUM(K96:P96) -> 0 | R96: =Q96=I95 -> TRUE
A97: SINAPI | B97: 93596 | C97: 2.5.6 | D97: MOVIMENTO DE TERRA | E97: =VLOOKUP(C97,PLANILHA_ORC!$G:$J,3,0) -> TRANSPORTE COM CAMINHÃO BASCULANTE DE 10 M³, EM VIA URBANA PAVIMENTADA, ADICIONAL PARA DMT EXCEDENTE A 30 KM (UNIDADE: TXKM). AF_07/2020 | F97: =VLOOKUP(C97,PLANILHA_ORC!$G:$J,4,0) -> TXKM | G97: =VLOOKUP(C97,PLANILHA_ORC!$G:$M,6,0) -> 0.84 | H97: =VLOOKUP(C97,PLANILHA_ORC!$G:$M,7,0) -> 24091.12 | I97: =VLOOKUP(C97,PLANILHA_ORC!$G:$P,9,0) -> 0 | M97: 0.15 | N97: 0.4 | O97: 0.4 | P97: 0.05
K98: =ROUND(K97*$I97,2) -> 0 | L98: =ROUND(L97*$I97,2) -> 0 | M98: =ROUND(M97*$I97,2) -> 0 | N98: =ROUND(N97*$I97,2) -> 0 | O98: =ROUND(O97*$I97,2) -> 0 | P98: =ROUND(P97*$I97,2) -> 0 | Q98: =SUM(K98:P98) -> 0 | R98: =Q98=I97 -> TRUE
C99: 2.6 | D99: PAVIMENTAÇÃO | E99: PAVIMENTAÇÃO | I99: =VLOOKUP(C99,PLANILHA_ORC!$G:$P,9,0) -> 0 | K99: =SUM(K101,K103,K105,K107,K109,K111,K113) -> 0 | L99: =SUM(L101,L103,L105,L107,L109,L111,L113) -> 0 | M99: =SUM(M101,M103,M105,M107,M109,M111,M113) -> 0 | N99: =SUM(N101,N103,N105,N107,N109,N111,N113) -> 0 | O99: =SUM(O101,O103,O105,O107,O109,O111,O113) -> 0 | P99: =SUM(P101,P103,P105,P107,P109,P111,P113) -> 0 | Q99: =SUM(K99:P99) -> 0 | R99: =Q99=I99 -> TRUE
A100: SICRO | B100: 4011276 | C100: 2.6.1 | D100: PAVIMENTAÇÃO | E100: =VLOOKUP(C100,PLANILHA_ORC!$G:$J,3,0) -> Base ou sub-base de brita graduada com brita comercial | F100: =VLOOKUP(C100,PLANILHA_ORC!$G:$J,4,0) -> m³ | G100: =VLOOKUP(C100,PLANILHA_ORC!$G:$M,6,0) -> 312.5 | H100: =VLOOKUP(C100,PLANILHA_ORC!$G:$M,7,0) -> 58.8 | I100: =VLOOKUP(C100,PLANILHA_ORC!$G:$P,9,0) -> 0 | M100: 1
...

Sheet MEMO
B1: MEMORIAL DE CÁLCULO
A2: REFERÊNCIA | B2: CÓDIGO | C2: DESCRIÇÃO | D2: X | E2: X | F2: X | G2: X | H2: X | I2: X | J2: X | K2: X | L2: X | M2: X | N2: QUANTIDADE | O2: UNIDADE
C3: PROJETO EXECUTIVO
C4: PLANO DE TRABALHO
B5: 1.1.1 | C5: =VLOOKUP(B5,PLANILHA_ORC!$G:$I,3,0) -> ENGENHEIRO CIVIL/ ARQUITETO COORDENADOR SETORIAL - 20 ANOS EXPERIÊNCIA (SGSP) | N5: =SUBTOTAL(9,N6:N7) -> 4 | O5: H
C6: HORAS
C7: 4 | D7: =IF(E7<>"","X","") | F7: =IF(G7<>"","X","") | M7: = | N7: =PRODUCT(C7:L7) -> 4
B9: 1.1.2 | C9: =VLOOKUP(B9,PLANILHA_ORC!$G:$I,3,0) -> ENGENHEIRO/ ARQUITETO PLENO - DE 5 A 15 ANOS DE EXPERIÊNCIA (SGSP) | N9: =SUBTOTAL(9,N10:N11) -> 24 | O9: H
C10: HORAS
C11: 24 | D11: =IF(E11<>"","X","") | F11: =IF(G11<>"","X","") | M11: = | N11: =PRODUCT(C11:L11) -> 24
C13: LEVANTAMENTO TOPOGRÁFICO E DE INTERFERÊNCIAS
B14: 1.2.1 | C14: =VLOOKUP(B14,PLANILHA_ORC!$G:$I,3,0) -> ENGENHEIRO CIVIL/ ARQUITETO COORDENADOR SETORIAL - 20 ANOS EXPERIÊNCIA (SGSP) | N14: =SUBTOTAL(9,N15:N16) -> 4 | O14: H
C15: HORAS
C16: 4 | D16: =IF(E16<>"","X","") | F16: =IF(G16<>"","X","") | M16: = | N16: =PRODUCT(C16:L16) -> 4
B18: 1.2.2 | C18: =VLOOKUP(B18,PLANILHA_ORC!$G:$I,3,0) -> ENGENHEIRO/ ARQUITETO PLENO - DE 5 A 15 ANOS DE EXPERIÊNCIA (SGSP) | N18: =SUBTOTAL(9,N19:N20) -> 16 | O18: H
C19: HORAS
C20: 16 | D20: =IF(E20<>"","X","") | F20: =IF(G20<>"","X","") | M20: = | N20: =PRODUCT(C20:L20) -> 16
B22: 1.2.3 | C22: =VLOOKUP(B22,PLANILHA_ORC!$G:$I,3,0) -> TOPÓGRAFO (SGSP) | N22: =SUBTOTAL(9,N23:N24) -> 24 | O22: H
C23: HORAS
C24: 24 | D24: =IF(E24<>"","X","") | F24: =IF(G24<>"","X","") | M24: = | N24: =PRODUCT(C24:L24) -> 24
B26: 1.2.4 | C26: =VLOOKUP(B26,PLANILHA_ORC!$G:$I,3,0) -> LEVANTAMENTO PLANIALTIMÉTRICO CADASTRAL | N26: =SUBTOTAL(9,N27:N28) -> 2600 | O26: M2
C27: COMPRIMENTO (M) | E27: LARGURA (M)
C28: 260 | D28: =IF(E28<>"","X","") -> X | E28: 10 | F28: =IF(G28<>"","X","") | M28: = | N28: =PRODUCT(C28:L28) -> 2600
B30: 1.2.5 | C30: =VLOOKUP(B30,PLANILHA_ORC!$G:$I,3,0) -> SONDAGEM A TRADO MANUAL | N30: =SUBTOTAL(9,N31:N32) -> 45 | O30: M
C31: QUANTIDADE DE FUROS | E31: COMPRIMENTO
C32: 3 | D32: =IF(E32<>"","X","") -> X | E32: 15 | F32: =IF(G32<>"","X","") | M32: = | N32: =PRODUCT(C32:L32) -> 45
C34: PROJETO HIDRÁULICO E HIDROLÓGICO
B35: 1.3.1 | C35: =VLOOKUP(B35,PLANILHA_ORC!$G:$I,3,0) -> ENGENHEIRO CIVIL/ ARQUITETO COORDENADOR SETORIAL - 20 ANOS EXPERIÊNCIA (SGSP) | N35: =SUBTOTAL(9,N36:N37) -> 8 | O35: H
C36: HORAS
C37: 8 | D37: =IF(E37<>"","X","") | F37: =IF(G37<>"","X","") | M37: = | N37: =PRODUCT(C37:L37) -> 8
B39: 1.3.2 | C39: =VLOOKUP(B39,PLANILHA_ORC!$G:$I,3,0) -> ENGENHEIRO/ ARQUITETO PLENO - DE 5 A 15 ANOS DE EXPERIÊNCIA (SGSP) | N39: =SUBTOTAL(9,N40:N41) -> 40 | O39: H
C40: HORAS
C41: =5*8 -> 40 | D41: =IF(E41<>"","X","") | F41: =IF(G41<>"","X","") | M41: = | N41: =PRODUCT(C41:L41) -> 40
B43: 1.3.3 | C43: =VLOOKUP(B43,PLANILHA_ORC!$G:$I,3,0) -> DESENHISTA PROJETISTA (SGSP) | N43: =SUBTOTAL(9,N44:N45) -> 40 | O43: H
C44: HORAS
C45: =5*8 -> 40 | D45: =IF(E45<>"","X","") | F45: =IF(G45<>"","X","") | M45: = | N45: =PRODUCT(C45:L45) -> 40
C47: PROJETO ESTRUTURAL
B48: 1.4.1 | C48: =VLOOKUP(B48,PLANILHA_ORC!$G:$I,3,0) -> ENGENHEIRO CIVIL/ ARQUITETO COORDENADOR SETORIAL - 20 ANOS EXPERIÊNCIA (SGSP) | N48: =SUBTOTAL(9,N49:N50) -> 8 | O48: H
C49: HORAS
C50: 8 | D50: =IF(E50<>"","X","") | F50: =IF(G50<>"","X","") | M50: = | N50: =PRODUCT(C50:L50) -> 8
B52: 1.4.2 | C52: =VLOOKUP(B52,PLANILHA_ORC!$G:$I,3,0) -> ENGENHEIRO/ ARQUITETO PLENO - DE 5 A 15 ANOS DE EXPERIÊNCIA (SGSP) | N52: =SUBTOTAL(9,N53:N54) -> 40 | O52: H
C53: HORAS
C54: =5*8 -> 40 | D54: =IF(E54<>"","X","") | F54: =IF(G54<>"","X","") | M54: = | N54: =PRODUCT(C54:L54) -> 40
B56: 1.4.3 | C56: =VLOOKUP(B56,PLANILHA_ORC!$G:$I,3,0) -> DESENHISTA PROJETISTA (SGSP) | N56: =SUBTOTAL(9,N57:N58) -> 40 | O56: H
C57: HORAS
C58: =5*8 -> 40 | D58: =IF(E58<>"","X","") | F58: =IF(G58<>"","X","") | M58: = | N58: =PRODUCT(C58:L58) -> 40
C60: PLANILHA ORÇAMENTÁRIA
B61: 1.5.1 | C61: =VLOOKUP(B61,PLANILHA_ORC!$G:$I,3,0) -> ENGENHEIRO CIVIL/ ARQUITETO COORDENADOR SETORIAL - 20 ANOS EXPERIÊNCIA (SGSP) | N61: =SUBTOTAL(9,N62:N63) -> 4 | O61: H
C62: HORAS
C63: 4 | D63: =IF(E63<>"","X","") | F63: =IF(G63<>"","X","") | M63: = | N63: =PRODUCT(C63:L63) -> 4
B65: 1.5.2 | C65: =VLOOKUP(B65,PLANILHA_ORC!$G:$I,3,0) -> ENGENHEIRO/ ARQUITETO PLENO - DE 5 A 15 ANOS DE EXPERIÊNCIA (SGSP) | N65: =SUBTOTAL(9,N66:N67) -> 16 | O65: H
C66: HORAS
C67: 16 | D67: =IF(E67<>"","X","") | F67: =IF(G67<>"","X","") | M67: = | N67: =PRODUCT(C67:L67) -> 16
B69: 1.5.3 | C69: =VLOOKUP(B69,PLANILHA_ORC!$G:$I,3,0) -> ENGENHEIRO/ ARQUITETO JÚNIOR - ATÉ 5 ANOS DE EXPERIÊNCIA (SGSP) | N69: =SUBTOTAL(9,N70:N71) -> 16 | O69: H
C70: HORAS
C71: 16 | D71: =IF(E71<>"","X","") | F71: =IF(G71<>"","X","") | M71: = | N71: =PRODUCT(C71:L71) -> 16
C73: CRONOGRAMA
B74: 1.6.1 | C74: =VLOOKUP(B74,PLANILHA_ORC!$G:$I,3,0) -> ENGENHEIRO CIVIL/ ARQUITETO COORDENADOR SETORIAL - 20 ANOS EXPERIÊNCIA (SGSP) | N74: =SUBTOTAL(9,N75:N76) -> 4 | O74: H
C75: HORAS
C76: 4 | D76: =IF(E76<>"","X","") | F76: =IF(G76<>"","X","") | M76: = | N76: =PRODUCT(C76:L76) -> 4
B78: 1.6.2 | C78: =VLOOKUP(B78,PLANILHA_ORC!$G:$I,3,0) -> ENGENHEIRO/ ARQUITETO PLENO - DE 5 A 15 ANOS DE EXPERIÊNCIA (SGSP) | N78: =SUBTOTAL(9,N79:N80) -> 16 | O78: H
C79: HORAS
C80: 16 | D80: =IF(E80<>"","X","") | F80: =IF(G80<>"","X","") | M80: = | N80: =PRODUCT(C80:L80) -> 16
B82: 1.6.3 | C82: =VLOOKUP(B82,PLANILHA_ORC!$G:$I,3,0) -> ENGENHEIRO/ ARQUITETO JÚNIOR - ATÉ 5 ANOS DE EXPERIÊNCIA (SGSP) | N82: =SUBTOTAL(9,N83:N84) -> 16 | O82: H
C83: HORAS
C84: 16 | D84: =IF(E84<>"","X","") | F84: =IF(G84<>"","X","") | M84: = | N84: =PRODUCT(C84:L84) -> 16
C86: OBRAS DE REVITALIZAÇÃO DO CÓRREGO CORUMBIARA
A87: X | C87: ADMINISTRAÇÃO LOCAL
A88: SINAPI | B88: 90778 | C88: =IF(A88="SINAPI",VLOOKUP(B88,SINAPI!$G$5:$K$10218,2,0),IF(A88="SICRO",VLOOKUP(B88,SICRO!$A:$D,2,0),IF(A88="SIURB_EDIF",VLOOKUP(B88,SIURB_EDIF_SemDes_Julho24!$A:$D,2,0),IF(A88="CDHU",VLOOKUP(B88,CDHU!$A:$F,2,0),IF(A88="SIURB_INFRA",VLOOKUP(B88,'SIURB_INFRA SemDes Jul24'!$A:$D,2,0),""))))) -> ENGENHEIRO CIVIL DE OBRA PLENO COM ENCARGOS COMPLEMENTARES | N88: =ROUND(SUM(N90:N90),2) -> 200 | O88: =IF(A88="SINAPI",VLOOKUP(B88,SINAPI!$G$5:$K$10218,3,0),IF(A88="SICRO",VLOOKUP(B88,SICRO!$A:$D,3,0),IF(A88="SIURB_EDIF",VLOOKUP(B88,SIURB_EDIF_SemDes_Julho24!$A:$D,3,0),IF(A88="CDHU",VLOOKUP(B88,CDHU!$A:$F,3,0),IF(A88="SIURB_INFRA",VLOOKUP(B88,'SIURB_INFRA SemDes Jul24'!$A:$D,3,0),""))))) -> H
C89: TEMPO DE OBRA (MÊS) | E89: HORAS POR MÊS
C90: 4 | D90: =IF(E90<>"","X","") -> X | E90: 50 | F90: =IF(G90<>"","X","") | M90: = | N90: =PRODUCT(C90:L90) -> 200
A92: SINAPI | B92: 94295 | C92: =IF(A92="SINAPI",VLOOKUP(B92,SINAPI!$G$5:$K$10218,2,0),IF(A92="SICRO",VLOOKUP(B92,SICRO!$A:$D,2,0),IF(A92="SIURB_EDIF",VLOOKUP(B92,SIURB_EDIF_SemDes_Julho24!$A:$D,2,0),IF(A92="CDHU",VLOOKUP(B92,CDHU!$A:$F,2,0),IF(A92="SIURB_INFRA",VLOOKUP(B92,'SIURB_INFRA SemDes Jul24'!$A:$D,2,0),""))))) -> MESTRE DE OBRAS COM ENCARGOS COMPLEMENTARES | N92: =ROUND(SUM(N94:N94),2) -> 4 | O92: =IF(A92="SINAPI",VLOOKUP(B92,SINAPI!$G$5:$K$10218,3,0),IF(A92="SICRO",VLOOKUP(B92,SICRO!$A:$D,3,0),IF(A92="SIURB_EDIF",VLOOKUP(B92,SIURB_EDIF_SemDes_Julho24!$A:$D,3,0),IF(A92="CDHU",VLOOKUP(B92,CDHU!$A:$F,3,0),IF(A92="SIURB_INFRA",VLOOKUP(B92,'SIURB_INFRA SemDes Jul24'!$A:$D,3,0),""))))) -> MES
C93: TEMPO DE OBRA (MÊS)
C94: =C90 -> 4 | D94: =IF(E94<>"","X","") | F94: =IF(G94<>"","X","") | M94: = | N94: =PRODUCT(C94:L94) -> 4
A96: SINAPI | B96: 100289 | C96: =IF(A96="SINAPI",VLOOKUP(B96,SINAPI!$G$5:$K$10218,2,0),IF(A96="SICRO",VLOOKUP(B96,SICRO!$A:$D,2,0),IF(A96="SIURB_EDIF",VLOOKUP(B96,SIURB_EDIF_SemDes_Julho24!$A:$D,2,0),IF(A96="CDHU",VLOOKUP(B96,CDHU!$A:$F,2,0),IF(A96="SIURB_INFRA",VLOOKUP(B96,'SIURB_INFRA SemDes Jul24'!$A:$D,2,0),""))))) -> VIGIA DIURNO COM ENCARGOS COMPLEMENTARES | N96: =ROUND(SUM(N98:N98),2) -> 880 | O96: =IF(A96="SINAPI",VLOOKUP(B96,SINAPI!$G$5:$K$10218,3,0),IF(A96="SICRO",VLOOKUP(B96,SICRO!$A:$D,3,0),IF(A96="SIURB_EDIF",VLOOKUP(B96,SIURB_EDIF_SemDes_Julho24!$A:$D,3,0),IF(A96="CDHU",VLOOKUP(B96,CDHU!$A:$F,3,0),IF(A96="SIURB_INFRA",VLOOKUP(B96,'SIURB_INFRA SemDes Jul24'!$A:$D,3,0),""))))) -> H
C97: TEMPO DE OBRA (MÊS) | E97: HORAS/MÊS
C98: =C90 -> 4 | D98: =IF(E98<>"","X","") -> X | E98: 220 | F98: =IF(G98<>"","X","") | M98: = | N98: =PRODUCT(C98:L98) -> 880
A100: X | C100: CANTEIRO DE OBRAS
A101: SINAPI | B101: 103689 | C101: =IF(A101="SINAPI",VLOOKUP(B101,SINAPI!$G$5:$K$10218,2,0),IF(A101="SICRO",VLOOKUP(B101,SICRO!$A:$D,2,0),IF(A101="SIURB_EDIF",VLOOKUP(B101,SIURB_EDIF_SemDes_Julho24!$A:$D,2,0),IF(A101="CDHU",VLOOKUP(B101,CDHU!$A:$F,2,0),IF(A101="SIURB_INFRA",VLOOKUP(B101,'SIURB_INFRA SemDes Jul24'!$A:$D,2,0),""))))) -> FORNECIMENTO E INSTALAÇÃO DE PLACA DE OBRA COM CHAPA GALVANIZADA E ESTRUTURA DE MADEIRA. AF_03/2022_PS | N101: =ROUND(SUM(N103:N103),2) -> 12 | O101: =IF(A101="SINAPI",VLOOKUP(B101,SINAPI!$G$5:$K$10218,3,0),IF(A101="SICRO",VLOOKUP(B101,SICRO!$A:$D,3,0),IF(A101="SIURB_EDIF",VLOOKUP(B101,SIURB_EDIF_SemDes_Julho24!$A:$D,3,0),IF(A101="CDHU",VLOOKUP(B101,CDHU!$A:$F,3,0),IF(A101="SIURB_INFRA",VLOOKUP(B101,'SIURB_INFRA SemDes Jul24'!$A:$D,3,0),""))))) -> M2
C102: ÁREA (M2)
C103: =4*3 -> 12 | D103: =IF(E103<>"","X","") | F103: =IF(G103<>"","X","") | M103: = | N103: =PRODUCT(C103:L103) -> 12
A105: CDHU | B105: 02.02.150 | C105: =IF(A105="SINAPI",VLOOKUP(B105,SINAPI!$G$5:$K$10218,2,0),IF(A105="SICRO",VLOOKUP(B105,SICRO!$A:$D,2,0),IF(A105="SIURB_EDIF",VLOOKUP(B105,SIURB_EDIF_SemDes_Julho24!$A:$D,2,0),IF(A105="CDHU",VLOOKUP(B105,CDHU!$A:$F,2,0),IF(A105="SIURB_INFRA",VLOOKUP(B105,'SIURB_INFRA SemDes Jul24'!$A:$D,2,0),""))))) -> Locação de container tipo depósito - área mínima de 13,80 m² | N105: =ROUND(SUM(N107:N107),2) -> 4 | O105: =IF(A105="SINAPI",VLOOKUP(B105,SINAPI!$G$5:$K$10218,3,0),IF(A105="SICRO",VLOOKUP(B105,SICRO!$A:$D,3,0),IF(A105="SIURB_EDIF",VLOOKUP(B105,SIURB_EDIF_SemDes_Julho24!$A:$D,3,0),IF(A105="CDHU",VLOOKUP(B105,CDHU!$A:$F,3,0),IF(A105="SIURB_INFRA",VLOOKUP(B105,'SIURB_INFRA SemDes Jul24'!$A:$D,3,0),""))))) -> UNMES
C106: MESES | E106: QUANTIDADE
C107: =$C$90 -> 4 | D107: =IF(E107<>"","X","") -> X | E107: 1 | F107: =IF(G107<>"","X","") | M107: = | N107: =PRODUCT(C107:L107) -> 4
A109: CDHU | B109: 02.02.160 | C109: =IF(A109="SINAPI",VLOOKUP(B109,SINAPI!$G$5:$K$10218,2,0),IF(A109="SICRO",VLOOKUP(B109,SICRO!$A:$D,2,0),IF(A109="SIURB_EDIF",VLOOKUP(B109,SIURB_EDIF_SemDes_Julho24!$A:$D,2,0),IF(A109="CDHU",VLOOKUP(B109,CDHU!$A:$F,2,0),IF(A109="SIURB_INFRA",VLOOKUP(B109,'SIURB_INFRA SemDes Jul24'!$A:$D,2,0),""))))) -> Locação de container tipo guarita - área mínima de 4,60 m² | N109: =ROUND(SUM(N111:N111),2) -> 4 | O109: =IF(A109="SINAPI",VLOOKUP(B109,SINAPI!$G$5:$K$10218,3,0),IF(A109="SICRO",VLOOKUP(B109,SICRO!$A:$D,3,0),IF(A109="SIURB_EDIF",VLOOKUP(B109,SIURB_EDIF_SemDes_Julho24!$A:$D,3,0),IF(A109="CDHU",VLOOKUP(B109,CDHU!$A:$F,3,0),IF(A109="SIURB_INFRA",VLOOKUP(B109,'SIURB_INFRA SemDes Jul24'!$A:$D,3,0),""))))) -> UNMES
C110: MESES | E110: QUANTIDADE
C111: =$C$90 -> 4 | D111: =IF(E111<>"","X","") -> X | E111: 1 | F111: =IF(G111<>"","X","") | M111: = | N111: =PRODUCT(C111:L111) -> 4
A113: CDHU | B113: 02.01.180 | C113: =IF(A113="SINAPI",VLOOKUP(B113,SINAPI!$G$5:$K$10218,2,0),IF(A113="SICRO",VLOOKUP(B113,SICRO!$A:$D,2,0),IF(A113="SIURB_EDIF",VLOOKUP(B113,SIURB_EDIF_SemDes_Julho24!$A:$D,2,0),IF(A113="CDHU",VLOOKUP(B113,CDHU!$A:$F,2,0),IF(A113="SIURB_INFRA",VLOOKUP(B113,'SIURB_INFRA SemDes Jul24'!$A:$D,2,0),""))))) -> Banheiro químico modelo Standard, com manutenção conforme exigências da CETESB | N113: =ROUND(SUM(N115:N115),2) -> 4 | O113: =IF(A113="SINAPI",VLOOKUP(B113,SINAPI!$G$5:$K$10218,3,0),IF(A113="SICRO",VLOOKUP(B113,SICRO!$A:$D,3,0),IF(A113="SIURB_EDIF",VLOOKUP(B113,SIURB_EDIF_SemDes_Julho24!$A:$D,3,0),IF(A113="CDHU",VLOOKUP(B113,CDHU!$A:$F,3,0),IF(A113="SIURB_INFRA",VLOOKUP(B113,'SIURB_INFRA SemDes Jul24'!$A:$D,3,0),""))))) -> UNMES
C114: MESES | E114: QUANTIDADE
C115: =$C$90 -> 4 | D115: =IF(E115<>"","X","") -> X | E115: 1 | F115: =IF(G115<>"","X","") | M115: = | N115: =PRODUCT(C115:L115) -> 4
A117: X | C117: SERVIÇOS PRELIMINARES
A118: SINAPI | B118: 98525 | C118: =IF(A118="SINAPI",VLOOKUP(B118,SINAPI!$G$5:$K$10218,2,0),IF(A118="SICRO",VLOOKUP(B118,SICRO!$A:$D,2,0),IF(A118="SIURB_EDIF",VLOOKUP(B118,SIURB_EDIF_SemDes_Julho24!$A:$D,2,0),IF(A118="CDHU",VLOOKUP(B118,CDHU!$A:$F,2,0),IF(A118="SIURB_INFRA",VLOOKUP(B118,'SIURB_INFRA SemDes Jul24'!$A:$D,2,0),""))))) -> LIMPEZA MECANIZADA DE CAMADA VEGETAL, VEGETAÇÃO E PEQUENAS ÁRVORES (DIÂMETRO DE TRONCO MENOR QUE 0,20 M), COM TRATOR DE ESTEIRAS. AF_03/2024 | N118: =ROUND(SUM(N120:N123),2) -> 1373.75 | O118: =IF(A118="SINAPI",VLOOKUP(B118,SINAPI!$G$5:$K$10218,3,0),IF(A118="SICRO",VLOOKUP(B118,SICRO!$A:$D,3,0),IF(A118="SIURB_EDIF",VLOOKUP(B118,SIURB_EDIF_SemDes_Julho24!$A:$D,3,0),IF(A118="CDHU",VLOOKUP(B118,CDHU!$A:$F,3,0),IF(A118="SIURB_INFRA",VLOOKUP(B118,'SIURB_INFRA SemDes Jul24'!$A:$D,3,0),""))))) -> M2
C119: COMPRIMENTO (M) | E119: LARGURA (M)
B120: Trecho do canal fechado | C120: =C127 -> 34.45 | D120: =IF(E120<>"","X","") -> X | E120: 5 | F120: =IF(G120<>"","X","") | M120: = | N120: =PRODUCT(C120:L120) -> 172.25
B121: Trecho Det-02 | C121: 3.25 | D121: =IF(E121<>"","X","") -> X | E121: 6 | M121: = | N121: =PRODUCT(C121:L121) -> 19.5
B122: Trecho do canal aberto (lado oposto muros de divisa) | C122: =C129 -> 192 | D122: =IF(E122<>"","X","") -> X | E122: 6 | M122: = | N122: =PRODUCT(C122:L122) -> 1152
B123: Trecho Det-03 | C123: =C130 -> 5 | D123: =IF(E123<>"","X","") -> X | E123: 6 | M123: = | N123: =PRODUCT(C123:L123) -> 30
A125: SINAPI | B125: 98459 | C125: =IF(A125="SINAPI",VLOOKUP(B125,SINAPI!$G$5:$K$10218,2,0),IF(A125="SICRO",VLOOKUP(B125,SICRO!$A:$D,2,0),IF(A125="SIURB_EDIF",VLOOKUP(B125,SIURB_EDIF_SemDes_Julho24!$A:$D,2,0),IF(A125="CDHU",VLOOKUP(B125,CDHU!$A:$F,2,0),IF(A125="SIURB_INFRA",VLOOKUP(B125,'SIURB_INFRA SemDes Jul24'!$A:$D,2,0),""))))) -> TAPUME COM TELHA METÁLICA. AF_03/2024 | N125: =ROUND(SUM(N127:N130),2) -> 490.32 | O125: =IF(A125="SINAPI",VLOOKUP(B125,SINAPI!$G$5:$K$10218,3,0),IF(A125="SICRO",VLOOKUP(B125,SICRO!$A:$D,3,0),IF(A125="SIURB_EDIF",VLOOKUP(B125,SIURB_EDIF_SemDes_Julho24!$A:$D,3,0),IF(A125="CDHU",VLOOKUP(B125,CDHU!$A:$F,3,0),IF(A125="SIURB_INFRA",VLOOKUP(B125,'SIURB_INFRA SemDes Jul24'!$A:$D,3,0),""))))) -> M2
C126: COMPRIMENTO (M) | E126: ALTURA (M) | G126: LADOS
B127: Trecho do canal fechado | C127: 34.45 | D127: =IF(E127<>"","X","") -> X | E127: 1.8 | F127: =IF(G127<>"","X","") -> X | G127: 2 | M127: = | N127: =PRODUCT(C127:L127) -> 124.02
...

Sheet BDI
A2: BDI - SEM DESONERAÇÃO
A4: Lucro | B4: 0.057
A5: Administração Central | B5: 0.0493
A6: Despesas financeiras | B6: 0.0099
A7: ISS | B7: 0.05
A8: COFINS | B8: 0.03
A9: PIS | B9: 0.0065
A10: Seguros/imprevistos | B10: =(0.28+1)/100 -> 0.0128
A13: BDI = | B13: =ROUND((((1+B5+B10)*(1+B6)*(1+B4))/(1-B7-B8-B9))-1,4) -> 0.2411

Sheet Corte Aterro_ATUAL
B1: Seção | C1: Dist (m) | E1: Cota Fundo | F1: Escavação | H1: Aterro
C2: Simpl. | D2: Acum. | F2: Área (m²) | G2: Vol. (m³) | H2: Área (m²) | I2: Vol. (m³)
B3: S-00 | D3: 0 | F3: 5.48 | H3: 1.3
A4: S-00 A S-01 | C4: 20 | G4: =(AVERAGE(F3:F5)*C4) -> 116.8 | I4: =(AVERAGE(H3:H5)*C4) -> 32.9
B5: S-01 | D5: =C4+D3 -> 20 | F5: 6.2 | H5: 1.99
A6: S-01 A S-02 | C6: 20 | G6: =(AVERAGE(F5:F7)*C6) -> 89 | I6: =(AVERAGE(H5:H7)*C6) -> 38.7
B7: S-02 | D7: =C6+D5 -> 40 | E7: 751.996 | F7: 2.7 | H7: 1.88
A8: S-02 A S-03 | C8: 20 | G8: =(AVERAGE(F7:F9)*C8) -> 60.1 | I8: =(AVERAGE(H7:H9)*C8) -> 34.4
B9: S-03 | D9: =C8+D7 -> 60 | E9: 751.968 | F9: 3.31 | H9: 1.56
A10: S-03 A S-04 | C10: 20 | G10: =(AVERAGE(F9:F11)*C10) -> 56.3 | I10: =(AVERAGE(H9:H11)*C10) -> 45.3
B11: S-04 | D11: =C10+D9 -> 80 | E11: 751.668 | F11: 2.32 | H11: 2.97
A12: S-04 A S-05 | C12: 20 | G12: =(AVERAGE(F11:F13)*C12) -> 94.4 | I12: =(AVERAGE(H11:H13)*C12) -> 95.6
B13: S-05 | D13: =C12+D11 -> 100 | E13: 751.368 | F13: 7.12 | H13: 6.59
A14: S-05 A S-06 | C14: 20 | G14: =(AVERAGE(F13:F15)*C14) -> 178.2 | I14: =(AVERAGE(H13:H15)*C14) -> 127.2
B15: S-06 | D15: =C14+D13 -> 120 | E15: 751.068 | F15: 10.7 | H15: 6.13
A16: S-06 A S-07 | C16: 20 | G16: =(AVERAGE(F15:F17)*C16) -> 173.1 | I16: =(AVERAGE(H15:H17)*C16) -> 104.9
B17: S-07 | D17: =C16+D15 -> 140 | E17: 750.768 | F17: 6.61 | H17: 4.36
A18: S-07 A S-08 | C18: 20 | G18: =(AVERAGE(F17:F19)*C18) -> 162.8 | I18: =(AVERAGE(H17:H19)*C18) -> 97.5
B19: S-08 | D19: =C18+D17 -> 160 | E19: 750.468 | F19: 9.67 | H19: 5.39
A20: S-08 A S-09 | C20: 20 | G20: =(AVERAGE(F19:F21)*C20) -> 143.5 | I20: =(AVERAGE(H19:H21)*C20) -> 66.4
B21: S-09 | D21: =C20+D19 -> 180 | E21: 750.168 | F21: 4.68 | H21: 1.25
A22: S-09 A S-10 | C22: 20 | G22: =(AVERAGE(F21:F23)*C22) -> 135.8 | I22: =(AVERAGE(H21:H23)*C22) -> 24
B23: S-10 | D23: =C22+D21 -> 200 | E23: 749.868 | F23: 8.9 | H23: 1.15
A24: S-10 A S-11 | C24: 20 | G24: =(AVERAGE(F23:F25)*C24) -> 192.2 | I24: =(AVERAGE(H23:H25)*C24) -> 22.7
B25: S-11 | D25: =C24+D23 -> 220 | E25: 749.568 | F25: 10.32 | H25: 1.12
A26: S-11 A S-11+7,25 | C26: 7.25 | G26: =(AVERAGE(F25:F27)*C26) -> 98.49125 | I26: =(AVERAGE(H25:H27)*C26) -> 10.76625
B27: Final | D27: =C26+D25 -> 227.25 | E27: 749.268 | F27: 16.85 | H27: 1.85
B28: Total (m³) | G28: =SUM(G4:G27) -> 1500.6913 | I28: =SUM(I4:I27) -> 700.36625

Sheet SINAPI
A1: PCI.817.01 - CUSTO DE COMPOSIÇÕES - SINTÉTICO DATA DE EMISSÃO: 13/12/2024 00:07:06 DATA DE RT: 12/12/2024
A2: ENCARGOS SOCIAIS SOBRE PREÇOS DA MÃO-DE-OBRA: 115,54%(HORA) 71,46%(MÊS)
A3: ABRANGÊNCIA : NACIONAL LOCALIDADE : SAO PAULO DATA DE PREÇO : 11/2024 REFERÊNCIA COLETA : MEDIANO
A5: DESCRICAO DA CLASSE | B5: SIGLA DA CLASSE | C5: DESCRICAO DO TIPO 1 | D5: SIGLA DO TIPO 1 | E5: CODIGO DO AGRUPADOR | F5: DESCRICAO DO AGRUPADOR | G5: CODIGO DA COMPOSICAO | H5: DESCRICAO DA COMPOSICAO | I5: UNIDADE | J5: ORIGEM DE PREÇO | K5: CUSTO TOTAL | L5: VINCULO
A7: ASSENTAMENTO DE TUBOS E PECAS | B7: ASTU | C7: FORNEC E/OU ASSENT DE TUBO DE FERRO FUNDIDO JUNTA ELASTICA | D7: 0045 | G7: 97141 | H7: ASSENTAMENTO DE TUBO DE FERRO FUNDIDO PARA REDE DE ÁGUA, DN 80 MM, JUNTA ELÁSTICA, INSTALADO EM LOCAL COM NÍVEL ALTO DE INTERFERÊNCIAS (NÃO INCLUI FORNECIMENTO). AF_05/2024 | I7: M | J7: COEFICIENTE DE REPRESENTATIVIDADE | K7: 5.4 | L7: CAIXA REFERENCIAL
A8: ASSENTAMENTO DE TUBOS E PECAS | B8: ASTU | C8: FORNEC E/OU ASSENT DE TUBO DE FERRO FUNDIDO JUNTA ELASTICA | D8: 0045 | G8: 97142 | H8: ASSENTAMENTO DE TUBO DE FERRO FUNDIDO PARA REDE DE ÁGUA, DN 100 MM, JUNTA ELÁSTICA, INSTALADO EM LOCAL COM NÍVEL ALTO DE INTERFERÊNCIAS (NÃO INCLUI FORNECIMENTO). AF_05/2024 | I8: M | J8: COEFICIENTE DE REPRESENTATIVIDADE | K8: 6.28 | L8: CAIXA REFERENCIAL
A9: ASSENTAMENTO DE TUBOS E PECAS | B9: ASTU | C9: FORNEC E/OU ASSENT DE TUBO DE FERRO FUNDIDO JUNTA ELASTICA | D9: 0045 | G9: 97143 | H9: ASSENTAMENTO DE TUBO DE FERRO FUNDIDO PARA REDE DE ÁGUA, DN 150 MM, JUNTA ELÁSTICA, INSTALADO EM LOCAL COM NÍVEL ALTO DE INTERFERÊNCIAS (NÃO INCLUI FORNECIMENTO). AF_05/2024 | I9: M | J9: COEFICIENTE DE REPRESENTATIVIDADE | K9: 8.4 | L9: CAIXA REFERENCIAL
A10: ASSENTAMENTO DE TUBOS E PECAS | B10: ASTU | C10: FORNEC E/OU ASSENT DE TUBO DE FERRO FUNDIDO JUNTA ELASTICA | D10: 0045 | G10: 97144 | H10: ASSENTAMENTO DE TUBO DE FERRO FUNDIDO PARA REDE DE ÁGUA, DN 200 MM, JUNTA ELÁSTICA, INSTALADO EM LOCAL COM NÍVEL ALTO DE INTERFERÊNCIAS (NÃO INCLUI FORNECIMENTO). AF_05/2024 | I10: M | J10: COEFICIENTE DE REPRESENTATIVIDADE | K10: 10.54 | L10: CAIXA REFERENCIAL
A11: ASSENTAMENTO DE TUBOS E PECAS | B11: ASTU | C11: FORNEC E/OU ASSENT DE TUBO DE FERRO FUNDIDO JUNTA ELASTICA | D11: 0045 | G11: 97145 | H11: ASSENTAMENTO DE TUBO DE FERRO FUNDIDO PARA REDE DE ÁGUA, DN 250 MM, JUNTA ELÁSTICA, INSTALADO EM LOCAL COM NÍVEL ALTO DE INTERFERÊNCIAS (NÃO INCLUI FORNECIMENTO). AF_05/2024 | I11: M | J11: COEFICIENTE DE REPRESENTATIVIDADE | K11: 12.69 | L11: CAIXA REFERENCIAL
A12: ASSENTAMENTO DE TUBOS E PECAS | B12: ASTU | C12: FORNEC E/OU ASSENT DE TUBO DE FERRO FUNDIDO JUNTA ELASTICA | D12: 0045 | G12: 97146 | H12: ASSENTAMENTO DE TUBO DE FERRO FUNDIDO PARA REDE DE ÁGUA, DN 300 MM, JUNTA ELÁSTICA, INSTALADO EM LOCAL COM NÍVEL ALTO DE INTERFERÊNCIAS (NÃO INCLUI FORNECIMENTO). AF_05/2024 | I12: M | J12: COEFICIENTE DE REPRESENTATIVIDADE | K12: 14.84 | L12: CAIXA REFERENCIAL
A13: ASSENTAMENTO DE TUBOS E PECAS | B13: ASTU | C13: FORNEC E/OU ASSENT DE TUBO DE FERRO FUNDIDO JUNTA ELASTICA | D13: 0045 | G13: 97147 | H13: ASSENTAMENTO DE TUBO DE FERRO FUNDIDO PARA REDE DE ÁGUA, DN 350 MM, JUNTA ELÁSTICA, INSTALADO EM LOCAL COM NÍVEL ALTO DE INTERFERÊNCIAS (NÃO INCLUI FORNECIMENTO). AF_05/2024 | I13: M | J13: COEFICIENTE DE REPRESENTATIVIDADE | K13: 16.99 | L13: CAIXA REFERENCIAL
A14: ASSENTAMENTO DE TUBOS E PECAS | B14: ASTU | C14: FORNEC E/OU ASSENT DE TUBO DE FERRO FUNDIDO JUNTA ELASTICA | D14: 0045 | G14: 97148 | H14: ASSENTAMENTO DE TUBO DE FERRO FUNDIDO PARA REDE DE ÁGUA, DN 400 MM, JUNTA ELÁSTICA, INSTALADO EM LOCAL COM NÍVEL ALTO DE INTERFERÊNCIAS (NÃO INCLUI FORNECIMENTO). AF_05/2024 | I14: M | J14: COEFICIENTE DE REPRESENTATIVIDADE | K14: 19.13 | L14: CAIXA REFERENCIAL
A15: ASSENTAMENTO DE TUBOS E PECAS | B15: ASTU | C15: FORNEC E/OU ASSENT DE TUBO DE FERRO FUNDIDO JUNTA ELASTICA | D15: 0045 | G15: 97149 | H15: ASSENTAMENTO DE TUBO DE FERRO FUNDIDO PARA REDE DE ÁGUA, DN 450 MM, JUNTA ELÁSTICA, INSTALADO EM LOCAL COM NÍVEL ALTO DE INTERFERÊNCIAS (NÃO INCLUI FORNECIMENTO). AF_05/2024 | I15: M | J15: COEFICIENTE DE REPRESENTATIVIDADE | K15: 21.31 | L15: CAIXA REFERENCIAL
A16: ASSENTAMENTO DE TUBOS E PECAS | B16: ASTU | C16: FORNEC E/OU ASSENT DE TUBO DE FERRO FUNDIDO JUNTA ELASTICA | D16: 0045 | G16: 97150 | H16: ASSENTAMENTO DE TUBO DE FERRO FUNDIDO PARA REDE DE ÁGUA, DN 500 MM, JUNTA ELÁSTICA, INSTALADO EM LOCAL COM NÍVEL ALTO DE INTERFERÊNCIAS (NÃO INCLUI FORNECIMENTO). AF_05/2024 | I16: M | J16: COEFICIENTE DE REPRESENTATIVIDADE | K16: 26.78 | L16: CAIXA REFERENCIAL
A17: ASSENTAMENTO DE TUBOS E PECAS | B17: ASTU | C17: FORNEC E/OU ASSENT DE TUBO DE FERRO FUNDIDO JUNTA ELASTICA | D17: 0045 | G17: 97151 | H17: ASSENTAMENTO DE TUBO DE FERRO FUNDIDO PARA REDE DE ÁGUA, DN 600 MM, JUNTA ELÁSTICA, INSTALADO EM LOCAL COM NÍVEL ALTO DE INTERFERÊNCIAS (NÃO INCLUI FORNECIMENTO). AF_05/2024 | I17: M | J17: COEFICIENTE DE REPRESENTATIVIDADE | K17: 31.61 | L17: CAIXA REFERENCIAL
A18: ASSENTAMENTO DE TUBOS E PECAS | B18: ASTU | C18: FORNEC E/OU ASSENT DE TUBO DE FERRO FUNDIDO JUNTA ELASTICA | D18: 0045 | G18: 97152 | H18: ASSENTAMENTO DE TUBO DE FERRO FUNDIDO PARA REDE DE ÁGUA, DN 700 MM, JUNTA ELÁSTICA, INSTALADO EM LOCAL COM NÍVEL ALTO DE INTERFERÊNCIAS (NÃO INCLUI FORNECIMENTO). AF_05/2024 | I18: M | J18: COEFICIENTE DE REPRESENTATIVIDADE | K18: 36.21 | L18: CAIXA REFERENCIAL
... A7822: SERVICOS DIVERSOS | B7822: SEDI | C7822: OUTROS | D7822: 0318 | G7822: 101460 | H7822: VIGIA DIURNO COM ENCARGOS COMPLEMENTARES | I7822: MES | J7822: COEFICIENTE DE REPRESENTATIVIDADE | K7822: 5602.92 | L7822: ENCARGOS COMPLEMENTARES REFERENCIAL

Sheet SIURB_EDIF_SemDes_Julho24
A1: CÓDIGO | B1: DESCRIÇÃO | C1: UNIDADE | D1: CUSTO UNIT R$
A2: 1000000 | B2: SERVICOS PRELIMINARES
A3: 1001000 | B3: LIMPEZA DO TERRENO | C3: . | D3: .
A4: 1001001 | B4: LIMPEZA MECANIZADA GERAL, INCLUSIVE REMOÇÃO DA COBERTURA VEGETAL - TRONCOS COM DIÂMETRO ATÉ 10CM - SEM TRANSPORTE | C4: M2 | D4: 1.74
A5: 1001002 | B5: DESTOCAMENTO, INCLUSIVE REMOÇÃO DAS RAÍZES - DIÂMETROS DE 10,01 À 30CM | C5: UN | D5: 56.9
A6: 1001003 | B6: DESTOCAMENTO, INCLUSIVE REMOÇÃO DAS RAÍZES - DIÂMETRO 30,01 À 50 CM | C6: UN | D6: 158.17
A7: 1001004 | B7: DESTOCAMENTO, INCLUSIVE REMOÇÃO DAS RAÍZES - DIÂMETROS MAIORES QUE 50 CM | C7: UN | D7: 188.44
A8: 1001005 | B8: CARGA MECANIZADA E REMOÇÃO DE ENTULHO, INCLUSIVE TRANSPORTE ATÉ 1KM | C8: M3 | D8: 11.9
A9: 1001006 | B9: CARGA MANUAL E REMOÇÃO DE ENTULHO, INCLUSIVE TRANSPORTE ATÉ 1 KM | C9: M3 | D9: 51.66
A10: 1001007 | B10: REMOÇÃO DE ENTULHO COM CAÇAMBA METÁLICA, INCLUSIVE CARGA MANUAL E DESCARGA EM BOTA-FORA | C10: M3 | D10: 129.38
A11: 1001008 | B11: LIMPEZA MANUAL GERAL INCLUSIVE REMOÇÃO DE COBERTURA VEGETAL - TRONCO ATÉ 10CM - SEM TRANSPORTE | C11: M2 | D11: 6.03
A12: 1001009 | B12: DESTOCAMENTO MANUAL, INCLUSIVE REMOÇÃO DE RAÍZES - DIÂMETRO 10,01 À 30 CM | C12: UN | D12: 72.31
A13: 1001010 | B13: TRANSPORTE DE ENTULHO POR CAMINHÃO BASCULANTE, A PARTIR DE 1KM | C13: M3XKM | D13: 1.66
A14: 1001020 | B14: CORTE, RECORTE E REMOÇÃO DE ÁRVORES INCLUSIVE RAIZES DIÂM. > 5 E < 15CM | C14: UN | D14: 218.15
A15: 1001021 | B15: CORTE, RECORTE E REMOÇÃO DE ÁRVORES INCLUSIVE RAIZES DIÂM. > 15 E < 30CM | C15: UN | D15: 560.78
... A18: 1001024 | B18: CORTE, RECORTE E REMOÇÃO DE ÁRVORES INCLUSIVE RAIZES DIÂM. > 90CM | C18: UN | D18: 981.36
A19: 1002000 | B19: MOVIMENTO DE TERRA MANUAL | C19: . | D19: .
A20: 1002001 | B20: CORTE | C20: M3 | D20: 48.21
A21: 1002002 | B21: CORTE E ESPALHAMENTO DENTRO DA OBRA | C21: M3 | D21: 60.26
A22: 1002005 | B22: ATERRO, INCLUSIVE COMPACTAÇÃO MANUAL | C22: M3 | D22: 42.91
A23: 1002010 | B23: CARGA MECANIZADA E REMOÇÃO DE TERRA, INCLUSIVE TRANSPORTE ATÉ 1KM | C23: M3 | D23: 16.98
A24: 1002011 | B24: CARGA MANUAL E REMOÇÃO DE TERRA, INCLUSIVE TRANSPORTE ATÉ 1 KM | C24: M3 | D24: 40.44
A25: 1003000 | B25: MOVIMENTO DE TERRA MECANIZADO | C25: . | D25: .
A26: 1003001 | B26: CORTE E ESPALHAMENTO DENTRO DA OBRA | C26: M3 | D26: 17.13
A27: 1003002 | B27: CORTE E ATERRO COMPACTADO | C27: M3 | D27: 20.18
A28: 1003003 | B28: CORTE E CARREGAMENTO PARA BOTA-FORA, INCLUSIVE TRANSPORTE ATÉ 1KM | C28: M3 | D28: 27.92
A29: 1003005 | B29: FORNECIMENTO DE TERRA, INCLUSIVE CORTE, CARGA, DESCARGA E TRANSPORTE ATÉ 1KM | C29: M3 | D29: 31.72
A30: 1003006 | B30: ATERRO, INCLUSIVE COMPACTAÇÃO | C30: M3 | D30: 7.66
A31: 1003010 | B31: TRANSPORTE DE TERRA POR CAMINHÃO BASCULANTE, A PARTIR DE 1KM | C31: M3XKM | D31: 2.96
A32: 1004000 | B32: DRENAGEM DO TERRENO | C32: . | D32: .
A33: 1004001 | B33: ESCAVAÇÃO MANUAL, PROFUNDIDADE IGUAL OU INFERIOR A 1,50M | C33: M3 | D33: 76.89
A34: 1004002 | B34: ESCAVAÇÃO MANUAL, PROFUNDIDADE SUPERIOR A 1,50M | C34: M3 | D34: 84.36
A35: 1004005 | B35: ESCORAMENTO DE VALAS, CONTINUO | C35: M2 | D35: 125.52
A36: 1004006 | B36: ESCORAMENTO DE VALAS, DESCONTINUO | C36: M2 | D36: 72.37
A37: 1004010 | B37: APILOAMENTO DO FUNDO DE VALAS, PARA SIMPLES REGULARIZAÇÃO | C37: M2 | D37: 6.03
A38: 1004014 | B38: LASTRO DE AGREGADO RECICLADO | C38: M3 | D38: 137.5
A39: 1004015 | B39: LASTRO DE BRITA | C39: M3 | D39: 225.4
A40: 1004016 | B40: LASTRO DE CONCRETO, 150KG CIM/M3 | C40: M3 | D40: 526.92
A41: 1004017 | B41: LASTRO DE CONCRETO COM AGREGADO RECICLADO, 150 KG CIM/M3 | C41: M3 | D41: 456.16
A42: 1004020 | B42: TUBO DE PEAD CORRUGADO E PERFURADOPARA DRENAGEM - DIÂMETRO 2,5" (EM ACORDO COM AS NORMAS DNIT 093/06, NBR 15073 E NBR 14692) | C42: M | D42: 16.25
A43: 1004021 | B43: TUBO DE PEAD CORRUGADO E PERFURADOPARA DRENAGEM - DIÂMETRO 3,0" (EM ACORDO COM AS NORMAS DNIT 093/06, NBR 15073 E NBR 14692) | C43: M | D43: 16.98
A44: 1004022 | B44: TUBO DE PEAD CORRUGADO E PERFURADOPARA DRENAGEM - DIÂMETRO 4,0" (EM ACORDO COM AS NORMAS DNIT 093/06, NBR 15073 E NBR 14692) | C44: M | D44: 19.73
... A66: 1004080 | B66: REATERRO DE VALAS, INCLUSIVE COMPACTAÇÃO | C66: M3 | D66: 16.97
A67: 1005000 | B67: TAPUMES | C67: . | D67: .
A68: 1005001 | B68: TAPUME CHAPA COMPENSADA 6MM | C68: M2 | D68: 84.15
A69: 1005002 | B69: TAPUME CHAPA COMPENSADA RESINADA 10MM | C69: M2 | D69: 93.99
A70: 1005005 | B70: TAPUME METÁLICO COM TELHA METÁLICA, SEM PINTURA, TRAPEZOIDAL 40 ESP=0,43MM, COLUNAS, BASES E PARAFUSOS | C70: M2 | D70: 163.06
A71: 1005006 | B71: PORTÃO METÁLICO DE OBRA - 5M, PIVOTANTE, 2 FOLHAS, PARA TAPUME | C71: M2 | D71: 269.26
A72: 1005007 | B72: PORTÃO DE PEDESTRES - 1,15M, PARA TAPUME | C72: M2 | D72: 263.16
A73: 1005040 | B73: TELA PARA PROTEÇÃO DE OBRAS, MALHA 2 MM | C73: M2 | D73: 30.68
A74: 2000000 | B74: FUNDACOES
A75: 2001000 | B75: FUNDAÇÃO PROFUNDA | C75: . | D75: .
A76: 2001001 | B76: BROCA DE CONCRETO - DIÂMETRO DE 20CM | C76: M | D76: 60.69
A77: 2001002 | B77: BROCA DE CONCRETO - DIÂMETRO DE 25CM | C77: M | D77: 91.98
A78: 2001003 | B78: BROCA DE CONCRETO - DIÂMETRO DE 30CM | C78: M | D78: 136.72
A79: 2001005 | B79: ESTACA DE CONCRETO MOLDADA NO LOCAL, TIPO "STRAUSS" - ATÉ 20T | C79: M | D79: 67.36
A80: 2001006 | B80: ESTACA DE CONCRETO MOLDADA NO LOCAL, TIPO "STRAUSS" - ATÉ 30T | C80: M | D80: 87.43
A81: 2001007 | B81: ESTACA DE CONCRETO MOLDADA NO LOCAL, TIPO "STRAUSS" - ATÉ 40T | C81: M | D81: 107.36
A82: 2001008 | B82: ESTACA DE CONCRETO MOLDADA NO LOCAL, TIPO "STRAUSS" - ATÉ 60T | C82: M | D82: 136.82
A83: 2001020 | B83: TUBULÃO - ESCAVAÇÃO A CÉU ABERTO, COM PÁ E PICARETA | C83: M3 | D83: 586.82
A84: 2001034 | B84: TUBULÃO A CÉU ABERTO FCK=20 MPA | C84: M3 | D84: 808.36
A85: 2001043 | B85: EMENDA DE ESTACA DE CONCRETO PRÉ-MOLDADA - DIÂMETRO 17 CM - 20 T | C85: UN | D85: 39.01
A86: 2001044 | B86: EMENDA DE ESTACA DE CONCRETO PRÉ-MOLDADA - DIÂMETRO 20 CM - 30 T | C86: UN | D86: 42.93
A87: 2001045 | B87: EMENDA DE ESTACA DE CONCRETO PRÉ-MOLDADA - DIÂMETRO 23 CM - 40 T | C87: UN | D87: 48.22
... A120: 2001095 | B120: ESTACA ESCAVADA HÉLICE CONTÍNUA - DIÂMETRO 60CM - EXCLUSIVE MATERIAIS | C120: M | D120: 96.33
A121: 2002000 | B121: VALAS | C121: . | D121: .
A122: 2002001 | B122: ESCAVAÇÃO MANUAL COM PROFUNDIDADE IGUAL OU INFERIOR A 1,50M | C122: M3 | D122: 76.89
A123: 2002002 | B123: ESCAVAÇÃO MANUAL COM PROFUNDIDADE SUPERIOR A 1,50M | C123: M3 | D123: 84.36
A124: 2002005 | B124: ESCORAMENTO DE VALAS - CONTINUO | C124: M2 | D124: 125.53
A125: 2002006 | B125: ESCORAMENTO DE VALAS - DESCONTINUO | C125: M2 | D125: 72.37
A126: 2002010 | B126: APILOAMENTO DO FUNDO DE VALAS, PARA SIMPLES REGULARIZAÇÃO | C126: M2 | D126: 6.03
A127: 2002011 | B127: APILOAMENTO DO FUNDO DE VALAS, COM SOQUETE VIBRATÓRIO | C127: M2 | D127: 4.37
A128: 2002015 | B128: LASTRO DE BRITA | C128: M3 | D128: 225.4
A129: 2002016 | B129: LASTRO DE CONCRETO - 150KG CIM/M3 | C129: M3 | D129: 526.92
A130: 2002017 | B130: LASTRO DE CONCRETO COM AGREGADO RECICLADO - 150 KG CIM/M3 | C130: M3 | D130: 456.16
A131: 2003000 | B131: FUNDAÇÃO - FORMA | C131: . | D131: .
A132: 2003001 | B132: FORMA COMUM DE TÁBUAS DE PINUS | C132: M2 | D132: 85.05
A133: 2003004 | B133: FORMA COMUM DE TÁBUAS DE PINUS - NÃO RECUPERÁVEL | C133: M2 | D133: 106.18
A134: 2004000 | B134: FUNDAÇÃO - ARMADURA | C134: . | D134: .
A135: 2004004 | B135: ARMADURA EM AÇO CA-50 | C135: KG | D135: 10.65
A136: 2004007 | B136: ARMADURA EM AÇO CA-60 | C136: KG | D136: 10.99
A137: 2004009 | B137: ARMADURA EM AÇO CA-60 - TELA | C137: KG | D137: 10.1
A138: 2005000 | B138: FUNDAÇÃO - CONCRETO | C138: . | D138: .
A139: 2005005 | B139: CONCRETO FCK=15,0MPA - VIRADO NA OBRA | C139: M3 | D139: 600.72
A140: 2005006 | B140: CONCRETO FCK=20,0MPA - VIRADO NA OBRA | C140: M3 | D140: 617.05
A141: 2005008 | B141: CONCRETO FCK=15,0MPA - USINADO | C141: M3 | D141: 490.73
A142: 2005009 | B142: CONCRETO FCK=20,0MPA - USINADO | C142: M3 | D142: 513.31
A143: 2005010 | B143: CONCRETO FCK=25MPA - USINADO | C143: M3 | D143: 536.34
A144: 2005011 | B144: CONCRETO FCK=30MPA - USINADO | C144: M3 | D144: 560.5 | E144: x
A145: 2006000 | B145: EMBASAMENTO | C145: . | D145: .
A146: 2006001 | B146: ALVENARIA DE EMBASAMENTO - TIJOLOS MACIÇOS COMUNS | C146: M3 | D146: 1051
A147: 2006002 | B147: ALVENARIA DE EMBASAMENTO - BLOCOS VAZADO DE CONCRETO ESTRUTURAL - 14CM - 10MPA | C147: M2 | D147: 150.25
A148: 2006005 | B148: IMPERMEABILIZAÇÃO DO RESPALDO DA FUNDAÇÃO - ARGAMASSA IMPERMEÁVEL | C148: M2 | D148: 119.2
A149: 2006010 | B149: REATERRO DE VALAS, INCLUSIVE APILOAMENTO | C149: M3 | D149: 27.48
A150: 2050000 | B150: DEMOLIÇÕES | C150: . | D150: .
A151: 2050001 | B151: DEMOLIÇÃO DE ALVENARIA DE EMBASAMENTO - TIJOLOS MACIÇOS COMUNS | C151: M3 | D151: 81.18
A152: 2050003 | B152: DEMOLIÇÃO MANUAL DE CONCRETO SIMPLES | C152: M3 | D152: 265.15
A153: 2050004 | B153: DEMOLIÇÃO MANUAL DE CONCRETO ARMADO | C153: M3 | D153: 482.08
A154: 2050005 | B154: DEMOLIÇÃO MECANIZADA DE CONCRETO SIMPLES | C154: M3 | D154: 205.65
A155: 2050006 | B155: DEMOLIÇÃO MECANIZADA DE CONCRETO ARMADO | C155: M3 | D155: 411.29
...

Sheet SIURB_INFRA SemDes Jul24
A1: CÓDIGO | B1: DESCRIÇÃO | C1: UNIDADE | D1: CUSTO UNIT R$
A2: 1000000 | B2: TOPOGRAFIA - EQUIPAMENTOS E SERVIÇOS
A3: 1009000 | B3: LEVANTAMENTO PLANIMÉTRICO CADASTRAL | C3: M2 | D3: 0.65
A4: 1010000 | B4: LEVANTAMENTO PLANIALTIMÉTRICO CADASTRAL | C4: M2 | D4: 0.8
A5: 1011000 | B5: LOCAÇÃO DE EIXO DE REFERÊNCIA PARA PROJETO DE VIA PÚBLICA | C5: M | D5: 5.95
A6: 1013000 | B6: NIVELAMENTO DE SEÇÕES TRANSVERSAIS | C6: M/SEC | D6: 3.45
A7: 1014000 | B7: LEVANTAMENTO PLANIMÉTRICO DE VIA PÚBLICA E SEMI-CADASTRO DE IMÓVEIS | C7: M | D7: 5.41
A8: 1015000 | B8: NIVELAMENTO DO EIXO DE VIA PÚBLICA INCLUSIVE SOLEIRAS, GUIAS E TAMPÕES | C8: M | D8: 5.34
A9: 1016000 | B9: CADASTRO DE GALERIA EXISTENTE | C9: PV | D9: 244.37
A10: 1017000 | B10: ELEMENTOS PARA LOCAÇÃO DE OBRA DE ARTE | C10: M/ EIXO | D10: 7.29
A11: 1018000 | B11: TRANSPORTE DE COTA DE REFERÊNCIA DE NÍVEL | C11: M | D11: 2.44
A12: 1019000 | B12: NIVELAMENTO GEOMÉTRICO NO INTERIOR DA GALERIA | C12: M | D12: 9.76
A13: 1020000 | B13: CADASTRO ESPECIAL DE GALERIA MOLDADA (1:500) | C13: M | D13: 12.26
A14: 1021000 | B14: NIVELAMENTO GEOMÉTRICO DE FUNDO DO CANAL OU CÓRREGO | C14: M | D14: 8.2
... A28: 1037000 | B28: NÍVEL PRECISÃO 0,3 MM/KM, TIPO "LEICA" NA2, ACOPLADO COM GPM3 OU SIMILAR, INCLUSIVE ACESSÓRIOS | C28: H | D28: 6.04
A29: 2000000 | B29: SONDAGENS E ENSAIOS
A30: 2001000 | B30: SONDAGEM MANUAL | C30: . | D30: .
A31: 2001001 | B31: SONDAGEM A TRADO MANUAL | C31: M | D31: 93.59
A32: 2001002 | B32: SONDAGEM COM EXTRAÇÃO DE AMOSTRAS NAS CONDIÇÕES NATURAIS | C32: UN | D32: 155.15
A33: 2002000 | B33: SONDAGEM A PERCUSSÃO | C33: . | D33: .
A34: 2002002 | B34: MOBILIZAÇÃO E INSTALAÇÃO DE 1 EQUIPAMENTO | C34: UN | D34: 713.02
A35: 2002004 | B35: DESLOCAMENTO DE EQUIPAMENTO ENTRE FUROS EM TERRENO PLANO, CONSIDERANDO A DISTÂNCIA ATÉ 100M | C35: UN | D35: 98.08
A36: 2002005 | B36: DESLOCAMENTO DE EQUIPAMENTO ENTRE FUROS EM TERRENO PLANO, CONSIDERANDO A DISTÂNCIA DE 100 À 200M | C36: UN | D36: 196.17
A37: 2002006 | B37: DESLOCAMENTO DE EQUIPAMENTO ENTRE FUROS EM TERRENO PLANO, CONSIDERANDO A DISTÂNCIA ACIMA DE 200M | C37: UN | D37: 294.26
A38: 2002007 | B38: DESLOCAMENTO DE EQUIPAMENTO EM TERRENO ACIDENTADO, CONSIDERANDO A DISTÂNCIA ATÉ 50M | C38: UN | D38: 98.08
A39: 2002008 | B39: DESLOCAMENTO DE EQUIPAMENTO EM TERRENO ACIDENTADO, CONSIDERANDO A DISTÂNCIA ACIMA DE 50M | C39: UN | D39: 172.06
A40: 2002009 | B40: EXECUÇÃO DE PLATAFORMA EM TERRENO ALAGADIÇO OU ACIDENTADO | C40: UN | D40: 220.82
A41: 2002010 | B41: PERFURAÇÃO E EXECUÇÃO DE ENSAIO PENETOMÉTRICO OU DE LAVAGEM POR TEMPO | C41: M | D41: 140.1
A42: 2003000 | B42: SONDAGEM ROTATIVA | C42: . | D42: .
A43: 2003001 | B43: MOBILIZAÇÃO E INSTALAÇÃO DE 1 EQUIPAMENTO, CONSIDERANDO A DISTÂNCIA ATÉ 10KM | C43: UN | D43: 408.63
A44: 2003002 | B44: MOBILIZAÇÃO E INSTALAÇÃO DE 1 EQUIPAMENTO, CONSIDERANDO A DISTÂNCIA DE 10 À 20KM | C44: UN | D44: 651.74
A45: 2003003 | B45: MOBILIZAÇÃO E INSTALAÇÃO DE 1 EQUIPAMENTO, CONSIDERANDO A DISTÂNCIA ACIMA DE 20KM | C45: UN | D45: 894.84
A46: 2003005 | B46: DESLOCAMENTO DE EQUIPAMENTO ENTRE FUROS EM TERRENO PLANO, CONSIDERANDO A DISTÂNCIA ATÉ 100M | C46: UN | D46: 165.53
A47: 2003006 | B47: DESLOCAMENTO DE EQUIPAMENTO ENTRE FUROS EM TERRENO PLANO, CONSIDERANDO A DISTÂNCIA DE 100 À 200M | C47: UN | D47: 248.29
A48: 2003007 | B48: DESLOCAMENTO DE EQUIPAMENTO ENTRE FUROS EM TERRENO PLANO, CONSIDERANDO A DISTÂNCIA ACIMA DE 200M | C48: UN | D48: 331.06
A49: 2003008 | B49: DESLOCAMENTO DE EQUIPAMENTO ENTRE FUROS EM TERRENO ACIDENTADO, CONSIDERANDO A DISTÂNCIA ATÉ 50M | C49: UN | D49: 165.53
A50: 2003009 | B50: DESLOCAMENTO DE EQUIPAMENTO ENTRE FUROS EM TERRENO ACIDENTADO, CONSIDERANDO A DISTÂNCIA ACIMA DE 50M | C50: UN | D50: 248.29
A51: 2003010 | B51: EXECUÇÃO DE PLATAFORMA EM TERRENO ALAGADIÇO OU ACIDENTADO | C51: UN | D51: 491.17
A52: 2003011 | B52: PERFURAÇÃO EM SOLOS OU ROCHAS DECOMPOSTAS HX | C52: M | D52: 202.48
A53: 2003012 | B53: PERFURAÇÃO EM SOLOS OU ROCHAS DECOMPOSTAS NX | C53: M | D53: 201.93
A54: 2003013 | B54: PERFURAÇÃO EM SOLOS OU ROCHAS DECOMPOSTAS BX | C54: M | D54: 201.46
... A57: 2003016 | B57: PERFURAÇÃO EM ROCHA DURA OU EXTRA-DURA (GRANITOS, GNAISSES, QUARTZITOS E ROCHAS AFINS), ACRÉSCIMO DE... (EM RELAÇÃO AO PREÇO DA PERFURAÇÃO EM SOLOS OU ROCHAS DECOMPOSTAS) | C57: % | D57: 300
A58: 2004000 | B58: POÇOS DE INSPEÇÃO | C58: . | D58: .
A59: 2004001 | B59: EXECUÇÃO DE POÇO COM 1M2 DE ÁREA | C59: M | D59: 94.6
A60: 2004002 | B60: EXECUÇÃO E MATERIAL PARA ESCORAMENTO | C60: M | D60: 596.67
A61: 2004003 | B61: REATERRO DO POÇO | C61: M | D61: 9.64
A62: 2005000 | B62: ENSAIOS "IN SITU" | C62: . | D62: .
A63: 2005003 | B63: INSTALAÇÃO DE MEDIDOR DE NÍVEL D'ÁGUA | C63: M | D63: 110.58
A64: 2005004 | B64: INSTALAÇÃO DE PIEZOMETRO | C64: M | D64: 257.3
A65: 2006000 | B65: ENSAIOS DE LABORATÓRIO | C65: . | D65: .
A66: 2006001 | B66: ENSAIOS DE LABORATÓRIO - UMIDADE NATURAL | C66: ENS. | D66: 27.51
A67: 2006002 | B67: ENSAIOS DE LABORATÓRIO - LIMITE DE LIQUIDEZ | C67: ENS. | D67: 127.37
A68: 2006003 | B68: ENSAIOS DE LABORATÓRIO - PLASTICIDADE | C68: ENS. | D68: 102.39
A69: 2006004 | B69: ENSAIOS DE LABORATÓRIO - COMPACTAÇÃO | C69: ENS. | D69: 319.69
A70: 2006005 | B70: ENSAIOS DE LABORATÓRIO - GRANULOMETRIA | C70: ENS. | D70: 199.03
A71: 2006006 | B71: ENSAIOS DE LABORATÓRIO - PROCTOR SIMPLES | C71: ENS. | D71: 355.79
A72: 2006007 | B72: ENSAIOS DE LABORATÓRIO - CBR MOLDADO | C72: ENS. | D72: 298.48
A73: 2006008 | B73: ENSAIOS DE LABORATÓRIO - ENSAIO DE CBR INDEFORMADO | C73: ENS. | D73: 236.56
A74: 2006009 | B74: ENSAIOS DE LABORATÓRIO - CBR-5 PONTOS (MOLDADO) | C74: ENS. | D74: 746.95
A75: 2006010 | B75: ENSAIOS DE LABORATÓRIO - CBR-5 PONTOS (INDEFORMADO) | C75: ENS. | D75: 546.87
A76: 2006011 | B76: ENSAIOS DE LABORATÓRIO - LOS ANGELES | C76: ENS. | D76: 660.6
A77: 2006013 | B77: ENSAIOS DE LABORATÓRIO - DURABILIDADE | C77: ENS. | D77: 705.69
... A86: 2006109 | B86: ENSAIOS DE LABORATÓRIO - GRANULOMETRIA COM SEDIMENTAÇÃO | C86: UN | D86: 282.66
A87: 3000000 | B87: PROJETOS, ESTUDOS E SERVIÇOS
A88: 3001000 | B88: DIMENSIONAMENTO DE PAVIMENTO | C88: FURO | D88: 138.07
A89: 3002000 | B89: PROJETO EM PLANTA PARA PAVIMENTAÇÃO DE VIA PÚBLICA COM UMA PISTA | C89: M | D89: 1.65
A90: 3003000 | B90: PROJETO EM PERFIL DE PAVIMENTAÇÃO DE VIA PÚBLICA COM UMA PISTA | C90: M | D90: 0.79
A91: 3004000 | B91: PROJETO HIDRÁULICO DE GALERIA PLUVIAL EM TUBOS | C91: M | D91: 5.44
A92: 3005000 | B92: PROJETO HIDRÁULICO DE GALERIA PLUVIAL MOLDADA EXCLUINDO O PROJETO ESTRUTURAL | C92: M | D92: 11.61
A93: 3006000 | B93: PROJETO HIDRÁULICO DE REFORÇO DE GALERIA EXISTENTE, EM TUBOS | C93: M | D93: 4.88
A94: 3007000 | B94: ESTUDO HIDROLÓGICO DE VIA PÚBLICA INTEGRANTE DE PROGRAMA DE PAVIMENTAÇÃO, QUE VIER A DISPENSAR GALERIA OU EXIGÍ-LA MOLDADA | C94: M | D94: 3.85
A95: 3008000 | B95: ESTUDO HIDROLÓGICO DE VIA PÚBLICA INTEGRANTE DE PROGRAMA DE PAVIMENTAÇÃO E PROJETO HIDRÁULICO, SE NECESSÁRIA GALERIA EM TUBOS | C95: M | D95: 5.64
A96: 3009000 | B96: ESTUDO HIDROLÓGICO DE ÁREA ARRUADA | C96: KM2 | D96: 2439.4
A97: 3010000 | B97: ESTUDO HIDROLÓGICO DE ÁREA NÃO ARRUADA | C97: KM2 | D97: 1071.03
A98: 3011000 | B98: ESTUDO HIDRÁULICO DE VIA SITUADA EM ÁREA, OBJETO DE ESTUDO HIDROLÓGICO | C98: M | D98: 3.18
A99: 3012000 | B99: ESTUDO HIDROLÓGICO E VERIFICAÇÃO DA SUFICIÊNCIA DE GALERIA EXISTENTE, EM TUBOS | C99: M | D99: 4.65
... A101: 3014000 | B101: TRANSCRIÇÃO E ADAPTAÇÃO DE SISTEMAS DE DRENAGEM PROJETADOS EM VIAS PÚBLICAS | C101: M | D101: 1.35
A102: 3015000 | B102: CÁLCULO ESTRUTURAL DE CONCRETO ARMADO PARA PONTES, VIADUTOS, MUROS DE ARRIMO E OBRAS CONGÊNERES - PERCENTAGEM A SER APLICADA AO ORÇAMENTO DA PARTE ESTRUTURAL DA OBRA, USANDO OS PREÇOS UNITÁRIOS DA TABELA DE SIURB | C102: . | D102: .
A103: 3015001 | B103: CÁLCULO ESTRUTURAL DE CONCRETO ARMADO PARA PONTES, VIADUTOS, MUROS DE ARRIMO E OBRAS CONGÊNERES - PERCENTAGEM A SER APLICADA AO ORÇAMENTO DA PARTE ESTRUTURAL DA OBRA, USANDO OS PREÇOS UNITÁRIOS DA TABELA DE SMSO - ATÉ 50M3 | C103: % | D103: 6.75
A104: 3015002 | B104: CÁLCULO ESTRUTURAL DE CONCRETO ARMADO PARA PONTES, VIADUTOS, MUROS DE ARRIMO E OBRAS CONGÊNERES - PERCENTAGEM A SER APLICADA AO ORÇAMENTO DA PARTE ESTRUTURAL DA OBRA, USANDO OS PREÇOS UNITÁRIOS DA TABELA DE SMSO - ATÉ 100M3 | C104: % | D104: 6.12
A105: 3015003 | B105: CÁLCULO ESTRUTURAL DE CONCRETO ARMADO PARA PONTES, VIADUTOS, MUROS DE ARRIMO E OBRAS CONGÊNERES - PERCENTAGEM A SER APLICADA AO ORÇAMENTO DA PARTE ESTRUTURAL DA OBRA, USANDO OS PREÇOS UNITÁRIOS DA TABELA DE SMSO - ATÉ 200M3 | C105: % | D105: 5.76
A106: 3015004 | B106: CÁLCULO ESTRUTURAL DE CONCRETO ARMADO PARA PONTES, VIADUTOS, MUROS DE ARRIMO E OBRAS CONGÊNERES - PERCENTAGEM A SER APLICADA AO ORÇAMENTO DA PARTE ESTRUTURAL DA OBRA, USANDO OS PREÇOS UNITÁRIOS DA TABELA DE SMSO - ATÉ 500M3 | C106: % | D106: 5.49
A107: 3015005 | B107: CÁLCULO ESTRUTURAL DE CONCRETO ARMADO PARA PONTES, VIADUTOS, MUROS DE ARRIMO E OBRAS CONGÊNERES - PERCENTAGEM A SER APLICADA AO ORÇAMENTO DA PARTE ESTRUTURAL DA OBRA, USANDO OS PREÇOS UNITÁRIOS DA TABELA DE SMSO - ATÉ 1.000M3 | C107: % | D107: 4.95
A108: 3015006 | B108: CÁLCULO ESTRUTURAL DE CONCRETO ARMADO PARA PONTES, VIADUTOS, MUROS DE ARRIMO E OBRAS CONGÊNERES - PERCENTAGEM A SER APLICADA AO ORÇAMENTO DA PARTE ESTRUTURAL DA OBRA, USANDO OS PREÇOS UNITÁRIOS DA TABELA DE SMSO - ATÉ 2.000M3 | C108: % | D108: 4.5
A109: 3015007 | B109: CÁLCULO ESTRUTURAL DE CONCRETO ARMADO PARA PONTES, VIADUTOS, MUROS DE ARRIMO E OBRAS CONGÊNERES - PERCENTAGEM A SER APLICADA AO ORÇAMENTO DA PARTE ESTRUTURAL DA OBRA, USANDO OS PREÇOS UNITÁRIOS DA TABELA DE SMSO - ATÉ 5.000M3 | C109: % | D109: 4.41
A110: 3015008 | B110: CÁLCULO ESTRUTURAL DE CONCRETO ARMADO PARA PONTES, VIADUTOS, MUROS DE ARRIMO E OBRAS CONGÊNERES - PERCENTAGEM A SER APLICADA AO ORÇAMENTO DA PARTE ESTRUTURAL DA OBRA, USANDO OS PREÇOS UNITÁRIOS DA TABELA DE SMSO - ATÉ 10.000M3 | C110: % | D110: 4.32
A111: 3015009 | B111: CÁLCULO ESTRUTURAL DE CONCRETO ARMADO PARA PONTES, VIADUTOS, MUROS DE ARRIMO E OBRAS CONGÊNERES - PERCENTAGEM A SER APLICADA AO ORÇAMENTO DA PARTE ESTRUTURAL DA OBRA, USANDO OS PREÇOS UNITÁRIOS DA TABELA DE SMSO - ACIMA DE 10.000M3 | C111: % | D111: 4.23
A112: 3016000 | B112: PROJETO ESTRUTURAL DE CONCRETO ARMADO PARA GALERIA MOLDADA, EM MÓDULOS DE 10M DE EXTENSÃO, PODENDO AS FUNDAÇÕES SEREM DIRETAS, SOBRE ESTACAS OU AMBAS AS SOLUÇÕES, APLICA-SE OS PERCENTUAIS DO ITEM 3.15 PARA MÓDULO; PARA REPETIÇÃO DE MÓDULOS ADOTA-SE: | C112: . | D112: .
A113: 3016001 | B113: PROJETO ESTRUTURAL DE CONCRETO ARMADO PARA GALERIA MOLDADA, EM MÓDULOS DE 10M DE EXTENSÃO, PODENDO AS FUNDAÇÕES SEREM DIRETAS, SOBRE ESTACAS OU AMBAS AS SOLUÇÕES, APLICA-SE OS PERCENTUAIS DO ITEM 3.15 PARA MÓDULO; PARA REPETIÇÃO DE MÓDULOS ADOTA-SE 1 A 5 REPETIÇÕES | C113: % | D113: 25N
A114: 3016002 | B114: PROJETO ESTRUTURAL DE CONCRETO ARMADO PARA GALERIA MOLDADA, EM MÓDULOS DE 10M DE EXTENSÃO, PODENDO AS FUNDAÇÕES SEREM DIRETAS, SOBRE ESTACAS OU AMBAS AS SOLUÇÕES, APLICA-SE OS PERCENTUAIS DO ITEM 3.15 PARA MÓDULO; PARA REPETIÇÃO DE MÓDULOS ADOTA-SE 6 A 10 REPETIÇÕES | C114: % | D114: 25+20N
A115: 3016003 | B115: PROJETO ESTRUTURAL DE CONCRETO ARMADO PARA GALERIA MOLDADA, EM MÓDULOS DE 10M DE EXTENSÃO, PODENDO AS FUNDAÇÕES SEREM DIRETAS, SOBRE ESTACAS OU AMBAS AS SOLUÇÕES, APLICA-SE OS PERCENTUAIS DO ITEM 3.15 PARA MÓDULO; PARA REPETIÇÃO DE MÓDULOS ADOTA-SE 11 A 20 REPETIÇÕES | C115: % | D115: 75+15N
A116: 3016004 | B116: PROJETO ESTRUTURAL DE CONCRETO ARMADO PARA GALERIA MOLDADA, EM MÓDULOS DE 10M DE EXTENSÃO, PODENDO AS FUNDAÇÕES SEREM DIRETAS, SOBRE ESTACAS OU AMBAS AS SOLUÇÕES, APLICA-SE OS PERCENTUAIS DO ITEM 3.15 PARA MÓDULO; PARA REPETIÇÃO DE MÓDULOS ADOTA-SE 21 A 40 REPETIÇÕES | C116: % | D116: 175+10N
A117: 3016005 | B117: PROJETO ESTRUTURAL DE CONCRETO ARMADO PARA GALERIA MOLDADA, EM MÓDULOS DE 10M DE EXTENSÃO, PODENDO AS FUNDAÇÕES SEREM DIRETAS, SOBRE ESTACAS OU AMBAS AS SOLUÇÕES, APLICA-SE OS PERCENTUAIS DO ITEM 3.15 PARA MÓDULO; PARA REPETIÇÃO DE MÓDULOS ADOTA-SE 41 EM DIANTE | C117: % | D117: 375+5N
A118: 3018000 | B118: VISTORIA TÉCNICA DE VIAS DE PROGRAMA DE PAVIMENTAÇÃO | C118: M/VIA | D118: 4.32
A119: 3019000 | B119: PLANILHA DE QUANTIDADE DE SERVIÇOS DE VIAS DO PROGRAMA DE PAVIMENTAÇÃO | C119: M/VIA | D119: 3.05
A120: 3020000 | B120: CÓPIA XEROX EM TAMANHO OFÍCIO, UMA FACE, PRETO E BRANCO | C120: UN | D120: 1.51
A121: 3020001 | B121: CÓPIA XEROX TAMANHO OFÍCIO UMA FACE COLORIDA | C121: UN | D121: 2.47
A122: 3020002 | B122: CÓPIA XEROX TAMANHO A3 UMA FACE-PRETO E BRANCO | C122: UN | D122: 1.34
A123: 3020003 | B123: CÓPIA XEROX TAMANHO A3 UMA FACE COLORIDA | C123: UN | D123: 5.42
A124: 3020004 | B124: CÓPIA XEROX PRETO E BRANCO | C124: M2 | D124: 15.55
...

Sheet Mobra Mensalista Sem Des Jul24
C1: CUSTO HORÁRIO R$
A2: CÓDIGO | B2: DESCRIÇÃO | C2: SEM ENCARGOS | D2: COM ENCARGOS
A3: 1003 | B3: AJUDANTE | C3: 12.17 | D3: 24.18
A4: 1037 | B4: ELETROTÉCNICO MONTADOR (SGSP) | C4: 26.69 | D4: 53.03
A5: 1110 | B5: ENGENHEIRO CIVIL/ ARQUITETO CONSULTOR - 20 ANOS DE EXPERIÊNCIA (SGSP) | C5: 237.89 | D5: 472.73
A6: 1113 | B6: FISCAL DE OBRAS (SGSP) | C6: 27.04 | D6: 53.73
A7: 1114 | B7: PROJETISTA - SEM CURSO SUPERIOR, COM MAIS DE 5 ANOS DE EXPERIÊNCIA (SGSP) | C7: 73.1 | D7: 145.26
A8: 1115 | B8: ENGENHEIRO CIVIL/ ARQUITETO COORDENADOR SETORIAL - 20 ANOS EXPERIÊNCIA (SGSP) | C8: 237.89 | D8: 472.73
A9: 1120 | B9: ENGENHEIRO CIVIL/ ARQUITETO COORDENADOR GERAL - MAIS DE 20 ANOS EXPERIÊNCIA (SGSP) | C9: 237.89 | D9: 472.73
A10: 1124 | B10: ENGENHEIRO/ ARQUITETO SÊNIOR - MAIS DE 15 ANOS DE EXPERIÊNCIA (SGSP) | C10: 146.91 | D10: 291.93
A11: 1125 | B11: ENGENHEIRO/ ARQUITETO PLENO - DE 5 A 15 ANOS DE EXPERIÊNCIA (SGSP) | C11: 89.94 | D11: 178.72
A12: 1128 | B12: ENGENHEIRO/ ARQUITETO JÚNIOR - ATÉ 5 ANOS DE EXPERIÊNCIA (SGSP) | C12: 66.73 | D12: 132.6
A13: 1131 | B13: TÉCNICO - NÍVEL MÉDIO (FORMAÇÃO EM EDIFICAÇÕES OU CONSTRUÇÃO CIVIL) (SGSP) | C13: 35.46 | D13: 70.46
A14: 1134 | B14: AJUDANTE OU AUXILIAR DE TOPOGRAFIA (SGSP) | C14: 13.76 | D14: 27.34
... A53: 1207 | B53: ARQUEÓLOGO SÊNIOR | C53: 63.08 | D53: 125.35

Sheet CDHU
B1: COMPANHIA DE DESENVOLVIMENTO HABITACIONAL E URBANO
A2: DO ESTADO DE SÃO PAULO
A3: BOLETIM REFERENCIAL DE CUSTOS - TABELA DE SERVIÇOS
A4: SEM DESONERAÇÃO
F5: Versão 195
E6: Data Base: | F6: AGO/24
C7: BDI : | D7: 0 | E7: L.S.: | F7: 1.2823
A8: Referência | B8: Descrição | C8: Un | D8: Material | E8: Mão de Obra | F8: Custo Total
A9: 01 | B9: SERVICO TECNICO ESPECIALIZADO | G9: 2
A10: 01.02 | B10: Parecer técnico | G10: 5
A11: 01.02.071 | B11: Parecer técnico de fundações, contenções e recomendações gerais, para empreendimentos com área construída até 1.000 m² | C11: UN | E11: 6797.2 | F11: 6797.2 | G11: 9
A12: 01.02.081 | B12: Parecer técnico de fundações, contenções e recomendações gerais, para empreendimentos com área construída de 1.001 a 2.000 m² | C12: UN | E12: 9038.95 | F12: 9038.95 | G12: 9
A13: 01.02.091 | B13: Parecer técnico de fundações, contenções e recomendações gerais, para empreendimentos com área construída de 2.001 a 5.000 m² | C13: UN | E13: 15440.54 | F13: 15440.54 | G13: 9
A14: 01.02.101 | B14: Parecer técnico de fundações, contenções e recomendações gerais, para empreendimentos com área construída de 5.001 a 10.000 m² | C14: UN | E14: 21170.81 | F14: 21170.81 | G14: 9
A15: 01.02.111 | B15: Parecer técnico de fundações, contenções e recomendações gerais, para empreendimentos com área construída acima de 10.000 m² | C15: UN | E15: 24671.3 | F15: 24671.3 | G15: 9
A16: 01.06 | B16: Projeto de instalações elétricas | G16: 5
A17: 01.06.021 | B17: Elaboração de projeto de adequação de entrada de energia elétrica junto a concessionária, com medição em baixa tensão e demanda até 75 kVA | C17: UN | E17: 8682.2 | F17: 8682.2 | G17: 9
A18: 01.06.031 | B18: Elaboração de projeto de adequação de entrada de energia elétrica junto a concessionária, com medição em média tensão, subestação simplificada e demanda de 75 kVA a 300 kVA | C18: UN | E18: 14706.14 | F18: 14706.14 | G18: 9
A19: 01.06.032 | B19: Elaboração de projeto de adequação de entrada de energia elétrica junto a concessionária, com medição em média tensão e demanda de 75 kVA a 300 kVA | C19: UN | E19: 19900 | F19: 19900 | G19: 9
A20: 01.06.041 | B20: Elaboração de projeto de adequação de entrada de energia elétrica junto a concessionária, com medição em média tensão e demanda acima de 300 kVA a 2 MVA | C20: UN | E20: 26469.2 | F20: 26469.2 | G20: 9
A21: 01.17 | B21: Projeto executivo | G21: 5
A22: 01.17.031 | B22: Projeto executivo de arquitetura em formato A1 | C22: UN | E22: 3419.6 | F22: 3419.6 | G22: 9
A23: 01.17.041 | B23: Projeto executivo de arquitetura em formato A0 | C23: UN | E23: 4622.97 | F23: 4622.97 | G23: 9
A24: 01.17.051 | B24: Projeto executivo de estrutura em formato A1 | C24: UN | E24: 2507.91 | F24: 2507.91 | G24: 9
A25: 01.17.061 | B25: Projeto executivo de estrutura em formato A0 | C25: UN | E25: 3431.33 | F25: 3431.33 | G25: 9
A26: 01.17.071 | B26: Projeto executivo de instalações hidráulicas em formato A1 | C26: UN | E26: 1076.66 | F26: 1076.66 | G26: 9
A27: 01.17.081 | B27: Projeto executivo de instalações hidráulicas em formato A0 | C27: UN | E27: 1433.17 | F27: 1433.17 | G27: 9
A28: 01.17.111 | B28: Projeto executivo de instalações elétricas em formato A1 | C28: UN | E28: 1195.58 | F28: 1195.58 | G28: 9
A29: 01.17.121 | B29: Projeto executivo de instalações elétricas em formato A0 | C29: UN | E29: 1657.76 | F29: 1657.76 | G29: 9
